Workbook

Sheet Cover
G6: NextEra Energy, Inc. (NYSE: NEE)
G7: Research Report Financial Analysis and Valuation of NextEra Energy
G12: Financial Analysis - NextEra Energy, Inc.
C20: Data Source: PitchBook Financial Data
C21: Prepared: March 28th, 2026

Sheet PitchBook_IS
C3: Income Statement (Fiscal Year)
C4: Downloaded On: 19-Mar-2026 | D4: Summary Stats
C5: Company: NextEra Energy (NYS: NEE) | D5: Median | E5: Mean | F5: Min | G5: Max | H5: 25th pctile | I5: 75th pctile | J5: Std. Dev | K5: Coefficient of Variation | M5: FY 2025 | N5: FY 2024 | O5: FY 2023 | P5: FY 2022 | Q5: FY 2021 | R5: FY 2020 | S5: FY 2019 | T5: FY 2018 | U5: FY 2017 | V5: FY 2016 | W5: FY 2015 | X5: FY 2014 | Y5: FY 2013 | Z5: FY 2012 | AA5: FY 2011 | AB5: FY 2010 | AC5: FY 2009 | AD5: FY 2008 | AE5: FY 2007 | AF5: FY 2006 | AG5: FY 2005 | AH5: FY 2004 | AI5: FY 2003 | AJ5: FY 2002 | AK5: FY 2001 | AL5: FY 2000 | AM5: FY 1999 | AN5: FY 1998 | AO5: FY 1997 | AP5: FY 1996 | AQ5: FY 1995 | AR5: FY 1994 | AS5: FY 1993 | AT5: FY 1992 | AU5: FY 1991 | AV5: FY 1990 | AW5: FY 1989 | AX5: FY 1988 | AY5: FY 1987 | AZ5: FY 1986 | BA5: FY 1985 | BB5: FY 1984 | BC5: FY 1983 | BD5: FY 1982 | BE5: FY 1981 | BF5: FY 1980 | BG5: FY 1979
C7: Amounts in Thousands, USD (except Ratios, Multiples & per share items)
M9: Filed: 13-Feb-2026 | N9: Filed: 13-Feb-2026 | O9: Filed: 13-Feb-2026 | P9: Filed: 14-Feb-2025 | Q9: Filed: 16-Feb-2024 | R9: Filed: 18-Feb-2022 | S9: Filed: 18-Feb-2022 | T9: Filed: 12-Feb-2021 | U9: Filed: 14-Feb-2020 | V9: Filed: 15-Feb-2019 | W9: Filed: 23-Feb-2017 | X9: Filed: 23-Feb-2017 | Y9: Filed: 22-Feb-2016 | Z9: Filed: 31-Dec-2012 | AA9: Filed: 31-Dec-2011 | AB9: Filed: 31-Dec-2010 | AC9: Filed: 31-Dec-2009 | AD9: Filed: 31-Dec-2008 | AE9: Filed: 31-Dec-2007 | AF9: Filed: 31-Dec-2006 | AG9: Filed: 31-Dec-2005 | AH9: Filed: 31-Dec-2004 | AI9: Filed: 31-Dec-2003 | AJ9: Filed: 31-Dec-2002 | AK9: Filed: 31-Dec-2001 | AL9: Filed: 31-Dec-2000 | AM9: Filed: 31-Dec-1999 | AN9: Filed: 31-Dec-1998 | AO9: Filed: 31-Dec-1997 | AP9: Filed: 31-Dec-1996 | AQ9: Filed: 31-Dec-1995 | AR9: Filed: 31-Dec-1994 | AS9: Filed: 31-Dec-1993 | AT9: Filed: 31-Dec-1992 | AU9: Filed: 31-Dec-1991 | AV9: Filed: 31-Dec-1990 | AW9: Filed: 31-Dec-1989 | AX9: Filed: 31-Dec-1988 | AY9: Filed: 31-Dec-1987 | AZ9: Filed: 31-Dec-1986 | BA9: Filed: 31-Dec-1985 | BB9: Filed: 31-Dec-1984 | BC9: Filed: 31-Dec-1983 | BD9: Filed: 31-Dec-1982 | BE9: Filed: 31-Dec-1981 | BF9: Filed: 31-Dec-1980 | BG9: Filed: 31-Dec-1979
M10: View 10-K | N10: View 10-K | O10: View 10-K | P10: View 10-K | Q10: View 10-K | R10: View 10-K | S10: View 10-K | T10: View 10-K | U10: View 10-K | V10: View 10-K | W10: View 10-K | X10: View 10-K | Y10: View 10-K | Z10: View 10-K | AA10: View 10-K | AB10: View 10-K | AC10: View 10-K | AD10: View 10-K
C11: Gross Profit | D11: =IF(COUNT(L11:BG11)>0,MEDIAN(L11:BG11),"") | E11: =IF(COUNT(L11:BG11)>0,AVERAGE(L11:BG11),"") | F11: =IF(COUNT(L11:BG11)>0,MIN(L11:BG11),"") | G11: =IF(COUNT(L11:BG11)>0,MAX(L11:BG11),"") | H11: =IF(COUNT(L11:BG11)>0,QUARTILE(L11:BG11,1),"") | I11: =IF(COUNT(L11:BG11)>0,QUARTILE(L11:BG11,3),"") | J11: =IF(COUNT(L11:BG11)>1,STDEV(L11:BG11),"") | K11: =IF(COUNT(L11:BG11)>1,STDEV(L11:BG11)/AVERAGE(L11:BG11),"")
C12: Revenue | D12: =IF(COUNT(L12:BG12)>0,MEDIAN(L12:BG12),"") | E12: =IF(COUNT(L12:BG12)>0,AVERAGE(L12:BG12),"") | F12: =IF(COUNT(L12:BG12)>0,MIN(L12:BG12),"") | G12: =IF(COUNT(L12:BG12)>0,MAX(L12:BG12),"") | H12: =IF(COUNT(L12:BG12)>0,QUARTILE(L12:BG12,1),"") | I12: =IF(COUNT(L12:BG12)>0,QUARTILE(L12:BG12,3),"") | J12: =IF(COUNT(L12:BG12)>1,STDEV(L12:BG12),"") | K12: =IF(COUNT(L12:BG12)>1,STDEV(L12:BG12)/AVERAGE(L12:BG12),"")
C13: Business Revenue | D13: =IF(COUNT(L13:BG13)>0,MEDIAN(L13:BG13),"") -> 8217000 | E13: =IF(COUNT(L13:BG13)>0,AVERAGE(L13:BG13),"") -> 11057032 | F13: =IF(COUNT(L13:BG13)>0,MIN(L13:BG13),"") -> 1933900 | G13: =IF(COUNT(L13:BG13)>0,MAX(L13:BG13),"") -> 28114000 | H13: =IF(COUNT(L13:BG13)>0,QUARTILE(L13:BG13,1),"") -> 5369500 | I13: =IF(COUNT(L13:BG13)>0,QUARTILE(L13:BG13,3),"") -> 16274000 | J13: =IF(COUNT(L13:BG13)>1,STDEV(L13:BG13),"") -> 6938177.6 | K13: =IF(COUNT(L13:BG13)>1,STDEV(L13:BG13)/AVERAGE(L13:BG13),"") -> 0.62749006 | M13: 27412000 | N13: 24753000 | O13: 28114000 | P13: 20956000 | Q13: 17069000 | R13: 17997000 | S13: 19204000 | T13: 16727000 | U13: 17173000 | V13: 16138000 | W13: 17486000 | X13: 17021000 | Y13: 15136000 | Z13: 14256000 | AA13: 15341000 | AB13: 15317000 | AC13: 15643000 | AD13: 16410000 | AE13: 15263000 | AF13: 15710000 | AG13: 11846000 | AH13: 10522000 | AI13: 9630000 | AJ13: 8173000 | AK13: 8217000 | AL13: 7082000 | AM13: 6438000 | AN13: 6661000 | AO13: 6369000 | AP13: 6037000 | AQ13: 5592000 | AR13: 5422700 | AS13: 5316300 | AT13: 5193300 | AU13: 5249400 | AV13: 6289000 | AW13: 6179800 | AX13: 5853500 | AY13: 4439200 | AZ13: 4091500 | BA13: 4348800 | BB13: 3940900 | BC13: 3352500 | BD13: 2940800 | BE13: 3088600 | BF13: 2347300 | BG13: 1933900
C14: Total Revenue | D14: =IF(COUNT(L14:BG14)>0,MEDIAN(L14:BG14),"") -> 8217000 | E14: =IF(COUNT(L14:BG14)>0,AVERAGE(L14:BG14),"") -> 11057032 | F14: =IF(COUNT(L14:BG14)>0,MIN(L14:BG14),"") -> 1933900 | G14: =IF(COUNT(L14:BG14)>0,MAX(L14:BG14),"") -> 28114000 | H14: =IF(COUNT(L14:BG14)>0,QUARTILE(L14:BG14,1),"") -> 5369500 | I14: =IF(COUNT(L14:BG14)>0,QUARTILE(L14:BG14,3),"") -> 16274000 | J14: =IF(COUNT(L14:BG14)>1,STDEV(L14:BG14),"") -> 6938177.6 | K14: =IF(COUNT(L14:BG14)>1,STDEV(L14:BG14)/AVERAGE(L14:BG14),"") -> 0.62749006 | M14: 27412000 | N14: 24753000 | O14: 28114000 | P14: 20956000 | Q14: 17069000 | R14: 17997000 | S14: 19204000 | T14: 16727000 | U14: 17173000 | V14: 16138000 | W14: 17486000 | X14: 17021000 | Y14: 15136000 | Z14: 14256000 | AA14: 15341000 | AB14: 15317000 | AC14: 15643000 | AD14: 16410000 | AE14: 15263000 | AF14: 15710000 | AG14: 11846000 | AH14: 10522000 | AI14: 9630000 | AJ14: 8173000 | AK14: 8217000 | AL14: 7082000 | AM14: 6438000 | AN14: 6661000 | AO14: 6369000 | AP14: 6037000 | AQ14: 5592000 | AR14: 5422700 | AS14: 5316300 | AT14: 5193300 | AU14: 5249400 | AV14: 6289000 | AW14: 6179800 | AX14: 5853500 | AY14: 4439200 | AZ14: 4091500 | BA14: 4348800 | BB14: 3940900 | BC14: 3352500 | BD14: 2940800 | BE14: 3088600 | BF14: 2347300 | BG14: 1933900
C15: Cost of Revenue | D15: =IF(COUNT(L15:BG15)>0,MEDIAN(L15:BG15),"") | E15: =IF(COUNT(L15:BG15)>0,AVERAGE(L15:BG15),"") | F15: =IF(COUNT(L15:BG15)>0,MIN(L15:BG15),"") | G15: =IF(COUNT(L15:BG15)>0,MAX(L15:BG15),"") | H15: =IF(COUNT(L15:BG15)>0,QUARTILE(L15:BG15,1),"") | I15: =IF(COUNT(L15:BG15)>0,QUARTILE(L15:BG15,3),"") | J15: =IF(COUNT(L15:BG15)>1,STDEV(L15:BG15),"") | K15: =IF(COUNT(L15:BG15)>1,STDEV(L15:BG15)/AVERAGE(L15:BG15),"")
C16: Purchased Fuel, Power and Gas | D16: =IF(COUNT(L16:BG16)>0,MEDIAN(L16:BG16),"") -> 4993500 | E16: =IF(COUNT(L16:BG16)>0,AVERAGE(L16:BG16),"") -> 4971812.5 | F16: =IF(COUNT(L16:BG16)>0,MIN(L16:BG16),"") -> 3539000 | G16: =IF(COUNT(L16:BG16)>0,MAX(L16:BG16),"") -> 6389000 | H16: =IF(COUNT(L16:BG16)>0,QUARTILE(L16:BG16,1),"") -> 4290000 | I16: =IF(COUNT(L16:BG16)>0,QUARTILE(L16:BG16,3),"") -> 5493250 | J16: =IF(COUNT(L16:BG16)>1,STDEV(L16:BG16),"") -> 893913.51 | K16: =IF(COUNT(L16:BG16)>1,STDEV(L16:BG16)/AVERAGE(L16:BG16),"") -> 0.1797963 | M16: 4944000 | N16: 5029000 | O16: 5457000 | P16: 6389000 | Q16: 4527000 | R16: 3539000 | S16: 4363000 | T16: 3732000 | U16: 4071000 | V16: 3992000 | W16: 5327000 | X16: 5602000 | Y16: 4958000 | Z16: 5121000 | AA16: 6256000 | AB16: 6242000
C17: Operation Maintenance and Repairs | D17: =IF(COUNT(L17:BG17)>0,MEDIAN(L17:BG17),"") -> 3493500 | E17: =IF(COUNT(L17:BG17)>0,AVERAGE(L17:BG17),"") -> 3731250 | F17: =IF(COUNT(L17:BG17)>0,MIN(L17:BG17),"") -> 2877000 | G17: =IF(COUNT(L17:BG17)>0,MAX(L17:BG17),"") -> 5399000 | H17: =IF(COUNT(L17:BG17)>0,QUARTILE(L17:BG17,1),"") -> 3184250 | I17: =IF(COUNT(L17:BG17)>0,QUARTILE(L17:BG17,3),"") -> 4092750 | J17: =IF(COUNT(L17:BG17)>1,STDEV(L17:BG17),"") -> 740215.87 | K17: =IF(COUNT(L17:BG17)>1,STDEV(L17:BG17)/AVERAGE(L17:BG17),"") -> 0.19838281 | M17: 5399000 | N17: 4857000 | O17: 4681000 | P17: 4428000 | Q17: 3981000 | R17: 3751000 | S17: 3640000 | T17: 3330000 | U17: 3458000 | V17: 3529000 | W17: 3269000 | X17: 3149000 | Y17: 3194000 | Z17: 3155000 | AA17: 3002000 | AB17: 2877000
C18: Total Cost of Revenue | D18: =IF(COUNT(L18:BG18)>0,MEDIAN(L18:BG18),"") -> 7525000 | E18: =IF(COUNT(L18:BG18)>0,AVERAGE(L18:BG18),"") -> 6586353.1 | F18: =IF(COUNT(L18:BG18)>0,MIN(L18:BG18),"") -> 1715300 | G18: =IF(COUNT(L18:BG18)>0,MAX(L18:BG18),"") -> 10817000 | H18: =IF(COUNT(L18:BG18)>0,QUARTILE(L18:BG18,1),"") -> 3713250 | I18: =IF(COUNT(L18:BG18)>0,QUARTILE(L18:BG18,3),"") -> 8634750 | J18: =IF(COUNT(L18:BG18)>1,STDEV(L18:BG18),"") -> 2913874.9 | K18: =IF(COUNT(L18:BG18)>1,STDEV(L18:BG18)/AVERAGE(L18:BG18),"") -> 0.44241098 | M18: 10343000 | N18: 9886000 | O18: 10138000 | P18: 10817000 | Q18: 8508000 | R18: 7290000 | S18: 8003000 | T18: 7062000 | U18: 7529000 | V18: 7521000 | W18: 8596000 | X18: 8751000 | Y18: 8152000 | Z18: 8276000 | AA18: 9258000 | AB18: 9119000 | AC18: 7405000 | AD18: 8412000 | AE18: 8192000 | AF18: 8943000 | AG18: 6171000 | AH18: 5217000 | AI18: 4539000 | AJ18: 3576000 | AK18: 3759000 | AL18: 2868000 | AM18: 2365000 | AN18: 2244000 | AO18: 2255000 | AP18: 2131000 | AQ18: 1722000 | AR18: 1715300
C19: Total Gross Profit | D19: =IF(COUNT(L19:BG19)>0,MEDIAN(L19:BG19),"") -> 6875500 | E19: =IF(COUNT(L19:BG19)>0,AVERAGE(L19:BG19),"") -> 7636012.5 | F19: =IF(COUNT(L19:BG19)>0,MIN(L19:BG19),"") -> 3707400 | G19: =IF(COUNT(L19:BG19)>0,MAX(L19:BG19),"") -> 17976000 | H19: =IF(COUNT(L19:BG19)>0,QUARTILE(L19:BG19,1),"") -> 4562250 | I19: =IF(COUNT(L19:BG19)>0,QUARTILE(L19:BG19,3),"") -> 9078500 | J19: =IF(COUNT(L19:BG19)>1,STDEV(L19:BG19),"") -> 3696285.8 | K19: =IF(COUNT(L19:BG19)>1,STDEV(L19:BG19)/AVERAGE(L19:BG19),"") -> 0.48405968 | M19: 17069000 | N19: 14867000 | O19: 17976000 | P19: 10139000 | Q19: 8561000 | R19: 10707000 | S19: 11201000 | T19: 9665000 | U19: 9644000 | V19: 8617000 | W19: 8890000 | X19: 8270000 | Y19: 6984000 | Z19: 5980000 | AA19: 6083000 | AB19: 6198000 | AC19: 8238000 | AD19: 7998000 | AE19: 7071000 | AF19: 6767000 | AG19: 5675000 | AH19: 5305000 | AI19: 5091000 | AJ19: 4597000 | AK19: 4458000 | AL19: 4214000 | AM19: 4073000 | AN19: 4417000 | AO19: 4114000 | AP19: 3906000 | AQ19: 3870000 | AR19: 3707400
C20: Operating (Income)/Expenses | D20: =IF(COUNT(L20:BG20)>0,MEDIAN(L20:BG20),"") | E20: =IF(COUNT(L20:BG20)>0,AVERAGE(L20:BG20),"") | F20: =IF(COUNT(L20:BG20)>0,MIN(L20:BG20),"") | G20: =IF(COUNT(L20:BG20)>0,MAX(L20:BG20),"") | H20: =IF(COUNT(L20:BG20)>0,QUARTILE(L20:BG20,1),"") | I20: =IF(COUNT(L20:BG20)>0,QUARTILE(L20:BG20,3),"") | J20: =IF(COUNT(L20:BG20)>1,STDEV(L20:BG20),"") | K20: =IF(COUNT(L20:BG20)>1,STDEV(L20:BG20)/AVERAGE(L20:BG20),"")
C21: Depreciation, Amortization and Depletion | D21: =IF(COUNT(L21:BG21)>0,MEDIAN(L21:BG21),"") | E21: =IF(COUNT(L21:BG21)>0,AVERAGE(L21:BG21),"") | F21: =IF(COUNT(L21:BG21)>0,MIN(L21:BG21),"") | G21: =IF(COUNT(L21:BG21)>0,MAX(L21:BG21),"") | H21: =IF(COUNT(L21:BG21)>0,QUARTILE(L21:BG21,1),"") | I21: =IF(COUNT(L21:BG21)>0,QUARTILE(L21:BG21,3),"") | J21: =IF(COUNT(L21:BG21)>1,STDEV(L21:BG21),"") | K21: =IF(COUNT(L21:BG21)>1,STDEV(L21:BG21)/AVERAGE(L21:BG21),"")
C22: Depreciation and Amortization | D22: =IF(COUNT(L22:BG22)>0,MEDIAN(L22:BG22),"") -> 2975500 | E22: =IF(COUNT(L22:BG22)>0,AVERAGE(L22:BG22),"") -> 3312722.2 | F22: =IF(COUNT(L22:BG22)>0,MIN(L22:BG22),"") -> 1442000 | G22: =IF(COUNT(L22:BG22)>0,MAX(L22:BG22),"") -> 6580000 | H22: =IF(COUNT(L22:BG22)>0,QUARTILE(L22:BG22,1),"") -> 1881750 | I22: =IF(COUNT(L22:BG22)>0,QUARTILE(L22:BG22,3),"") -> 4175000 | J22: =IF(COUNT(L22:BG22)>1,STDEV(L22:BG22),"") -> 1589749.6 | K22: =IF(COUNT(L22:BG22)>1,STDEV(L22:BG22)/AVERAGE(L22:BG22),"") -> 0.47989221 | M22: 6580000 | N22: 5462000 | O22: 5879000 | P22: 4503000 | Q22: 3924000 | R22: 4052000 | S22: 4216000 | T22: 3911000 | U22: 2357000 | V22: 3120000 | W22: 2831000 | X22: 2551000 | Y22: 2163000 | Z22: 1518000 | AA22: 1567000 | AB22: 1788000 | AC22: 1765000 | AD22: 1442000
C23: Total Depreciation, Amortization and Depletion | D23: =IF(COUNT(L23:BG23)>0,MEDIAN(L23:BG23),"") -> 1542500 | E23: =IF(COUNT(L23:BG23)>0,AVERAGE(L23:BG23),"") -> 2343653.1 | F23: =IF(COUNT(L23:BG23)>0,MIN(L23:BG23),"") -> 723900 | G23: =IF(COUNT(L23:BG23)>0,MAX(L23:BG23),"") -> 6580000 | H23: =IF(COUNT(L23:BG23)>0,QUARTILE(L23:BG23,1),"") -> 1094000 | I23: =IF(COUNT(L23:BG23)>0,QUARTILE(L23:BG23,3),"") -> 3317750 | J23: =IF(COUNT(L23:BG23)>1,STDEV(L23:BG23),"") -> 1627492.2 | K23: =IF(COUNT(L23:BG23)>1,STDEV(L23:BG23)/AVERAGE(L23:BG23),"") -> 0.69442538 | M23: 6580000 | N23: 5462000 | O23: 5879000 | P23: 4503000 | Q23: 3924000 | R23: 4052000 | S23: 4216000 | T23: 3911000 | U23: 2357000 | V23: 3120000 | W23: 2831000 | X23: 2551000 | Y23: 2163000 | Z23: 1518000 | AA23: 1567000 | AB23: 1788000 | AC23: 1765000 | AD23: 1442000 | AE23: 1335000 | AF23: 1336000 | AG23: 1440000 | AH23: 1198000 | AI23: 1105000 | AJ23: 952000 | AK23: 983000 | AL23: 1032000 | AM23: 1040000 | AN23: 1284000 | AO23: 1061000 | AP23: 960000 | AQ23: 918000 | AR23: 723900
C24: Taxes Other Than Income Taxes | D24: =IF(COUNT(L24:BG24)>0,MEDIAN(L24:BG24),"") -> 1195000 | E24: =IF(COUNT(L24:BG24)>0,AVERAGE(L24:BG24),"") -> 1225281.2 | F24: =IF(COUNT(L24:BG24)>0,MIN(L24:BG24),"") -> 531000 | G24: =IF(COUNT(L24:BG24)>0,MAX(L24:BG24),"") -> 2469000 | H24: =IF(COUNT(L24:BG24)>0,QUARTILE(L24:BG24,1),"") -> 718250 | I24: =IF(COUNT(L24:BG24)>0,QUARTILE(L24:BG24,3),"") -> 1479000 | J24: =IF(COUNT(L24:BG24)>1,STDEV(L24:BG24),"") -> 549858.18 | K24: =IF(COUNT(L24:BG24)>1,STDEV(L24:BG24)/AVERAGE(L24:BG24),"") -> 0.44876079 | M24: 2469000 | N24: 2278000 | O24: 2265000 | P24: 2077000 | Q24: 1801000 | R24: 1709000 | S24: 1804000 | T24: 1551000 | U24: 1455000 | V24: 1343000 | W24: 1397000 | X24: 1362000 | Y24: 1280000 | Z24: 1186000 | AA24: 1204000 | AB24: 1164000 | AC24: 1230000 | AD24: 1204000 | AE24: 1135000 | AF24: 1132000 | AG24: 931000 | AH24: 882000 | AI24: 829000 | AJ24: 721000 | AK24: 710000 | AL24: 618000 | AM24: 615000 | AN24: 597000 | AO24: 594000 | AP24: 586000 | AQ24: 549000 | AR24: 531000
C25: Other (Income)/Expense, Operating | D25: =IF(COUNT(L25:BG25)>0,MEDIAN(L25:BG25),"") -> 1490500 | E25: =IF(COUNT(L25:BG25)>0,AVERAGE(L25:BG25),"") -> 1672312.5 | F25: =IF(COUNT(L25:BG25)>0,MIN(L25:BG25),"") -> 1189000 | G25: =IF(COUNT(L25:BG25)>0,MAX(L25:BG25),"") -> 2649000 | H25: =IF(COUNT(L25:BG25)>0,QUARTILE(L25:BG25,1),"") -> 1273250 | I25: =IF(COUNT(L25:BG25)>0,QUARTILE(L25:BG25,3),"") -> 1911000 | J25: =IF(COUNT(L25:BG25)>1,STDEV(L25:BG25),"") -> 500302.94 | K25: =IF(COUNT(L25:BG25)>1,STDEV(L25:BG25)/AVERAGE(L25:BG25),"") -> 0.29916833 | AC25: 2649000 | AD25: 2527000 | AE25: 2318000 | AF25: 2202000 | AG25: 1814000 | AH25: 1740000 | AI25: 1626000 | AJ25: 1747000 | AK25: 1355000 | AL25: 1324000 | AM25: 1241000 | AN25: 1284000 | AO25: 1231000 | AP25: 1189000 | AQ25: 1206000 | AR25: 1304000
C26: Total Operating (Income)/Expenses | D26: =IF(COUNT(L26:BG26)>0,MEDIAN(L26:BG26),"") -> 3866500 | E26: =IF(COUNT(L26:BG26)>0,AVERAGE(L26:BG26),"") -> 4405090.6 | F26: =IF(COUNT(L26:BG26)>0,MIN(L26:BG26),"") -> 2558900 | G26: =IF(COUNT(L26:BG26)>0,MAX(L26:BG26),"") -> 9049000 | H26: =IF(COUNT(L26:BG26)>0,QUARTILE(L26:BG26,1),"") -> 2968500 | I26: =IF(COUNT(L26:BG26)>0,QUARTILE(L26:BG26,3),"") -> 5507500 | J26: =IF(COUNT(L26:BG26)>1,STDEV(L26:BG26),"") -> 1718584.6 | K26: =IF(COUNT(L26:BG26)>1,STDEV(L26:BG26)/AVERAGE(L26:BG26),"") -> 0.39013605 | M26: 9049000 | N26: 7740000 | O26: 8144000 | P26: 6580000 | Q26: 5725000 | R26: 5761000 | S26: 6020000 | T26: 5462000 | U26: 3812000 | V26: 4463000 | W26: 4228000 | X26: 3913000 | Y26: 3443000 | Z26: 2704000 | AA26: 2771000 | AB26: 2952000 | AC26: 5644000 | AD26: 5173000 | AE26: 4788000 | AF26: 4670000 | AG26: 4185000 | AH26: 3820000 | AI26: 3560000 | AJ26: 3420000 | AK26: 3048000 | AL26: 2974000 | AM26: 2896000 | AN26: 3165000 | AO26: 2886000 | AP26: 2735000 | AQ26: 2673000 | AR26: 2558900
C27: Total Operating Profit/(Loss) | D27: =IF(COUNT(L27:BG27)>0,MEDIAN(L27:BG27),"") -> 3312000 | E27: =IF(COUNT(L27:BG27)>0,AVERAGE(L27:BG27),"") -> 3573495.7 | F27: =IF(COUNT(L27:BG27)>0,MIN(L27:BG27),"") -> 1148500 | G27: =IF(COUNT(L27:BG27)>0,MAX(L27:BG27),"") -> 9832000 | H27: =IF(COUNT(L27:BG27)>0,QUARTILE(L27:BG27,1),"") -> 1732450 | I27: =IF(COUNT(L27:BG27)>0,QUARTILE(L27:BG27,3),"") -> 4804000 | J27: =IF(COUNT(L27:BG27)>1,STDEV(L27:BG27),"") -> 2016160.4 | K27: =IF(COUNT(L27:BG27)>1,STDEV(L27:BG27)/AVERAGE(L27:BG27),"") -> 0.56419835 | M27: 8020000 | N27: 7127000 | O27: 9832000 | P27: 3559000 | Q27: 2836000 | R27: 4946000 | S27: 5181000 | T27: 4203000 | U27: 5832000 | V27: 4154000 | W27: 4662000 | X27: 4357000 | Y27: 3541000 | Z27: 3276000 | AA27: 3312000 | AB27: 3246000 | AC27: 2594000 | AD27: 2825000 | AE27: 2283000 | AF27: 2097000 | AG27: 1490000 | AH27: 1485000 | AI27: 1531000 | AJ27: 1177000 | AK27: 1410000 | AL27: 1240000 | AM27: 1177000 | AN27: 1252000 | AO27: 1228000 | AP27: 1171000 | AQ27: 1197000 | AR27: 1148500 | AS27: 5316300 | AT27: 5193300 | AU27: 5249400 | AV27: 6289000 | AW27: 6179800 | AX27: 5853500 | AY27: 4439200 | AZ27: 4091500 | BA27: 4348800 | BB27: 3940900 | BC27: 3352500 | BD27: 2940800 | BE27: 3088600 | BF27: 2347300 | BG27: 1933900
C28: Non-Operating Income/(Expenses) | D28: =IF(COUNT(L28:BG28)>0,MEDIAN(L28:BG28),"") | E28: =IF(COUNT(L28:BG28)>0,AVERAGE(L28:BG28),"") | F28: =IF(COUNT(L28:BG28)>0,MIN(L28:BG28),"") | G28: =IF(COUNT(L28:BG28)>0,MAX(L28:BG28),"") | H28: =IF(COUNT(L28:BG28)>0,QUARTILE(L28:BG28,1),"") | I28: =IF(COUNT(L28:BG28)>0,QUARTILE(L28:BG28,3),"") | J28: =IF(COUNT(L28:BG28)>1,STDEV(L28:BG28),"") | K28: =IF(COUNT(L28:BG28)>1,STDEV(L28:BG28)/AVERAGE(L28:BG28),"")
C29: Net Finance (Income)/Expense | D29: =IF(COUNT(L29:BG29)>0,MEDIAN(L29:BG29),"") | E29: =IF(COUNT(L29:BG29)>0,AVERAGE(L29:BG29),"") | F29: =IF(COUNT(L29:BG29)>0,MIN(L29:BG29),"") | G29: =IF(COUNT(L29:BG29)>0,MAX(L29:BG29),"") | H29: =IF(COUNT(L29:BG29)>0,QUARTILE(L29:BG29,1),"") | I29: =IF(COUNT(L29:BG29)>0,QUARTILE(L29:BG29,3),"") | J29: =IF(COUNT(L29:BG29)>1,STDEV(L29:BG29),"") | K29: =IF(COUNT(L29:BG29)>1,STDEV(L29:BG29)/AVERAGE(L29:BG29),"")
C30: Net Interest (Income)/Expense | D30: =IF(COUNT(L30:BG30)>0,MEDIAN(L30:BG30),"") | E30: =IF(COUNT(L30:BG30)>0,AVERAGE(L30:BG30),"") | F30: =IF(COUNT(L30:BG30)>0,MIN(L30:BG30),"") | G30: =IF(COUNT(L30:BG30)>0,MAX(L30:BG30),"") | H30: =IF(COUNT(L30:BG30)>0,QUARTILE(L30:BG30,1),"") | I30: =IF(COUNT(L30:BG30)>0,QUARTILE(L30:BG30,3),"") | J30: =IF(COUNT(L30:BG30)>1,STDEV(L30:BG30),"") | K30: =IF(COUNT(L30:BG30)>1,STDEV(L30:BG30)/AVERAGE(L30:BG30),"")
C31: Interest Expense Net of Capitalized Interest | D31: =IF(COUNT(L31:BG31)>0,MEDIAN(L31:BG31),"") -> 1236000 | E31: =IF(COUNT(L31:BG31)>0,AVERAGE(L31:BG31),"") -> 1591444.4 | F31: =IF(COUNT(L31:BG31)>0,MIN(L31:BG31),"") -> 585000 | G31: =IF(COUNT(L31:BG31)>0,MAX(L31:BG31),"") -> 4572000 | H31: =IF(COUNT(L31:BG31)>0,QUARTILE(L31:BG31,1),"") -> 1035750 | I31: =IF(COUNT(L31:BG31)>0,QUARTILE(L31:BG31,3),"") -> 1852000 | J31: =IF(COUNT(L31:BG31)>1,STDEV(L31:BG31),"") -> 995685.65 | K31: =IF(COUNT(L31:BG31)>1,STDEV(L31:BG31)/AVERAGE(L31:BG31),"") -> 0.62564901 | M31: 4572000 | N31: 2235000 | O31: 3324000 | P31: 585000 | Q31: 1270000 | R31: 1950000 | S31: 2249000 | T31: 1498000 | U31: 1558000 | V31: 1098000 | W31: 1211000 | X31: 1261000 | Y31: 1121000 | Z31: 1038000 | AA31: 1035000 | AB31: 979000 | AC31: 849000 | AD31: 813000
C32: Interest Income | D32: =IF(COUNT(L32:BG32)>0,MEDIAN(L32:BG32),"") -> 80000 | E32: =IF(COUNT(L32:BG32)>0,AVERAGE(L32:BG32),"") -> 78545.455 | F32: =IF(COUNT(L32:BG32)>0,MIN(L32:BG32),"") -> 51000 | G32: =IF(COUNT(L32:BG32)>0,MAX(L32:BG32),"") -> 91000 | H32: =IF(COUNT(L32:BG32)>0,QUARTILE(L32:BG32,1),"") -> 78000 | I32: =IF(COUNT(L32:BG32)>0,QUARTILE(L32:BG32,3),"") -> 84000 | J32: =IF(COUNT(L32:BG32)>1,STDEV(L32:BG32),"") -> 10434.209 | K32: =IF(COUNT(L32:BG32)>1,STDEV(L32:BG32)/AVERAGE(L32:BG32),"") -> 0.13284294 | T32: 51000 | U32: 81000 | V32: 82000 | W32: 86000 | X32: 80000 | Y32: 78000 | Z32: 86000 | AA32: 79000 | AB32: 91000 | AC32: 78000 | AD32: 72000
C33: Total Net Interest (Income)/Expense | D33: =IF(COUNT(L33:BG33)>0,MEDIAN(L33:BG33),"") -> 1153000 | E33: =IF(COUNT(L33:BG33)>0,AVERAGE(L33:BG33),"") -> 1543444.4 | F33: =IF(COUNT(L33:BG33)>0,MIN(L33:BG33),"") -> 585000 | G33: =IF(COUNT(L33:BG33)>0,MAX(L33:BG33),"") -> 4572000 | H33: =IF(COUNT(L33:BG33)>0,QUARTILE(L33:BG33,1),"") -> 953000 | I33: =IF(COUNT(L33:BG33)>0,QUARTILE(L33:BG33,3),"") -> 1831750 | J33: =IF(COUNT(L33:BG33)>1,STDEV(L33:BG33),"") -> 1020126.1 | K33: =IF(COUNT(L33:BG33)>1,STDEV(L33:BG33)/AVERAGE(L33:BG33),"") -> 0.66094123 | M33: 4572000 | N33: 2235000 | O33: 3324000 | P33: 585000 | Q33: 1270000 | R33: 1950000 | S33: 2249000 | T33: 1447000 | U33: 1477000 | V33: 1016000 | W33: 1125000 | X33: 1181000 | Y33: 1043000 | Z33: 952000 | AA33: 956000 | AB33: 888000 | AC33: 771000 | AD33: 741000
C34: Total Net Finance (Income)/Expense | D34: =IF(COUNT(L34:BG34)>0,MEDIAN(L34:BG34),"") -> 1153000 | E34: =IF(COUNT(L34:BG34)>0,AVERAGE(L34:BG34),"") -> 1543444.4 | F34: =IF(COUNT(L34:BG34)>0,MIN(L34:BG34),"") -> 585000 | G34: =IF(COUNT(L34:BG34)>0,MAX(L34:BG34),"") -> 4572000 | H34: =IF(COUNT(L34:BG34)>0,QUARTILE(L34:BG34,1),"") -> 953000 | I34: =IF(COUNT(L34:BG34)>0,QUARTILE(L34:BG34,3),"") -> 1831750 | J34: =IF(COUNT(L34:BG34)>1,STDEV(L34:BG34),"") -> 1020126.1 | K34: =IF(COUNT(L34:BG34)>1,STDEV(L34:BG34)/AVERAGE(L34:BG34),"") -> 0.66094123 | M34: 4572000 | N34: 2235000 | O34: 3324000 | P34: 585000 | Q34: 1270000 | R34: 1950000 | S34: 2249000 | T34: 1447000 | U34: 1477000 | V34: 1016000 | W34: 1125000 | X34: 1181000 | Y34: 1043000 | Z34: 952000 | AA34: 956000 | AB34: 888000 | AC34: 771000 | AD34: 741000
C35: Net Investment Income | D35: =IF(COUNT(L35:BG35)>0,MEDIAN(L35:BG35),"") | E35: =IF(COUNT(L35:BG35)>0,AVERAGE(L35:BG35),"") | F35: =IF(COUNT(L35:BG35)>0,MIN(L35:BG35),"") | G35: =IF(COUNT(L35:BG35)>0,MAX(L35:BG35),"") | H35: =IF(COUNT(L35:BG35)>0,QUARTILE(L35:BG35,1),"") | I35: =IF(COUNT(L35:BG35)>0,QUARTILE(L35:BG35,3),"") | J35: =IF(COUNT(L35:BG35)>1,STDEV(L35:BG35),"") | K35: =IF(COUNT(L35:BG35)>1,STDEV(L35:BG35)/AVERAGE(L35:BG35),"")
C36: Gain/(Loss) on Investments and Other Financial Instruments | D36: =IF(COUNT(L36:BG36)>0,MEDIAN(L36:BG36),"") -> 97500 | E36: =IF(COUNT(L36:BG36)>0,AVERAGE(L36:BG36),"") -> 98333.333 | F36: =IF(COUNT(L36:BG36)>0,MIN(L36:BG36),"") -> 40000 | G36: =IF(COUNT(L36:BG36)>0,MAX(L36:BG36),"") -> 179000 | H36: =IF(COUNT(L36:BG36)>0,QUARTILE(L36:BG36,1),"") -> 66250 | I36: =IF(COUNT(L36:BG36)>0,QUARTILE(L36:BG36,3),"") -> 115250 | J36: =IF(COUNT(L36:BG36)>1,STDEV(L36:BG36),"") -> 43292.522 | K36: =IF(COUNT(L36:BG36)>1,STDEV(L36:BG36)/AVERAGE(L36:BG36),"") -> 0.44026293 | M36: 179000 | N36: 163000 | O36: 125000 | P36: 80000 | Q36: 70000 | R36: 50000 | S36: 55000 | T36: 111000 | U36: 112000 | V36: 40000 | W36: 90000 | X36: 105000
C37: Fair Value or Unrealized Gain/(Loss) on Financial Assets | D37: =IF(COUNT(L37:BG37)>0,MEDIAN(L37:BG37),"") -> 107000 | E37: =IF(COUNT(L37:BG37)>0,AVERAGE(L37:BG37),"") -> 39100 | F37: =IF(COUNT(L37:BG37)>0,MIN(L37:BG37),"") -> -461000 | G37: =IF(COUNT(L37:BG37)>0,MAX(L37:BG37),"") -> 267000 | H37: =IF(COUNT(L37:BG37)>0,QUARTILE(L37:BG37,1),"") -> 0 | I37: =IF(COUNT(L37:BG37)>0,QUARTILE(L37:BG37,3),"") -> 162000 | J37: =IF(COUNT(L37:BG37)>1,STDEV(L37:BG37),"") -> 220008.81 | K37: =IF(COUNT(L37:BG37)>1,STDEV(L37:BG37)/AVERAGE(L37:BG37),"") -> 5.6268239 | M37: 107000 | N37: 107000 | O37: 159000 | P37: -461000 | Q37: 267000 | R37: 163000 | S37: 238000 | T37: -189000 | U37: 0 | V37: 0
C38: Income from Associates, Joint Ventures and Other Participating Interests | D38: =IF(COUNT(L38:BG38)>0,MEDIAN(L38:BG38),"") -> 62000 | E38: =IF(COUNT(L38:BG38)>0,AVERAGE(L38:BG38),"") -> -19500 | F38: =IF(COUNT(L38:BG38)>0,MIN(L38:BG38),"") -> -1351000 | G38: =IF(COUNT(L38:BG38)>0,MAX(L38:BG38),"") -> 666000 | H38: =IF(COUNT(L38:BG38)>0,QUARTILE(L38:BG38,1),"") -> 16000 | I38: =IF(COUNT(L38:BG38)>0,QUARTILE(L38:BG38,3),"") -> 132500 | J38: =IF(COUNT(L38:BG38)>1,STDEV(L38:BG38),"") -> 422202.66 | K38: =IF(COUNT(L38:BG38)>1,STDEV(L38:BG38)/AVERAGE(L38:BG38),"") -> -21.651419 | M38: -184000 | N38: -246000 | O38: -648000 | P38: 203000 | Q38: 666000 | R38: -1351000 | S38: 66000 | T38: 358000 | U38: 141000 | V38: 148000 | W38: 107000 | X38: 93000 | Y38: 25000 | Z38: 13000 | AA38: 55000 | AB38: 58000 | AC38: 52000 | AD38: 93000
C39: Other Investment Income | D39: =IF(COUNT(L39:BG39)>0,MEDIAN(L39:BG39),"") -> 0 | E39: =IF(COUNT(L39:BG39)>0,AVERAGE(L39:BG39),"") -> -11500 | F39: =IF(COUNT(L39:BG39)>0,MIN(L39:BG39),"") -> -67000 | G39: =IF(COUNT(L39:BG39)>0,MAX(L39:BG39),"") -> 21000 | H39: =IF(COUNT(L39:BG39)>0,QUARTILE(L39:BG39,1),"") -> -16750 | I39: =IF(COUNT(L39:BG39)>0,QUARTILE(L39:BG39,3),"") -> 5250 | J39: =IF(COUNT(L39:BG39)>1,STDEV(L39:BG39),"") -> 38301.436 | K39: =IF(COUNT(L39:BG39)>1,STDEV(L39:BG39)/AVERAGE(L39:BG39),"") -> -3.3305597 | W39: 0 | X39: 21000 | Y39: -67000 | Z39: 0
C40: Total Net Investment Income | D40: =IF(COUNT(L40:BG40)>0,MEDIAN(L40:BG40),"") -> 75500 | E40: =IF(COUNT(L40:BG40)>0,AVERAGE(L40:BG40),"") -> 65222.222 | F40: =IF(COUNT(L40:BG40)>0,MIN(L40:BG40),"") -> -1138000 | G40: =IF(COUNT(L40:BG40)>0,MAX(L40:BG40),"") -> 1003000 | H40: =IF(COUNT(L40:BG40)>0,QUARTILE(L40:BG40,1),"") -> 15750 | I40: =IF(COUNT(L40:BG40)>0,QUARTILE(L40:BG40,3),"") -> 213500 | J40: =IF(COUNT(L40:BG40)>1,STDEV(L40:BG40),"") -> 406760.6 | K40: =IF(COUNT(L40:BG40)>1,STDEV(L40:BG40)/AVERAGE(L40:BG40),"") -> 6.2365339 | M40: 102000 | N40: 24000 | O40: -364000 | P40: -178000 | Q40: 1003000 | R40: -1138000 | S40: 359000 | T40: 280000 | U40: 253000 | V40: 188000 | W40: 197000 | X40: 219000 | Y40: -42000 | Z40: 13000 | AA40: 55000 | AB40: 58000 | AC40: 52000 | AD40: 93000
C41: Irregular (Income)/Expenses | D41: =IF(COUNT(L41:BG41)>0,MEDIAN(L41:BG41),"") | E41: =IF(COUNT(L41:BG41)>0,AVERAGE(L41:BG41),"") | F41: =IF(COUNT(L41:BG41)>0,MIN(L41:BG41),"") | G41: =IF(COUNT(L41:BG41)>0,MAX(L41:BG41),"") | H41: =IF(COUNT(L41:BG41)>0,QUARTILE(L41:BG41,1),"") | I41: =IF(COUNT(L41:BG41)>0,QUARTILE(L41:BG41,3),"") | J41: =IF(COUNT(L41:BG41)>1,STDEV(L41:BG41),"") | K41: =IF(COUNT(L41:BG41)>1,STDEV(L41:BG41)/AVERAGE(L41:BG41),"")
C42: (Gain)/Loss on Disposal of Businesses | D42: =IF(COUNT(L42:BG42)>0,MEDIAN(L42:BG42),"") -> -379000 | E42: =IF(COUNT(L42:BG42)>0,AVERAGE(L42:BG42),"") -> -663583.33 | F42: =IF(COUNT(L42:BG42)>0,MIN(L42:BG42),"") -> -4007000 | G42: =IF(COUNT(L42:BG42)>0,MAX(L42:BG42),"") -> 4000 | H42: =IF(COUNT(L42:BG42)>0,QUARTILE(L42:BG42,1),"") -> -465750 | I42: =IF(COUNT(L42:BG42)>0,QUARTILE(L42:BG42,3),"") -> -214250 | J42: =IF(COUNT(L42:BG42)>1,STDEV(L42:BG42),"") -> 1092544.9 | K42: =IF(COUNT(L42:BG42)>1,STDEV(L42:BG42)/AVERAGE(L42:BG42),"") -> -1.646432 | M42: -260000 | N42: -352000 | O42: -405000 | P42: -522000 | Q42: -77000 | R42: -353000 | S42: -406000 | T42: -4007000 | U42: -1111000 | V42: -447000 | W42: 4000 | X42: -27000
C43: (Gain)/Loss on Asset Disposals | D43: =IF(COUNT(L43:BG43)>0,MEDIAN(L43:BG43),"") -> -60500 | E43: =IF(COUNT(L43:BG43)>0,AVERAGE(L43:BG43),"") -> -53000 | F43: =IF(COUNT(L43:BG43)>0,MIN(L43:BG43),"") -> -157000 | G43: =IF(COUNT(L43:BG43)>0,MAX(L43:BG43),"") -> 66000 | H43: =IF(COUNT(L43:BG43)>0,QUARTILE(L43:BG43,1),"") -> -89500 | I43: =IF(COUNT(L43:BG43)>0,QUARTILE(L43:BG43,3),"") -> -24000 | J43: =IF(COUNT(L43:BG43)>1,STDEV(L43:BG43),"") -> 91604.221 | K43: =IF(COUNT(L43:BG43)>1,STDEV(L43:BG43)/AVERAGE(L43:BG43),"") -> -1.7283815 | Y43: -54000 | Z43: -157000 | AA43: 66000 | AB43: -67000
C44: Impairment/Write Off/Write Down of Capital Assets | D44: =IF(COUNT(L44:BG44)>0,MEDIAN(L44:BG44),"") -> 148000 | E44: =IF(COUNT(L44:BG44)>0,AVERAGE(L44:BG44),"") -> 148000 | F44: =IF(COUNT(L44:BG44)>0,MIN(L44:BG44),"") -> 148000 | G44: =IF(COUNT(L44:BG44)>0,MAX(L44:BG44),"") -> 148000 | H44: =IF(COUNT(L44:BG44)>0,QUARTILE(L44:BG44,1),"") -> 148000 | I44: =IF(COUNT(L44:BG44)>0,QUARTILE(L44:BG44,3),"") -> 148000 | J44: =IF(COUNT(L44:BG44)>1,STDEV(L44:BG44),"") | K44: =IF(COUNT(L44:BG44)>1,STDEV(L44:BG44)/AVERAGE(L44:BG44),"") | AD44: 148000
C45: Impairment/Write Off/Write Down of Other Assets | D45: =IF(COUNT(L45:BG45)>0,MEDIAN(L45:BG45),"") -> 37500 | E45: =IF(COUNT(L45:BG45)>0,AVERAGE(L45:BG45),"") -> 119375 | F45: =IF(COUNT(L45:BG45)>0,MIN(L45:BG45),"") -> 7000 | G45: =IF(COUNT(L45:BG45)>0,MAX(L45:BG45),"") -> 446000 | H45: =IF(COUNT(L45:BG45)>0,QUARTILE(L45:BG45,1),"") -> 15250 | I45: =IF(COUNT(L45:BG45)>0,QUARTILE(L45:BG45,3),"") -> 143000 | J45: =IF(COUNT(L45:BG45)>1,STDEV(L45:BG45),"") -> 165832.05 | K45: =IF(COUNT(L45:BG45)>1,STDEV(L45:BG45)/AVERAGE(L45:BG45),"") -> 1.389169 | U45: 446000 | V45: 7000 | W45: 40000 | X45: 13000 | Y45: 311000 | Z45: 16000 | AA45: 87000 | AB45: 35000
C46: Merger and Acquisition (Income)/Expense | D46: =IF(COUNT(L46:BG46)>0,MEDIAN(L46:BG46),"") -> 0 | E46: =IF(COUNT(L46:BG46)>0,AVERAGE(L46:BG46),"") -> 8200 | F46: =IF(COUNT(L46:BG46)>0,MIN(L46:BG46),"") -> -54000 | G46: =IF(COUNT(L46:BG46)>0,MAX(L46:BG46),"") -> 69000 | H46: =IF(COUNT(L46:BG46)>0,QUARTILE(L46:BG46,1),"") -> 0 | I46: =IF(COUNT(L46:BG46)>0,QUARTILE(L46:BG46,3),"") -> 26000 | J46: =IF(COUNT(L46:BG46)>1,STDEV(L46:BG46),"") -> 44768.292 | K46: =IF(COUNT(L46:BG46)>1,STDEV(L46:BG46)/AVERAGE(L46:BG46),"") -> 5.4595478 | U46: 69000 | V46: -54000 | W46: 26000 | X46: 0 | Y46: 0
C47: Other Irregular Income/(Expenses) | D47: =IF(COUNT(L47:BG47)>0,MEDIAN(L47:BG47),"") -> -86000 | E47: =IF(COUNT(L47:BG47)>0,AVERAGE(L47:BG47),"") -> -94176.471 | F47: =IF(COUNT(L47:BG47)>0,MIN(L47:BG47),"") -> -198000 | G47: =IF(COUNT(L47:BG47)>0,MAX(L47:BG47),"") -> -37000 | H47: =IF(COUNT(L47:BG47)>0,QUARTILE(L47:BG47,1),"") -> -112000 | I47: =IF(COUNT(L47:BG47)>0,QUARTILE(L47:BG47,3),"") -> -63000 | J47: =IF(COUNT(L47:BG47)>1,STDEV(L47:BG47),"") -> 49528.067 | K47: =IF(COUNT(L47:BG47)>1,STDEV(L47:BG47)/AVERAGE(L47:BG47),"") -> -0.52590702 | M47: -181000 | N47: -198000 | O47: -161000 | P47: -112000 | Q47: -142000 | R47: -93000 | S47: -67000 | T47: -96000 | U47: -92000 | V47: -86000 | W47: -70000 | X47: -37000 | Y47: -63000 | Z47: -67000 | AA47: -39000 | AB47: -37000 | AD47: -60000
C48: Total Irregular (Income)/Expenses | D48: =IF(COUNT(L48:BG48)>0,MEDIAN(L48:BG48),"") -> -90000 | E48: =IF(COUNT(L48:BG48)>0,AVERAGE(L48:BG48),"") -> -305909.38 | F48: =IF(COUNT(L48:BG48)>0,MIN(L48:BG48),"") -> -4103000 | G48: =IF(COUNT(L48:BG48)>0,MAX(L48:BG48),"") -> 194000 | H48: =IF(COUNT(L48:BG48)>0,QUARTILE(L48:BG48,1),"") -> -442250 | I48: =IF(COUNT(L48:BG48)>0,QUARTILE(L48:BG48,3),"") -> -34075 | J48: =IF(COUNT(L48:BG48)>1,STDEV(L48:BG48),"") -> 731634.29 | K48: =IF(COUNT(L48:BG48)>1,STDEV(L48:BG48)/AVERAGE(L48:BG48),"") -> -2.39167 | M48: -441000 | N48: -550000 | O48: -566000 | P48: -634000 | Q48: -219000 | R48: -446000 | S48: -473000 | T48: -4103000 | U48: -688000 | V48: -580000 | W48: 0 | X48: -51000 | Y48: 194000 | Z48: -208000 | AA48: 114000 | AB48: -69000 | AC48: -67000 | AD48: 88000 | AE48: -47000 | AF48: -213000 | AG48: -199000 | AH48: -110000 | AI48: -90000 | AJ48: -88000 | AK48: -90000 | AL48: -93000 | AM48: -80000 | AN48: -28000 | AO48: -4000 | AP48: 7000 | AQ48: -19000 | AR48: -36100
C49: Other Income/(Expense), Non-Operating | D49: =IF(COUNT(L49:BG49)>0,MEDIAN(L49:BG49),"") -> 206000 | E49: =IF(COUNT(L49:BG49)>0,AVERAGE(L49:BG49),"") -> 223375 | F49: =IF(COUNT(L49:BG49)>0,MIN(L49:BG49),"") -> -633000 | G49: =IF(COUNT(L49:BG49)>0,MAX(L49:BG49),"") -> 578000 | H49: =IF(COUNT(L49:BG49)>0,QUARTILE(L49:BG49,1),"") -> 99750 | I49: =IF(COUNT(L49:BG49)>0,QUARTILE(L49:BG49,3),"") -> 419500 | J49: =IF(COUNT(L49:BG49)>1,STDEV(L49:BG49),"") -> 296534.4 | K49: =IF(COUNT(L49:BG49)>1,STDEV(L49:BG49)/AVERAGE(L49:BG49),"") -> 1.3275183 | M49: 539000 | N49: 571000 | O49: 578000 | P49: 402000 | Q49: 387000 | R49: 109000 | S49: 72000 | T49: 213000 | U49: -633000 | V49: 472000 | W49: 256000 | X49: 199000 | Y49: 192000 | Z49: 58000 | AA49: 155000 | AB49: 4000
C50: Total Non-Operating Income/(Expenses), Total | D50: =IF(COUNT(L50:BG50)>0,MEDIAN(L50:BG50),"") -> 11500 | E50: =IF(COUNT(L50:BG50)>0,AVERAGE(L50:BG50),"") -> -413903.12 | F50: =IF(COUNT(L50:BG50)>0,MIN(L50:BG50),"") -> -3490000 | G50: =IF(COUNT(L50:BG50)>0,MAX(L50:BG50),"") -> 3149000 | H50: =IF(COUNT(L50:BG50)>0,QUARTILE(L50:BG50,1),"") -> -782750 | I50: =IF(COUNT(L50:BG50)>0,QUARTILE(L50:BG50,3),"") -> 90750 | J50: =IF(COUNT(L50:BG50)>1,STDEV(L50:BG50),"") -> 1123341.7 | K50: =IF(COUNT(L50:BG50)>1,STDEV(L50:BG50)/AVERAGE(L50:BG50),"") -> -2.7140208 | M50: -3490000 | N50: -1090000 | O50: -2544000 | P50: 273000 | Q50: 339000 | R50: -2533000 | S50: -1345000 | T50: 3149000 | U50: -1169000 | V50: 224000 | W50: -672000 | X50: -712000 | Y50: -1087000 | Z50: -673000 | AA50: -860000 | AB50: -757000 | AC50: -652000 | AD50: -736000 | AE50: 47000 | AF50: 213000 | AG50: 199000 | AH50: 110000 | AI50: 90000 | AJ50: 88000 | AK50: 90000 | AL50: 93000 | AM50: 80000 | AN50: 28000 | AO50: 4000 | AP50: -7000 | AQ50: 19000 | AR50: 36100
C51: Pretax Income | D51: =IF(COUNT(L51:BG51)>0,MEDIAN(L51:BG51),"") -> 2251000 | E51: =IF(COUNT(L51:BG51)>0,AVERAGE(L51:BG51),"") -> 2648218.8 | F51: =IF(COUNT(L51:BG51)>0,MIN(L51:BG51),"") -> 826000 | G51: =IF(COUNT(L51:BG51)>0,MAX(L51:BG51),"") -> 7352000 | H51: =IF(COUNT(L51:BG51)>0,QUARTILE(L51:BG51,1),"") -> 1130000 | I51: =IF(COUNT(L51:BG51)>0,QUARTILE(L51:BG51,3),"") -> 3833000 | J51: =IF(COUNT(L51:BG51)>1,STDEV(L51:BG51),"") -> 1854178.7 | K51: =IF(COUNT(L51:BG51)>1,STDEV(L51:BG51)/AVERAGE(L51:BG51),"") -> 0.70016072 | M51: 4530000 | N51: 6037000 | O51: 7288000 | P51: 3832000 | Q51: 3175000 | R51: 2413000 | S51: 3836000 | T51: 7352000 | U51: 4663000 | V51: 4378000 | W51: 3990000 | X51: 3645000 | Y51: 2454000 | Z51: 2603000 | AA51: 2452000 | AB51: 2489000 | AC51: 1942000 | AD51: 2089000 | AE51: 1680000 | AF51: 1678000 | AG51: 1183000 | AH51: 1168000 | AI51: 1261000 | AJ51: 939000 | AK51: 1160000 | AL51: 1040000 | AM51: 1020000 | AN51: 943000 | AO51: 922000 | AP51: 873000 | AQ51: 882000 | AR51: 826000
C52: Provision for Income Tax | D52: =IF(COUNT(L52:BG52)>0,MEDIAN(L52:BG52),"") -> 358000 | E52: =IF(COUNT(L52:BG52)>0,AVERAGE(L52:BG52),"") -> 451790.62 | F52: =IF(COUNT(L52:BG52)>0,MIN(L52:BG52),"") -> -802000 | G52: =IF(COUNT(L52:BG52)>0,MAX(L52:BG52),"") -> 1576000 | H52: =IF(COUNT(L52:BG52)>0,QUARTILE(L52:BG52,1),"") -> 301500 | I52: =IF(COUNT(L52:BG52)>0,QUARTILE(L52:BG52,3),"") -> 545500 | J52: =IF(COUNT(L52:BG52)>1,STDEV(L52:BG52),"") -> 476351.28 | K52: =IF(COUNT(L52:BG52)>1,STDEV(L52:BG52)/AVERAGE(L52:BG52),"") -> 1.0543629 | M52: -802000 | N52: 339000 | O52: 1006000 | P52: 586000 | Q52: 348000 | R52: 44000 | S52: 448000 | T52: 1576000 | U52: -660000 | V52: 1379000 | W52: 1228000 | X52: 1176000 | Y52: 777000 | Z52: 692000 | AA52: 529000 | AB52: 532000 | AC52: 327000 | AD52: 450000 | AE52: 368000 | AF52: 397000 | AG52: 282000 | AH52: 272000 | AI52: 368000 | AJ52: 244000 | AK52: 379000 | AL52: 336000 | AM52: 323000 | AN52: 279000 | AO52: 304000 | AP52: 294000 | AQ52: 329000 | AR52: 307300
C53: Net Income from Continuing Operations | D53: =IF(COUNT(L53:BG53)>0,MEDIAN(L53:BG53),"") -> 781000 | E53: =IF(COUNT(L53:BG53)>0,AVERAGE(L53:BG53),"") -> 1588844.7 | F53: =IF(COUNT(L53:BG53)>0,MIN(L53:BG53),"") -> -391000 | G53: =IF(COUNT(L53:BG53)>0,MAX(L53:BG53),"") -> 6282000 | H53: =IF(COUNT(L53:BG53)>0,QUARTILE(L53:BG53,1),"") -> 419550 | I53: =IF(COUNT(L53:BG53)>0,QUARTILE(L53:BG53,3),"") -> 2163000 | J53: =IF(COUNT(L53:BG53)>1,STDEV(L53:BG53),"") -> 1697233.8 | K53: =IF(COUNT(L53:BG53)>1,STDEV(L53:BG53)/AVERAGE(L53:BG53),"") -> 1.0682188 | M53: 5332000 | N53: 5698000 | O53: 6282000 | P53: 3246000 | Q53: 2827000 | R53: 2369000 | S53: 3388000 | T53: 5776000 | U53: 5323000 | V53: 2999000 | W53: 2762000 | X53: 2469000 | Y53: 1677000 | Z53: 1911000 | AA53: 1923000 | AB53: 1957000 | AC53: 1615000 | AD53: 1639000 | AE53: 1312000 | AF53: 1281000 | AG53: 901000 | AH53: 896000 | AI53: 893000 | AJ53: 695000 | AK53: 781000 | AL53: 704000 | AM53: 697000 | AN53: 664000 | AO53: 618000 | AP53: 579000 | AQ53: 553000 | AR53: 518700 | AS53: 428700 | AT53: 466900 | AU53: 376100 | AV53: -391000 | AW53: 410400 | AX53: 447800 | AY53: 402900 | AZ53: 365400 | BA53: 372300 | BB53: 302700 | BC53: 314000 | BD53: 266700 | BE53: 224100 | BF53: 198300 | BG53: 204700
C54: Discontinued Operations | D54: =IF(COUNT(L54:BG54)>0,MEDIAN(L54:BG54),"") -> 0 | E54: =IF(COUNT(L54:BG54)>0,AVERAGE(L54:BG54),"") -> 23850 | F54: =IF(COUNT(L54:BG54)>0,MIN(L54:BG54),"") -> -135600 | G54: =IF(COUNT(L54:BG54)>0,MAX(L54:BG54),"") -> 231000 | H54: =IF(COUNT(L54:BG54)>0,QUARTILE(L54:BG54,1),"") -> -33900 | I54: =IF(COUNT(L54:BG54)>0,QUARTILE(L54:BG54,3),"") -> 57750 | J54: =IF(COUNT(L54:BG54)>1,STDEV(L54:BG54),"") -> 152176.51 | K54: =IF(COUNT(L54:BG54)>1,STDEV(L54:BG54)/AVERAGE(L54:BG54),"") -> 6.3805664 | Y54: 231000 | Z54: 0 | AA54: 0 | AU54: -135600
C55: Extraordinary Items | D55: =IF(COUNT(L55:BG55)>0,MEDIAN(L55:BG55),"") -> -112500 | E55: =IF(COUNT(L55:BG55)>0,AVERAGE(L55:BG55),"") -> -112500 | F55: =IF(COUNT(L55:BG55)>0,MIN(L55:BG55),"") -> -222000 | G55: =IF(COUNT(L55:BG55)>0,MAX(L55:BG55),"") -> -3000 | H55: =IF(COUNT(L55:BG55)>0,QUARTILE(L55:BG55,1),"") -> -167250 | I55: =IF(COUNT(L55:BG55)>0,QUARTILE(L55:BG55,3),"") -> -57750 | J55: =IF(COUNT(L55:BG55)>1,STDEV(L55:BG55),"") -> 154856.39 | K55: =IF(COUNT(L55:BG55)>1,STDEV(L55:BG55)/AVERAGE(L55:BG55),"") -> -1.3765012 | AI55: -3000 | AJ55: -222000
C56: Net Income after Extraordinary Items and Discontinued Operations | D56: =IF(COUNT(L56:BG56)>0,MEDIAN(L56:BG56),"") -> 2913000 | E56: =IF(COUNT(L56:BG56)>0,AVERAGE(L56:BG56),"") -> 3510625 | F56: =IF(COUNT(L56:BG56)>0,MIN(L56:BG56),"") -> 1908000 | G56: =IF(COUNT(L56:BG56)>0,MAX(L56:BG56),"") -> 6282000 | H56: =IF(COUNT(L56:BG56)>0,QUARTILE(L56:BG56,1),"") -> 2266000 | I56: =IF(COUNT(L56:BG56)>0,QUARTILE(L56:BG56,3),"") -> 5325250 | J56: =IF(COUNT(L56:BG56)>1,STDEV(L56:BG56),"") -> 1592138.4 | K56: =IF(COUNT(L56:BG56)>1,STDEV(L56:BG56)/AVERAGE(L56:BG56),"") -> 0.45351993 | M56: 5332000 | N56: 5698000 | O56: 6282000 | P56: 3246000 | Q56: 2827000 | R56: 2369000 | S56: 3388000 | T56: 5776000 | U56: 5323000 | V56: 2999000 | W56: 2762000 | X56: 2469000 | Y56: 1908000 | Z56: 1911000 | AA56: 1923000 | AB56: 1957000
C57: Non-Controlling/Minority Interests | D57: =IF(COUNT(L57:BG57)>0,MEDIAN(L57:BG57),"") -> 4000 | E57: =IF(COUNT(L57:BG57)>0,AVERAGE(L57:BG57),"") -> -302973.91 | F57: =IF(COUNT(L57:BG57)>0,MIN(L57:BG57),"") -> -1503000 | G57: =IF(COUNT(L57:BG57)>0,MAX(L57:BG57),"") -> 93000 | H57: =IF(COUNT(L57:BG57)>0,QUARTILE(L57:BG57,1),"") -> -648000 | I57: =IF(COUNT(L57:BG57)>0,QUARTILE(L57:BG57,3),"") -> 15000 | J57: =IF(COUNT(L57:BG57)>1,STDEV(L57:BG57),"") -> 492607.57 | K57: =IF(COUNT(L57:BG57)>1,STDEV(L57:BG57)/AVERAGE(L57:BG57),"") -> -1.6259075 | M57: -1503000 | N57: -1248000 | O57: -1028000 | P57: -901000 | Q57: -746000 | R57: -550000 | S57: -381000 | T57: -862000 | U57: -57000 | V57: 93000 | W57: 10000 | X57: 4000 | Y57: 0 | Z57: 0 | AJ57: 15000 | AK57: 15000 | AL57: 15000 | AM57: 15000 | AN57: 15000 | AO57: 19000 | AP57: 24000 | AQ57: 43000 | AR57: 39600
C58: Net Income after Non-Controlling/Minority Interests | D58: =IF(COUNT(L58:BG58)>0,MEDIAN(L58:BG58),"") -> 781000 | E58: =IF(COUNT(L58:BG58)>0,AVERAGE(L58:BG58),"") -> 1738619.1 | F58: =IF(COUNT(L58:BG58)>0,MIN(L58:BG58),"") -> -391000 | G58: =IF(COUNT(L58:BG58)>0,MAX(L58:BG58),"") -> 7310000 | H58: =IF(COUNT(L58:BG58)>0,QUARTILE(L58:BG58,1),"") -> 419550 | I58: =IF(COUNT(L58:BG58)>0,QUARTILE(L58:BG58,3),"") -> 2211000 | J58: =IF(COUNT(L58:BG58)>1,STDEV(L58:BG58),"") -> 2007383.9 | K58: =IF(COUNT(L58:BG58)>1,STDEV(L58:BG58)/AVERAGE(L58:BG58),"") -> 1.1545852 | M58: 6835000 | N58: 6946000 | O58: 7310000 | P58: 4147000 | Q58: 3573000 | R58: 2919000 | S58: 3769000 | T58: 6638000 | U58: 5380000 | V58: 2906000 | W58: 2752000 | X58: 2465000 | Y58: 1908000 | Z58: 1911000 | AA58: 1923000 | AB58: 1957000 | AC58: 1615000 | AD58: 1639000 | AE58: 1312000 | AF58: 1281000 | AG58: 901000 | AH58: 896000 | AI58: 890000 | AJ58: 473000 | AK58: 781000 | AL58: 704000 | AM58: 697000 | AN58: 664000 | AO58: 618000 | AP58: 579000 | AQ58: 553000 | AR58: 518700 | AS58: 428700 | AT58: 466900 | AU58: 240500 | AV58: -391000 | AW58: 410400 | AX58: 447800 | AY58: 402900 | AZ58: 365400 | BA58: 372300 | BB58: 302700 | BC58: 314000 | BD58: 266700 | BE58: 224100 | BF58: 198300 | BG58: 204700
C59: Other Adjustments to Net Income Available to Common Stockholders | D59: =IF(COUNT(L59:BG59)>0,MEDIAN(L59:BG59),"") -> -43700 | E59: =IF(COUNT(L59:BG59)>0,AVERAGE(L59:BG59),"") -> -41725 | F59: =IF(COUNT(L59:BG59)>0,MIN(L59:BG59),"") -> -48300 | G59: =IF(COUNT(L59:BG59)>0,MAX(L59:BG59),"") -> -33700 | H59: =IF(COUNT(L59:BG59)>0,QUARTILE(L59:BG59,1),"") -> -45200 | I59: =IF(COUNT(L59:BG59)>0,QUARTILE(L59:BG59,3),"") -> -37025 | J59: =IF(COUNT(L59:BG59)>1,STDEV(L59:BG59),"") -> 4881.7145 | K59: =IF(COUNT(L59:BG59)>1,STDEV(L59:BG59)/AVERAGE(L59:BG59),"") -> -0.11699735 | AS59: -45100 | AT59: -43900 | AU59: -41300 | AV59: -43600 | AW59: -43800 | AX59: -45500 | AY59: -48300 | BC59: -46700 | BD59: -37400 | BE59: -35500 | BF59: -35900 | BG59: -33700
C60: Net Income Available to Common Stockholders | D60: =IF(COUNT(L60:BG60)>0,MEDIAN(L60:BG60),"") -> 781000 | E60: =IF(COUNT(L60:BG60)>0,AVERAGE(L60:BG60),"") -> 1727966 | F60: =IF(COUNT(L60:BG60)>0,MIN(L60:BG60),"") -> -434600 | G60: =IF(COUNT(L60:BG60)>0,MAX(L60:BG60),"") -> 7310000 | H60: =IF(COUNT(L60:BG60)>0,QUARTILE(L60:BG60,1),"") -> 377950 | I60: =IF(COUNT(L60:BG60)>0,QUARTILE(L60:BG60,3),"") -> 2211000 | J60: =IF(COUNT(L60:BG60)>1,STDEV(L60:BG60),"") -> 2015395.8 | K60: =IF(COUNT(L60:BG60)>1,STDEV(L60:BG60)/AVERAGE(L60:BG60),"") -> 1.16634 | M60: 6835000 | N60: 6946000 | O60: 7310000 | P60: 4147000 | Q60: 3573000 | R60: 2919000 | S60: 3769000 | T60: 6638000 | U60: 5380000 | V60: 2906000 | W60: 2752000 | X60: 2465000 | Y60: 1908000 | Z60: 1911000 | AA60: 1923000 | AB60: 1957000 | AC60: 1615000 | AD60: 1639000 | AE60: 1312000 | AF60: 1281000 | AG60: 901000 | AH60: 896000 | AI60: 890000 | AJ60: 473000 | AK60: 781000 | AL60: 704000 | AM60: 697000 | AN60: 664000 | AO60: 618000 | AP60: 579000 | AQ60: 553000 | AR60: 518700 | AS60: 383600 | AT60: 423000 | AU60: 199200 | AV60: -434600 | AW60: 366600 | AX60: 402300 | AY60: 354600 | AZ60: 365400 | BA60: 372300 | BB60: 302700 | BC60: 267300 | BD60: 229300 | BE60: 188600 | BF60: 162400 | BG60: 171000
C61: Dilution to Earnings | D61: =IF(COUNT(L61:BG61)>0,MEDIAN(L61:BG61),"") -> 0 | E61: =IF(COUNT(L61:BG61)>0,AVERAGE(L61:BG61),"") -> -6333.3333 | F61: =IF(COUNT(L61:BG61)>0,MIN(L61:BG61),"") -> -19000 | G61: =IF(COUNT(L61:BG61)>0,MAX(L61:BG61),"") -> 0 | H61: =IF(COUNT(L61:BG61)>0,QUARTILE(L61:BG61,1),"") -> -9500 | I61: =IF(COUNT(L61:BG61)>0,QUARTILE(L61:BG61,3),"") -> 0 | J61: =IF(COUNT(L61:BG61)>1,STDEV(L61:BG61),"") -> 10969.655 | K61: =IF(COUNT(L61:BG61)>1,STDEV(L61:BG61)/AVERAGE(L61:BG61),"") -> -1.7320508 | T61: -19000 | U61: 0 | V61: 0
C62: Diluted Net Income Available to Common Stockholders | D62: =IF(COUNT(L62:BG62)>0,MEDIAN(L62:BG62),"") -> 781000 | E62: =IF(COUNT(L62:BG62)>0,AVERAGE(L62:BG62),"") -> 1727561.7 | F62: =IF(COUNT(L62:BG62)>0,MIN(L62:BG62),"") -> -434600 | G62: =IF(COUNT(L62:BG62)>0,MAX(L62:BG62),"") -> 7310000 | H62: =IF(COUNT(L62:BG62)>0,QUARTILE(L62:BG62,1),"") -> 377950 | I62: =IF(COUNT(L62:BG62)>0,QUARTILE(L62:BG62,3),"") -> 2211000 | J62: =IF(COUNT(L62:BG62)>1,STDEV(L62:BG62),"") -> 2014391.2 | K62: =IF(COUNT(L62:BG62)>1,STDEV(L62:BG62)/AVERAGE(L62:BG62),"") -> 1.1660314 | M62: 6835000 | N62: 6946000 | O62: 7310000 | P62: 4147000 | Q62: 3573000 | R62: 2919000 | S62: 3769000 | T62: 6619000 | U62: 5380000 | V62: 2906000 | W62: 2752000 | X62: 2465000 | Y62: 1908000 | Z62: 1911000 | AA62: 1923000 | AB62: 1957000 | AC62: 1615000 | AD62: 1639000 | AE62: 1312000 | AF62: 1281000 | AG62: 901000 | AH62: 896000 | AI62: 890000 | AJ62: 473000 | AK62: 781000 | AL62: 704000 | AM62: 697000 | AN62: 664000 | AO62: 618000 | AP62: 579000 | AQ62: 553000 | AR62: 518700 | AS62: 383600 | AT62: 423000 | AU62: 199200 | AV62: -434600 | AW62: 366600 | AX62: 402300 | AY62: 354600 | AZ62: 365400 | BA62: 372300 | BB62: 302700 | BC62: 267300 | BD62: 229300 | BE62: 188600 | BF62: 162400 | BG62: 171000
C63: Basic EPS | D63: =IF(COUNT(L63:BG63)>0,MEDIAN(L63:BG63),"") | E63: =IF(COUNT(L63:BG63)>0,AVERAGE(L63:BG63),"") | F63: =IF(COUNT(L63:BG63)>0,MIN(L63:BG63),"") | G63: =IF(COUNT(L63:BG63)>0,MAX(L63:BG63),"") | H63: =IF(COUNT(L63:BG63)>0,QUARTILE(L63:BG63,1),"") | I63: =IF(COUNT(L63:BG63)>0,QUARTILE(L63:BG63,3),"") | J63: =IF(COUNT(L63:BG63)>1,STDEV(L63:BG63),"") | K63: =IF(COUNT(L63:BG63)>1,STDEV(L63:BG63)/AVERAGE(L63:BG63),"")
C64: Basic EPS from Continuing Operations | D64: =IF(COUNT(L64:BG64)>0,MEDIAN(L64:BG64),"") -> 0.48125 | E64: =IF(COUNT(L64:BG64)>0,AVERAGE(L64:BG64),"") -> 0.90170883 | F64: =IF(COUNT(L64:BG64)>0,MIN(L64:BG64),"") -> -0.17875 | G64: =IF(COUNT(L64:BG64)>0,MAX(L64:BG64),"") -> 3.61 | H64: =IF(COUNT(L64:BG64)>0,QUARTILE(L64:BG64,1),"") -> 0.1815625 | I64: =IF(COUNT(L64:BG64)>0,QUARTILE(L64:BG64,3),"") -> 1.305 | J64: =IF(COUNT(L64:BG64)>1,STDEV(L64:BG64),"") -> 1.0283436 | K64: =IF(COUNT(L64:BG64)>1,STDEV(L64:BG64)/AVERAGE(L64:BG64),"") -> 1.1404387 | M64: 3.31 | N64: 3.38 | O64: 3.61 | P64: 2.1 | Q64: 1.82 | R64: 1.49 | S64: 1.95 | T64: 3.51 | U64: 2.87 | V64: 1.5675 | W64: 1.5275 | X64: 1.4175 | Y64: 0.9875 | Z64: 1.1475 | AA64: 1.155 | AB64: 1.1925 | AC64: 0.9975 | AD64: 1.025 | AE64: 0.825 | AF64: 0.8125 | AG64: 0.5925 | AH64: 0.3125 | AI64: 0.31875 | AJ64: 0.1725 | AK64: 0.28875 | AL64: 0.5175 | AM64: 0.50875 | AN64: 0.48125 | AO64: 0.223125 | AP64: 0.208125 | AQ64: 0.1975 | AR64: 0.181875 | AS64: 0.14375 | AT64: 0.165625 | AU64: 0.144375 | AV64: -0.17875 | AW64: 0.195 | AX64: 0.21375 | AY64: 0.19375 | AZ64: 0.18125 | BA64: 0.194375 | BB64: 0.081875 | BC64: 0.078438 | BD64: 0.074688 | BE64: 0.066563 | BF64: 0.061563 | BG64: 0.065938
C65: Basic EPS from Discontinued Operations | D65: =IF(COUNT(L65:BG65)>0,MEDIAN(L65:BG65),"") -> 0 | E65: =IF(COUNT(L65:BG65)>0,AVERAGE(L65:BG65),"") -> 0.02140625 | F65: =IF(COUNT(L65:BG65)>0,MIN(L65:BG65),"") -> -0.051875 | G65: =IF(COUNT(L65:BG65)>0,MAX(L65:BG65),"") -> 0.1375 | H65: =IF(COUNT(L65:BG65)>0,QUARTILE(L65:BG65,1),"") -> -0.01296875 | I65: =IF(COUNT(L65:BG65)>0,QUARTILE(L65:BG65,3),"") -> 0.034375 | J65: =IF(COUNT(L65:BG65)>1,STDEV(L65:BG65),"") -> 0.081167225 | K65: =IF(COUNT(L65:BG65)>1,STDEV(L65:BG65)/AVERAGE(L65:BG65),"") -> 3.7917536 | Y65: 0.1375 | Z65: 0 | AA65: 0 | AU65: -0.051875
C66: Total Basic EPS | D66: =IF(COUNT(L66:BG66)>0,MEDIAN(L66:BG66),"") -> 0.48125 | E66: =IF(COUNT(L66:BG66)>0,AVERAGE(L66:BG66),"") -> 0.90350404 | F66: =IF(COUNT(L66:BG66)>0,MIN(L66:BG66),"") -> -0.17875 | G66: =IF(COUNT(L66:BG66)>0,MAX(L66:BG66),"") -> 3.61 | H66: =IF(COUNT(L66:BG66)>0,QUARTILE(L66:BG66,1),"") -> 0.1815625 | I66: =IF(COUNT(L66:BG66)>0,QUARTILE(L66:BG66,3),"") -> 1.305 | J66: =IF(COUNT(L66:BG66)>1,STDEV(L66:BG66),"") -> 1.0296648 | K66: =IF(COUNT(L66:BG66)>1,STDEV(L66:BG66)/AVERAGE(L66:BG66),"") -> 1.1396349 | M66: 3.31 | N66: 3.38 | O66: 3.61 | P66: 2.1 | Q66: 1.82 | R66: 1.49 | S66: 1.95 | T66: 3.51 | U66: 2.87 | V66: 1.5675 | W66: 1.5275 | X66: 1.4175 | Y66: 1.125 | Z66: 1.1475 | AA66: 1.155 | AB66: 1.1925 | AC66: 0.9975 | AD66: 1.025 | AE66: 0.825 | AF66: 0.8125 | AG66: 0.5925 | AH66: 0.3125 | AI66: 0.3175 | AJ66: 0.1725 | AK66: 0.28875 | AL66: 0.5175 | AM66: 0.50875 | AN66: 0.48125 | AO66: 0.223125 | AP66: 0.208125 | AQ66: 0.1975 | AR66: 0.181875 | AS66: 0.14375 | AT66: 0.165625 | AU66: 0.0925 | AV66: -0.17875 | AW66: 0.195 | AX66: 0.21375 | AY66: 0.19375 | AZ66: 0.18125 | BA66: 0.194375 | BB66: 0.081875 | BC66: 0.078438 | BD66: 0.074688 | BE66: 0.066563 | BF66: 0.061563 | BG66: 0.065938
C67: Diluted EPS | D67: =IF(COUNT(L67:BG67)>0,MEDIAN(L67:BG67),"") | E67: =IF(COUNT(L67:BG67)>0,AVERAGE(L67:BG67),"") | F67: =IF(COUNT(L67:BG67)>0,MIN(L67:BG67),"") | G67: =IF(COUNT(L67:BG67)>0,MAX(L67:BG67),"") | H67: =IF(COUNT(L67:BG67)>0,QUARTILE(L67:BG67,1),"") | I67: =IF(COUNT(L67:BG67)>0,QUARTILE(L67:BG67,3),"") | J67: =IF(COUNT(L67:BG67)>1,STDEV(L67:BG67),"") | K67: =IF(COUNT(L67:BG67)>1,STDEV(L67:BG67)/AVERAGE(L67:BG67),"")
C68: Diluted EPS from Continuing Operations | D68: =IF(COUNT(L68:BG68)>0,MEDIAN(L68:BG68),"") -> 0.457346 | E68: =IF(COUNT(L68:BG68)>0,AVERAGE(L68:BG68),"") -> 0.89590415 | F68: =IF(COUNT(L68:BG68)>0,MIN(L68:BG68),"") -> -0.17875 | G68: =IF(COUNT(L68:BG68)>0,MAX(L68:BG68),"") -> 3.6 | H68: =IF(COUNT(L68:BG68)>0,QUARTILE(L68:BG68,1),"") -> 0.1815625 | I68: =IF(COUNT(L68:BG68)>0,QUARTILE(L68:BG68,3),"") -> 1.2925 | J68: =IF(COUNT(L68:BG68)>1,STDEV(L68:BG68),"") -> 1.0229898 | K68: =IF(COUNT(L68:BG68)>1,STDEV(L68:BG68)/AVERAGE(L68:BG68),"") -> 1.1418518 | M68: 3.3 | N68: 3.37 | O68: 3.6 | P68: 2.1 | Q68: 1.81 | R68: 1.48 | S68: 1.94 | T68: 3.47 | U68: 2.8475 | V68: 1.56 | W68: 1.515 | X68: 1.4 | Y68: 0.9825 | Z68: 1.14 | AA68: 1.1475 | AB68: 1.185 | AC68: 0.9925 | AD68: 1.0175 | AE68: 0.8175 | AF68: 0.8075 | AG68: 0.585 | AH68: 0.31 | AI68: 0.3175 | AJ68: 0.1725 | AK68: 0.28875 | AL68: 0.5175 | AM68: 0.483584 | AN68: 0.457346 | AO68: 0.223125 | AP68: 0.208125 | AQ68: 0.1975 | AR68: 0.181875 | AS68: 0.14375 | AT68: 0.165625 | AU68: 0.144375 | AV68: -0.17875 | AW68: 0.195 | AX68: 0.21375 | AY68: 0.19375 | AZ68: 0.18125 | BA68: 0.194375 | BB68: 0.081875 | BC68: 0.078438 | BD68: 0.074688 | BE68: 0.066563 | BF68: 0.061563 | BG68: 0.065938
C69: Diluted EPS from Discontinued Operations | D69: =IF(COUNT(L69:BG69)>0,MEDIAN(L69:BG69),"") -> 0 | E69: =IF(COUNT(L69:BG69)>0,AVERAGE(L69:BG69),"") -> 0.02078125 | F69: =IF(COUNT(L69:BG69)>0,MIN(L69:BG69),"") -> -0.051875 | G69: =IF(COUNT(L69:BG69)>0,MAX(L69:BG69),"") -> 0.135 | H69: =IF(COUNT(L69:BG69)>0,QUARTILE(L69:BG69,1),"") -> -0.01296875 | I69: =IF(COUNT(L69:BG69)>0,QUARTILE(L69:BG69,3),"") -> 0.03375 | J69: =IF(COUNT(L69:BG69)>1,STDEV(L69:BG69),"") -> 0.079976193 | K69: =IF(COUNT(L69:BG69)>1,STDEV(L69:BG69)/AVERAGE(L69:BG69),"") -> 3.8484784 | Y69: 0.135 | Z69: 0 | AA69: 0 | AU69: -0.051875
C70: Total Diluted EPS | D70: =IF(COUNT(L70:BG70)>0,MEDIAN(L70:BG70),"") -> 0.457346 | E70: =IF(COUNT(L70:BG70)>0,AVERAGE(L70:BG70),"") -> 0.89764617 | F70: =IF(COUNT(L70:BG70)>0,MIN(L70:BG70),"") -> -0.17875 | G70: =IF(COUNT(L70:BG70)>0,MAX(L70:BG70),"") -> 3.6 | H70: =IF(COUNT(L70:BG70)>0,QUARTILE(L70:BG70,1),"") -> 0.1815625 | I70: =IF(COUNT(L70:BG70)>0,QUARTILE(L70:BG70,3),"") -> 1.2925 | J70: =IF(COUNT(L70:BG70)>1,STDEV(L70:BG70),"") -> 1.0243019 | K70: =IF(COUNT(L70:BG70)>1,STDEV(L70:BG70)/AVERAGE(L70:BG70),"") -> 1.1410976 | M70: 3.3 | N70: 3.37 | O70: 3.6 | P70: 2.1 | Q70: 1.81 | R70: 1.48 | S70: 1.94 | T70: 3.47 | U70: 2.8475 | V70: 1.56 | W70: 1.515 | X70: 1.4 | Y70: 1.1175 | Z70: 1.14 | AA70: 1.1475 | AB70: 1.185 | AC70: 0.9925 | AD70: 1.0175 | AE70: 0.8175 | AF70: 0.8075 | AG70: 0.585 | AH70: 0.31 | AI70: 0.31625 | AJ70: 0.1725 | AK70: 0.28875 | AL70: 0.5175 | AM70: 0.483584 | AN70: 0.457346 | AO70: 0.223125 | AP70: 0.208125 | AQ70: 0.1975 | AR70: 0.181875 | AS70: 0.14375 | AT70: 0.165625 | AU70: 0.0925 | AV70: -0.17875 | AW70: 0.195 | AX70: 0.21375 | AY70: 0.19375 | AZ70: 0.18125 | BA70: 0.194375 | BB70: 0.081875 | BC70: 0.078438 | BD70: 0.074688 | BE70: 0.066563 | BF70: 0.061563 | BG70: 0.065938
C71: Basic Weighted Average Shares Outstanding | D71: =IF(COUNT(L71:BG71)>0,MEDIAN(L71:BG71),"") -> 1476100280 | E71: =IF(COUNT(L71:BG71)>0,AVERAGE(L71:BG71),"") -> 1.4524986e+09 | F71: =IF(COUNT(L71:BG71)>0,MIN(L71:BG71),"") -> 653104000 | G71: =IF(COUNT(L71:BG71)>0,MAX(L71:BG71),"") -> 2064500000 | H71: =IF(COUNT(L71:BG71)>0,QUARTILE(L71:BG71,1),"") -> 1186936000 | I71: =IF(COUNT(L71:BG71)>0,QUARTILE(L71:BG71,3),"") -> 1717200000 | J71: =IF(COUNT(L71:BG71)>1,STDEV(L71:BG71),"") -> 3.9009618e+08 | K71: =IF(COUNT(L71:BG71)>1,STDEV(L71:BG71)/AVERAGE(L71:BG71),"") -> 0.26856906 | M71: 2064500000 | N71: 2052900000 | O71: 2026100000 | P71: 1972600000 | Q71: 1962500000 | R71: 1959000000 | S71: 1927900000 | T71: 1892800000 | U71: 1875200000 | V71: 1852400000 | W71: 1802000000 | X71: 1737600000 | Y71: 1696800000 | Z71: 1666800000 | AA71: 1666400000 | AB71: 1641200000 | AC71: 1617600000 | AD71: 1600400000 | AE71: 1590800000 | AF71: 1574000000 | AG71: 1520400000 | AH71: 1432000000 | AI71: 1418400000 | AJ71: 1374400000 | AK71: 1352000000 | AL71: 1360386473 | AM71: 1368000000 | AN71: 1384000000 | AO71: 1459552000 | AP71: 1476100280 | AQ71: 1484032000 | AR71: 1434616000 | AS71: 1482960000 | AT71: 1387144000 | AU71: 1293336000 | AV71: 1080536000 | AW71: 1040248000 | AX71: 1040248000 | AY71: 1040248000 | AZ71: 1001376000 | BA71: 946176000 | BB71: 927120000 | BC71: 901520000 | BD71: 806880000 | BE71: 724336000 | BF71: 698816000 | BG71: 653104000
C72: Diluted Weighted Average Shares Outstanding | D72: =IF(COUNT(L72:BG72)>0,MEDIAN(L72:BG72),"") -> 1476100280 | E72: =IF(COUNT(L72:BG72)>0,AVERAGE(L72:BG72),"") -> 1.4609683e+09 | F72: =IF(COUNT(L72:BG72)>0,MIN(L72:BG72),"") -> 653104000 | G72: =IF(COUNT(L72:BG72)>0,MAX(L72:BG72),"") -> 2070600000 | H72: =IF(COUNT(L72:BG72)>0,QUARTILE(L72:BG72,1),"") -> 1186936000 | I72: =IF(COUNT(L72:BG72)>0,QUARTILE(L72:BG72,3),"") -> 1734200000 | J72: =IF(COUNT(L72:BG72)>1,STDEV(L72:BG72),"") -> 3.9393712e+08 | K72: =IF(COUNT(L72:BG72)>1,STDEV(L72:BG72)/AVERAGE(L72:BG72),"") -> 0.26964111 | M72: 2070600000 | N72: 2059200000 | O72: 2030800000 | P72: 1978600000 | Q72: 1972200000 | R72: 1968800000 | S72: 1941900000 | T72: 1907900000 | U72: 1890000000 | V72: 1863200000 | W72: 1816000000 | X72: 1760400000 | Y72: 1708000000 | Z72: 1676800000 | AA72: 1676000000 | AB72: 1652000000 | AC72: 1628800000 | AD72: 1610800000 | AE72: 1602400000 | AF72: 1586000000 | AG72: 1542800000 | AH72: 1441600000 | AI72: 1422400000 | AJ72: 1374400000 | AK72: 1352000000 | AL72: 1360386473 | AM72: 1441320000 | AN72: 1451856000 | AO72: 1459552000 | AP72: 1476100280 | AQ72: 1484032000 | AR72: 1434616000 | AS72: 1482960000 | AT72: 1387144000 | AU72: 1293336000 | AV72: 1080536000 | AW72: 1040248000 | AX72: 1040248000 | AY72: 1040248000 | AZ72: 1001376000 | BA72: 946176000 | BB72: 927120000 | BC72: 901520000 | BD72: 806880000 | BE72: 724336000 | BF72: 698816000 | BG72: 653104000
C73: Income Statement Supplemental Section | D73: =IF(COUNT(L73:BG73)>0,MEDIAN(L73:BG73),"") | E73: =IF(COUNT(L73:BG73)>0,AVERAGE(L73:BG73),"") | F73: =IF(COUNT(L73:BG73)>0,MIN(L73:BG73),"") | G73: =IF(COUNT(L73:BG73)>0,MAX(L73:BG73),"") | H73: =IF(COUNT(L73:BG73)>0,QUARTILE(L73:BG73,1),"") | I73: =IF(COUNT(L73:BG73)>0,QUARTILE(L73:BG73,3),"") | J73: =IF(COUNT(L73:BG73)>1,STDEV(L73:BG73),"") | K73: =IF(COUNT(L73:BG73)>1,STDEV(L73:BG73)/AVERAGE(L73:BG73),"")
C74: Per Share Calculations | D74: =IF(COUNT(L74:BG74)>0,MEDIAN(L74:BG74),"") | E74: =IF(COUNT(L74:BG74)>0,AVERAGE(L74:BG74),"") | F74: =IF(COUNT(L74:BG74)>0,MIN(L74:BG74),"") | G74: =IF(COUNT(L74:BG74)>0,MAX(L74:BG74),"") | H74: =IF(COUNT(L74:BG74)>0,QUARTILE(L74:BG74,1),"") | I74: =IF(COUNT(L74:BG74)>0,QUARTILE(L74:BG74,3),"") | J74: =IF(COUNT(L74:BG74)>1,STDEV(L74:BG74),"") | K74: =IF(COUNT(L74:BG74)>1,STDEV(L74:BG74)/AVERAGE(L74:BG74),"")
C75: Common Dividend per Share (Paid) | D75: =IF(COUNT(L75:BG75)>0,MEDIAN(L75:BG75),"") -> 1.4 | E75: =IF(COUNT(L75:BG75)>0,AVERAGE(L75:BG75),"") -> 1.3847727 | F75: =IF(COUNT(L75:BG75)>0,MIN(L75:BG75),"") -> 0.5 | G75: =IF(COUNT(L75:BG75)>0,MAX(L75:BG75),"") -> 2.27 | H75: =IF(COUNT(L75:BG75)>0,QUARTILE(L75:BG75,1),"") -> 1.04625 | I75: =IF(COUNT(L75:BG75)>0,QUARTILE(L75:BG75,3),"") -> 1.785 | J75: =IF(COUNT(L75:BG75)>1,STDEV(L75:BG75),"") -> 0.5773955 | K75: =IF(COUNT(L75:BG75)>1,STDEV(L75:BG75)/AVERAGE(L75:BG75),"") -> 0.41696048 | M75: 2.27 | N75: 2.06 | O75: 1.87 | P75: 1.7 | Q75: 1.54 | R75: 1.4 | S75: 1.25 | T75: 1.11 | U75: 0.9825 | AA75: 0.55 | AB75: 0.5
C76: Common Dividend per Share (Ex-date) | D76: =IF(COUNT(L76:BG76)>0,MEDIAN(L76:BG76),"") -> 0.355 | E76: =IF(COUNT(L76:BG76)>0,AVERAGE(L76:BG76),"") -> 0.63621341 | F76: =IF(COUNT(L76:BG76)>0,MIN(L76:BG76),"") -> 0 | G76: =IF(COUNT(L76:BG76)>0,MAX(L76:BG76),"") -> 2.266 | H76: =IF(COUNT(L76:BG76)>0,QUARTILE(L76:BG76,1),"") -> 0.2725 | I76: =IF(COUNT(L76:BG76)>0,QUARTILE(L76:BG76,3),"") -> 0.77 | J76: =IF(COUNT(L76:BG76)>1,STDEV(L76:BG76),"") -> 0.56491646 | K76: =IF(COUNT(L76:BG76)>1,STDEV(L76:BG76)/AVERAGE(L76:BG76),"") -> 0.88793547 | M76: 2.266 | N76: 2.06 | O76: 1.87 | P76: 1.7 | Q76: 1.54 | R76: 1.4 | S76: 1.25 | T76: 1.11 | U76: 0.9825 | V76: 0.87 | W76: 0.77 | X76: 0.725 | Y76: 0.66 | Z76: 0.6 | AA76: 0.55 | AB76: 0.5 | AC76: 0.4725 | AD76: 0.445 | AE76: 0.41 | AF76: 0.375 | AG76: 0.355 | AH76: 0.325 | AI76: 0.3 | AJ76: 0.29 | AK76: 0.28 | AL76: 0.27 | AM76: 0.26 | AN76: 0.25 | AO76: 0.24 | AP76: 0.23 | AQ76: 0.22 | AR76: 0.235 | AS76: 0.30875 | AT76: 0.30375 | AU76: 0.29875 | AV76: 0.2925 | AW76: 0.2825 | AX76: 0.2725 | AY76: 0.2625 | AZ76: 0.2525 | BA76: 0
C77: EBITDA per Share | D77: =IF(COUNT(L77:BG77)>0,MEDIAN(L77:BG77),"") -> 3.0163159 | E77: =IF(COUNT(L77:BG77)>0,AVERAGE(L77:BG77),"") -> 3.3427974 | F77: =IF(COUNT(L77:BG77)>0,MIN(L77:BG77),"") -> 1.0803588 | G77: =IF(COUNT(L77:BG77)>0,MAX(L77:BG77),"") -> 8.2543825 | H77: =IF(COUNT(L77:BG77)>0,QUARTILE(L77:BG77,1),"") -> 1.572269 | I77: =IF(COUNT(L77:BG77)>0,QUARTILE(L77:BG77,3),"") -> 4.5964085 | J77: =IF(COUNT(L77:BG77)>1,STDEV(L77:BG77),"") -> 2.0474824 | K77: =IF(COUNT(L77:BG77)>1,STDEV(L77:BG77)/AVERAGE(L77:BG77),"") -> 0.61250569 | M77: 7.7479958 | N77: 6.8147824 | O77: 8.2543825 | P77: 4.6532902 | Q77: 4.3905283 | R77: 4.4077611 | S77: 5.439518 | T77: 6.7854709 | U77: 4.6444444 | V77: 4.7348647 | W77: 4.5803965 | X77: 4.3865031 | Y77: 3.5234192 | Z77: 3.1798664 | AA77: 3.1366348 | AB77: 3.2990315 | AC77: 2.8959971 | AD77: 2.7768811 | AE77: 1.9714179 | AF77: 1.9539723 | AG77: 1.7364532 | AH77: 1.6745283 | AI77: 1.6725253 | AJ77: 1.3438591 | AK77: 1.5850592 | AL77: 1.5230966 | AM77: 1.4292454 | AN77: 1.5338987 | AO77: 1.3586361 | AP77: 1.2417856 | AQ77: 1.2129119 | AR77: 1.0803588
C78: EBITDAR per Share | D78: =IF(COUNT(L78:BG78)>0,MEDIAN(L78:BG78),"") -> 3.0163159 | E78: =IF(COUNT(L78:BG78)>0,AVERAGE(L78:BG78),"") -> 3.3427974 | F78: =IF(COUNT(L78:BG78)>0,MIN(L78:BG78),"") -> 1.0803588 | G78: =IF(COUNT(L78:BG78)>0,MAX(L78:BG78),"") -> 8.2543825 | H78: =IF(COUNT(L78:BG78)>0,QUARTILE(L78:BG78,1),"") -> 1.572269 | I78: =IF(COUNT(L78:BG78)>0,QUARTILE(L78:BG78,3),"") -> 4.5964085 | J78: =IF(COUNT(L78:BG78)>1,STDEV(L78:BG78),"") -> 2.0474824 | K78: =IF(COUNT(L78:BG78)>1,STDEV(L78:BG78)/AVERAGE(L78:BG78),"") -> 0.61250569 | M78: 7.7479958 | N78: 6.8147824 | O78: 8.2543825 | P78: 4.6532902 | Q78: 4.3905283 | R78: 4.4077611 | S78: 5.439518 | T78: 6.7854709 | U78: 4.6444444 | V78: 4.7348647 | W78: 4.5803965 | X78: 4.3865031 | Y78: 3.5234192 | Z78: 3.1798664 | AA78: 3.1366348 | AB78: 3.2990315 | AC78: 2.8959971 | AD78: 2.7768811 | AE78: 1.9714179 | AF78: 1.9539723 | AG78: 1.7364532 | AH78: 1.6745283 | AI78: 1.6725253 | AJ78: 1.3438591 | AK78: 1.5850592 | AL78: 1.5230966 | AM78: 1.4292454 | AN78: 1.5338987 | AO78: 1.3586361 | AP78: 1.2417856 | AQ78: 1.2129119 | AR78: 1.0803588
C79: Basic EPS (Normalized) | D79: =IF(COUNT(L79:BG79)>0,MEDIAN(L79:BG79),"") -> 0.48125 | E79: =IF(COUNT(L79:BG79)>0,AVERAGE(L79:BG79),"") -> 0.88941716 | F79: =IF(COUNT(L79:BG79)>0,MIN(L79:BG79),"") -> -0.17875 | G79: =IF(COUNT(L79:BG79)>0,MAX(L79:BG79),"") -> 3.7214822 | H79: =IF(COUNT(L79:BG79)>0,QUARTILE(L79:BG79,1),"") -> 0.1815625 | I79: =IF(COUNT(L79:BG79)>0,QUARTILE(L79:BG79,3),"") -> 1.2801034 | J79: =IF(COUNT(L79:BG79)>1,STDEV(L79:BG79),"") -> 1.0008579 | K79: =IF(COUNT(L79:BG79)>1,STDEV(L79:BG79)/AVERAGE(L79:BG79),"") -> 1.1252964 | M79: 3.7214822 | N79: 3.4404988 | O79: 3.1790139 | P79: 2.910879 | Q79: 2.5584713 | R79: 2.3236345 | S79: 2.1069558 | T79: 1.9405114 | U79: 1.68782 | V79: 1.3119747 | W79: 1.4422863 | X79: 1.343232 | Y79: 1.248232 | Z79: 1.1483081 | AA79: 1.1023764 | AB79: 1.0833536 | AC79: 1.0278322 | AD79: 0.90292933 | AE79: 0.825 | AF79: 0.8125 | AG79: 0.5925 | AH79: 0.3125 | AI79: 0.31875 | AJ79: 0.1725 | AK79: 0.28875 | AL79: 0.5175 | AM79: 0.50875 | AN79: 0.48125 | AO79: 0.223125 | AP79: 0.208125 | AQ79: 0.1975 | AR79: 0.181875 | AS79: 0.14375 | AT79: 0.165625 | AU79: 0.144375 | AV79: -0.17875 | AW79: 0.195 | AX79: 0.21375 | AY79: 0.19375 | AZ79: 0.18125 | BA79: 0.194375 | BB79: 0.081875 | BC79: 0.078438 | BD79: 0.074688 | BE79: 0.066563 | BF79: 0.061563 | BG79: 0.065938
C80: Diluted EPS (Normalized) | D80: =IF(COUNT(L80:BG80)>0,MEDIAN(L80:BG80),"") -> 0.457346 | E80: =IF(COUNT(L80:BG80)>0,AVERAGE(L80:BG80),"") -> 0.88912417 | F80: =IF(COUNT(L80:BG80)>0,MIN(L80:BG80),"") -> -0.17875 | G80: =IF(COUNT(L80:BG80)>0,MAX(L80:BG80),"") -> 3.71 | H80: =IF(COUNT(L80:BG80)>0,QUARTILE(L80:BG80,1),"") -> 0.1815625 | I80: =IF(COUNT(L80:BG80)>0,QUARTILE(L80:BG80,3),"") -> 1.28375 | J80: =IF(COUNT(L80:BG80)>1,STDEV(L80:BG80),"") -> 0.9997783 | K80: =IF(COUNT(L80:BG80)>1,STDEV(L80:BG80)/AVERAGE(L80:BG80),"") -> 1.124453 | M80: 3.71 | N80: 3.43 | O80: 3.17 | P80: 2.9 | Q80: 2.55 | R80: 2.31 | S80: 2.0925 | T80: 1.925 | U80: 1.675 | V80: 1.5475 | W80: 1.4275 | X80: 1.325 | Y80: 1.2425 | Z80: 1.1425 | AA80: 1.0975 | AB80: 1.075 | AC80: 1.0226236 | AD80: 0.89621747 | AE80: 0.8175 | AF80: 0.8075 | AG80: 0.585 | AH80: 0.31 | AI80: 0.3175 | AJ80: 0.1725 | AK80: 0.28875 | AL80: 0.5175 | AM80: 0.483584 | AN80: 0.457346 | AO80: 0.223125 | AP80: 0.208125 | AQ80: 0.1975 | AR80: 0.181875 | AS80: 0.14375 | AT80: 0.165625 | AU80: 0.144375 | AV80: -0.17875 | AW80: 0.195 | AX80: 0.21375 | AY80: 0.19375 | AZ80: 0.18125 | BA80: 0.194375 | BB80: 0.081875 | BC80: 0.078438 | BD80: 0.074688 | BE80: 0.066563 | BF80: 0.061563 | BG80: 0.065938
C81: Normalized EBITDA per Share | D81: =IF(COUNT(L81:BG81)>0,MEDIAN(L81:BG81),"") -> 2.9686744 | E81: =IF(COUNT(L81:BG81)>0,AVERAGE(L81:BG81),"") -> 3.1598448 | F81: =IF(COUNT(L81:BG81)>0,MIN(L81:BG81),"") -> 1.0803588 | G81: =IF(COUNT(L81:BG81)>0,MAX(L81:BG81),"") -> 7.4596735 | H81: =IF(COUNT(L81:BG81)>0,QUARTILE(L81:BG81,1),"") -> 1.572269 | I81: =IF(COUNT(L81:BG81)>0,QUARTILE(L81:BG81,3),"") -> 4.3678393 | J81: =IF(COUNT(L81:BG81)>1,STDEV(L81:BG81),"") -> 1.7859198 | K81: =IF(COUNT(L81:BG81)>1,STDEV(L81:BG81)/AVERAGE(L81:BG81),"") -> 0.56519226 | M81: 7.4596735 | N81: 6.0572067 | O81: 6.8598582 | P81: 5.128879 | Q81: 5.042592 | R81: 4.3412231 | S81: 4.9698749 | T81: 4.654332 | U81: 4.3793651 | V81: 4.3639974 | W81: 4.2940529 | X81: 3.9888662 | Y81: 3.6311475 | Z81: 3.0051288 | AA81: 3.0429594 | AB81: 3.0236077 | AC81: 2.93222 | AD81: 2.6222995 | AE81: 1.9714179 | AF81: 1.9539723 | AG81: 1.7364532 | AH81: 1.6745283 | AI81: 1.6725253 | AJ81: 1.3438591 | AK81: 1.5850592 | AL81: 1.5230966 | AM81: 1.4292454 | AN81: 1.5338987 | AO81: 1.3586361 | AP81: 1.2417856 | AQ81: 1.2129119 | AR81: 1.0803588
C82: Normalized EBITDAR per Share | D82: =IF(COUNT(L82:BG82)>0,MEDIAN(L82:BG82),"") -> 2.9686744 | E82: =IF(COUNT(L82:BG82)>0,AVERAGE(L82:BG82),"") -> 3.1598448 | F82: =IF(COUNT(L82:BG82)>0,MIN(L82:BG82),"") -> 1.0803588 | G82: =IF(COUNT(L82:BG82)>0,MAX(L82:BG82),"") -> 7.4596735 | H82: =IF(COUNT(L82:BG82)>0,QUARTILE(L82:BG82,1),"") -> 1.572269 | I82: =IF(COUNT(L82:BG82)>0,QUARTILE(L82:BG82,3),"") -> 4.3678393 | J82: =IF(COUNT(L82:BG82)>1,STDEV(L82:BG82),"") -> 1.7859198 | K82: =IF(COUNT(L82:BG82)>1,STDEV(L82:BG82)/AVERAGE(L82:BG82),"") -> 0.56519226 | M82: 7.4596735 | N82: 6.0572067 | O82: 6.8598582 | P82: 5.128879 | Q82: 5.042592 | R82: 4.3412231 | S82: 4.9698749 | T82: 4.654332 | U82: 4.3793651 | V82: 4.3639974 | W82: 4.2940529 | X82: 3.9888662 | Y82: 3.6311475 | Z82: 3.0051288 | AA82: 3.0429594 | AB82: 3.0236077 | AC82: 2.93222 | AD82: 2.6222995 | AE82: 1.9714179 | AF82: 1.9539723 | AG82: 1.7364532 | AH82: 1.6745283 | AI82: 1.6725253 | AJ82: 1.3438591 | AK82: 1.5850592 | AL82: 1.5230966 | AM82: 1.4292454 | AN82: 1.5338987 | AO82: 1.3586361 | AP82: 1.2417856 | AQ82: 1.2129119 | AR82: 1.0803588
C83: Recommended Normalized Basic EPS | D83: =IF(COUNT(L83:BG83)>0,MEDIAN(L83:BG83),"") -> 0.48125 | E83: =IF(COUNT(L83:BG83)>0,AVERAGE(L83:BG83),"") -> 0.88941716 | F83: =IF(COUNT(L83:BG83)>0,MIN(L83:BG83),"") -> -0.17875 | G83: =IF(COUNT(L83:BG83)>0,MAX(L83:BG83),"") -> 3.7214822 | H83: =IF(COUNT(L83:BG83)>0,QUARTILE(L83:BG83,1),"") -> 0.1815625 | I83: =IF(COUNT(L83:BG83)>0,QUARTILE(L83:BG83,3),"") -> 1.2801034 | J83: =IF(COUNT(L83:BG83)>1,STDEV(L83:BG83),"") -> 1.0008579 | K83: =IF(COUNT(L83:BG83)>1,STDEV(L83:BG83)/AVERAGE(L83:BG83),"") -> 1.1252964 | M83: 3.7214822 | N83: 3.4404988 | O83: 3.1790139 | P83: 2.910879 | Q83: 2.5584713 | R83: 2.3236345 | S83: 2.1069558 | T83: 1.9405114 | U83: 1.68782 | V83: 1.3119747 | W83: 1.4422863 | X83: 1.343232 | Y83: 1.248232 | Z83: 1.1483081 | AA83: 1.1023764 | AB83: 1.0833536 | AC83: 1.0278322 | AD83: 0.90292933 | AE83: 0.825 | AF83: 0.8125 | AG83: 0.5925 | AH83: 0.3125 | AI83: 0.31875 | AJ83: 0.1725 | AK83: 0.28875 | AL83: 0.5175 | AM83: 0.50875 | AN83: 0.48125 | AO83: 0.223125 | AP83: 0.208125 | AQ83: 0.1975 | AR83: 0.181875 | AS83: 0.14375 | AT83: 0.165625 | AU83: 0.144375 | AV83: -0.17875 | AW83: 0.195 | AX83: 0.21375 | AY83: 0.19375 | AZ83: 0.18125 | BA83: 0.194375 | BB83: 0.081875 | BC83: 0.078438 | BD83: 0.074688 | BE83: 0.066563 | BF83: 0.061563 | BG83: 0.065938
C84: Recommended Normalized Diluted EPS | D84: =IF(COUNT(L84:BG84)>0,MEDIAN(L84:BG84),"") -> 0.457346 | E84: =IF(COUNT(L84:BG84)>0,AVERAGE(L84:BG84),"") -> 0.88912417 | F84: =IF(COUNT(L84:BG84)>0,MIN(L84:BG84),"") -> -0.17875 | G84: =IF(COUNT(L84:BG84)>0,MAX(L84:BG84),"") -> 3.71 | H84: =IF(COUNT(L84:BG84)>0,QUARTILE(L84:BG84,1),"") -> 0.1815625 | I84: =IF(COUNT(L84:BG84)>0,QUARTILE(L84:BG84,3),"") -> 1.28375 | J84: =IF(COUNT(L84:BG84)>1,STDEV(L84:BG84),"") -> 0.9997783 | K84: =IF(COUNT(L84:BG84)>1,STDEV(L84:BG84)/AVERAGE(L84:BG84),"") -> 1.124453 | M84: 3.71 | N84: 3.43 | O84: 3.17 | P84: 2.9 | Q84: 2.55 | R84: 2.31 | S84: 2.0925 | T84: 1.925 | U84: 1.675 | V84: 1.5475 | W84: 1.4275 | X84: 1.325 | Y84: 1.2425 | Z84: 1.1425 | AA84: 1.0975 | AB84: 1.075 | AC84: 1.0226236 | AD84: 0.89621747 | AE84: 0.8175 | AF84: 0.8075 | AG84: 0.585 | AH84: 0.31 | AI84: 0.3175 | AJ84: 0.1725 | AK84: 0.28875 | AL84: 0.5175 | AM84: 0.483584 | AN84: 0.457346 | AO84: 0.223125 | AP84: 0.208125 | AQ84: 0.1975 | AR84: 0.181875 | AS84: 0.14375 | AT84: 0.165625 | AU84: 0.144375 | AV84: -0.17875 | AW84: 0.195 | AX84: 0.21375 | AY84: 0.19375 | AZ84: 0.18125 | BA84: 0.194375 | BB84: 0.081875 | BC84: 0.078438 | BD84: 0.074688 | BE84: 0.066563 | BF84: 0.061563 | BG84: 0.065938
C85: Sales per Share | D85: =IF(COUNT(L85:BG85)>0,MEDIAN(L85:BG85),"") -> 6.0776627 | E85: =IF(COUNT(L85:BG85)>0,AVERAGE(L85:BG85),"") -> 6.9395753 | F85: =IF(COUNT(L85:BG85)>0,MIN(L85:BG85),"") -> 2.9610904 | G85: =IF(COUNT(L85:BG85)>0,MAX(L85:BG85),"") -> 13.843805 | H85: =IF(COUNT(L85:BG85)>0,QUARTILE(L85:BG85,1),"") -> 4.2573668 | I85: =IF(COUNT(L85:BG85)>0,QUARTILE(L85:BG85,3),"") -> 9.2125665 | J85: =IF(COUNT(L85:BG85)>1,STDEV(L85:BG85),"") -> 2.9074573 | K85: =IF(COUNT(L85:BG85)>1,STDEV(L85:BG85)/AVERAGE(L85:BG85),"") -> 0.41896761 | M85: 13.238675 | N85: 12.020688 | O85: 13.843805 | P85: 10.591327 | Q85: 8.6548017 | R85: 9.1411012 | S85: 9.8892837 | T85: 8.767231 | U85: 9.0862434 | V85: 8.6614427 | W85: 9.6288546 | X85: 9.6688253 | Y85: 8.8618267 | Z85: 8.5019084 | AA85: 9.1533413 | AB85: 9.2717918 | AC85: 9.6040029 | AD85: 10.187484 | AE85: 9.5250874 | AF85: 9.9054224 | AG85: 7.6782473 | AH85: 7.2988346 | AI85: 6.7702475 | AJ85: 5.9465949 | AK85: 6.0776627 | AL85: 5.2058736 | AM85: 4.4667388 | AN85: 4.5879206 | AO85: 4.3636678 | AP85: 4.0898305 | AQ85: 3.7681128 | AR85: 3.7798965 | AS85: 3.5849247 | AT85: 3.7438795 | AU85: 4.0588061 | AV85: 5.8202596 | AW85: 5.9406988 | AX85: 5.6270236 | AY85: 4.2674439 | AZ85: 4.0858778 | BA85: 4.5961851 | BB85: 4.2506903 | BC85: 3.7187195 | BD85: 3.644656 | BE85: 4.2640432 | BF85: 3.3589672 | BG85: 2.9610904
C86: Total Dividend per Share | D86: =IF(COUNT(L86:BG86)>0,MEDIAN(L86:BG86),"") -> 0.355 | E86: =IF(COUNT(L86:BG86)>0,AVERAGE(L86:BG86),"") -> 0.63621341 | F86: =IF(COUNT(L86:BG86)>0,MIN(L86:BG86),"") -> 0 | G86: =IF(COUNT(L86:BG86)>0,MAX(L86:BG86),"") -> 2.266 | H86: =IF(COUNT(L86:BG86)>0,QUARTILE(L86:BG86,1),"") -> 0.2725 | I86: =IF(COUNT(L86:BG86)>0,QUARTILE(L86:BG86,3),"") -> 0.77 | J86: =IF(COUNT(L86:BG86)>1,STDEV(L86:BG86),"") -> 0.56491646 | K86: =IF(COUNT(L86:BG86)>1,STDEV(L86:BG86)/AVERAGE(L86:BG86),"") -> 0.88793547 | M86: 2.266 | N86: 2.06 | O86: 1.87 | P86: 1.7 | Q86: 1.54 | R86: 1.4 | S86: 1.25 | T86: 1.11 | U86: 0.9825 | V86: 0.87 | W86: 0.77 | X86: 0.725 | Y86: 0.66 | Z86: 0.6 | AA86: 0.55 | AB86: 0.5 | AC86: 0.4725 | AD86: 0.445 | AE86: 0.41 | AF86: 0.375 | AG86: 0.355 | AH86: 0.325 | AI86: 0.3 | AJ86: 0.29 | AK86: 0.28 | AL86: 0.27 | AM86: 0.26 | AN86: 0.25 | AO86: 0.24 | AP86: 0.23 | AQ86: 0.22 | AR86: 0.235 | AS86: 0.30875 | AT86: 0.30375 | AU86: 0.29875 | AV86: 0.2925 | AW86: 0.2825 | AX86: 0.2725 | AY86: 0.2625 | AZ86: 0.2525 | BA86: 0
C87: Reported Normalized and Operating Income/Expense Supplemental Section | D87: =IF(COUNT(L87:BG87)>0,MEDIAN(L87:BG87),"") | E87: =IF(COUNT(L87:BG87)>0,AVERAGE(L87:BG87),"") | F87: =IF(COUNT(L87:BG87)>0,MIN(L87:BG87),"") | G87: =IF(COUNT(L87:BG87)>0,MAX(L87:BG87),"") | H87: =IF(COUNT(L87:BG87)>0,QUARTILE(L87:BG87,1),"") | I87: =IF(COUNT(L87:BG87)>0,QUARTILE(L87:BG87,3),"") | J87: =IF(COUNT(L87:BG87)>1,STDEV(L87:BG87),"") | K87: =IF(COUNT(L87:BG87)>1,STDEV(L87:BG87)/AVERAGE(L87:BG87),"")
C88: Reported Total Revenue | D88: =IF(COUNT(L88:BG88)>0,MEDIAN(L88:BG88),"") -> 8217000 | E88: =IF(COUNT(L88:BG88)>0,AVERAGE(L88:BG88),"") -> 11057032 | F88: =IF(COUNT(L88:BG88)>0,MIN(L88:BG88),"") -> 1933900 | G88: =IF(COUNT(L88:BG88)>0,MAX(L88:BG88),"") -> 28114000 | H88: =IF(COUNT(L88:BG88)>0,QUARTILE(L88:BG88,1),"") -> 5369500 | I88: =IF(COUNT(L88:BG88)>0,QUARTILE(L88:BG88,3),"") -> 16274000 | J88: =IF(COUNT(L88:BG88)>1,STDEV(L88:BG88),"") -> 6938177.6 | K88: =IF(COUNT(L88:BG88)>1,STDEV(L88:BG88)/AVERAGE(L88:BG88),"") -> 0.62749006 | M88: 27412000 | N88: 24753000 | O88: 28114000 | P88: 20956000 | Q88: 17069000 | R88: 17997000 | S88: 19204000 | T88: 16727000 | U88: 17173000 | V88: 16138000 | W88: 17486000 | X88: 17021000 | Y88: 15136000 | Z88: 14256000 | AA88: 15341000 | AB88: 15317000 | AC88: 15643000 | AD88: 16410000 | AE88: 15263000 | AF88: 15710000 | AG88: 11846000 | AH88: 10522000 | AI88: 9630000 | AJ88: 8173000 | AK88: 8217000 | AL88: 7082000 | AM88: 6438000 | AN88: 6661000 | AO88: 6369000 | AP88: 6037000 | AQ88: 5592000 | AR88: 5422700 | AS88: 5316300 | AT88: 5193300 | AU88: 5249400 | AV88: 6289000 | AW88: 6179800 | AX88: 5853500 | AY88: 4439200 | AZ88: 4091500 | BA88: 4348800 | BB88: 3940900 | BC88: 3352500 | BD88: 2940800 | BE88: 3088600 | BF88: 2347300 | BG88: 1933900
C89: Reported Operating Expense | D89: =IF(COUNT(L89:BG89)>0,MEDIAN(L89:BG89),"") -> -8312000 | E89: =IF(COUNT(L89:BG89)>0,AVERAGE(L89:BG89),"") -> -8792465.6 | F89: =IF(COUNT(L89:BG89)>0,MIN(L89:BG89),"") -> -19392000 | G89: =IF(COUNT(L89:BG89)>0,MAX(L89:BG89),"") -> -2558900 | H89: =IF(COUNT(L89:BG89)>0,QUARTILE(L89:BG89,1),"") -> -12691250 | I89: =IF(COUNT(L89:BG89)>0,QUARTILE(L89:BG89,3),"") -> -3356250 | J89: =IF(COUNT(L89:BG89)>1,STDEV(L89:BG89),"") -> 5602445.8 | K89: =IF(COUNT(L89:BG89)>1,STDEV(L89:BG89)/AVERAGE(L89:BG89),"") -> -0.63718711 | M89: -19392000 | N89: -17626000 | O89: -18282000 | P89: -17397000 | Q89: -14233000 | R89: -13234000 | S89: -14257000 | T89: -12527000 | U89: -12000000 | V89: -11679000 | W89: -12854000 | X89: -12637000 | Y89: -11895000 | Z89: -10980000 | AA89: -12080000 | AB89: -12090000 | AC89: -5644000 | AD89: -5173000 | AE89: -4788000 | AF89: -4670000 | AG89: -4185000 | AH89: -3820000 | AI89: -3560000 | AJ89: -3420000 | AK89: -3048000 | AL89: -2974000 | AM89: -2896000 | AN89: -3165000 | AO89: -2886000 | AP89: -2735000 | AQ89: -2673000 | AR89: -2558900
C90: Reported Total Operating Profit/Loss | D90: =IF(COUNT(L90:BG90)>0,MEDIAN(L90:BG90),"") -> 2869000 | E90: =IF(COUNT(L90:BG90)>0,AVERAGE(L90:BG90),"") -> 3271796.9 | F90: =IF(COUNT(L90:BG90)>0,MIN(L90:BG90),"") -> 1148500 | G90: =IF(COUNT(L90:BG90)>0,MAX(L90:BG90),"") -> 10237000 | H90: =IF(COUNT(L90:BG90)>0,QUARTILE(L90:BG90,1),"") -> 1370500 | I90: =IF(COUNT(L90:BG90)>0,QUARTILE(L90:BG90,3),"") -> 4402750 | J90: =IF(COUNT(L90:BG90)>1,STDEV(L90:BG90),"") -> 2266247.7 | K90: =IF(COUNT(L90:BG90)>1,STDEV(L90:BG90)/AVERAGE(L90:BG90),"") -> 0.6926615 | M90: 8280000 | N90: 7479000 | O90: 10237000 | P90: 4081000 | Q90: 2913000 | R90: 5116000 | S90: 5353000 | T90: 4280000 | U90: 5173000 | V90: 4459000 | W90: 4632000 | X90: 4384000 | Y90: 3241000 | Z90: 3276000 | AA90: 3261000 | AB90: 3227000 | AC90: 2594000 | AD90: 2825000 | AE90: 2283000 | AF90: 2097000 | AG90: 1490000 | AH90: 1485000 | AI90: 1531000 | AJ90: 1177000 | AK90: 1410000 | AL90: 1240000 | AM90: 1177000 | AN90: 1252000 | AO90: 1228000 | AP90: 1171000 | AQ90: 1197000 | AR90: 1148500
C91: Reported Normalized Income | D91: =IF(COUNT(L91:BG91)>0,MEDIAN(L91:BG91),"") -> 3673000 | E91: =IF(COUNT(L91:BG91)>0,AVERAGE(L91:BG91),"") -> 3998800 | F91: =IF(COUNT(L91:BG91)>0,MIN(L91:BG91),"") -> 1778000 | G91: =IF(COUNT(L91:BG91)>0,MAX(L91:BG91),"") -> 7683000 | H91: =IF(COUNT(L91:BG91)>0,QUARTILE(L91:BG91,1),"") -> 2226000 | I91: =IF(COUNT(L91:BG91)>0,QUARTILE(L91:BG91,3),"") -> 5381500 | J91: =IF(COUNT(L91:BG91)>1,STDEV(L91:BG91),"") -> 2006100.6 | K91: =IF(COUNT(L91:BG91)>1,STDEV(L91:BG91)/AVERAGE(L91:BG91),"") -> 0.50167565 | M91: 7683000 | N91: 7063000 | O91: 6441000 | P91: 5742000 | Q91: 5021000 | R91: 4552000 | S91: 4062000 | T91: 3673000 | U91: 3165000 | W91: 2599000 | X91: 2334000 | Y91: 2118000 | Z91: 1914000 | AA91: 1837000 | AB91: 1778000
C92: Reported Normalized Diluted EPS | D92: =IF(COUNT(L92:BG92)>0,MEDIAN(L92:BG92),"") -> 1.8 | E92: =IF(COUNT(L92:BG92)>0,AVERAGE(L92:BG92),"") -> 2.03875 | F92: =IF(COUNT(L92:BG92)>0,MIN(L92:BG92),"") -> 1.075 | G92: =IF(COUNT(L92:BG92)>0,MAX(L92:BG92),"") -> 3.71 | H92: =IF(COUNT(L92:BG92)>0,QUARTILE(L92:BG92,1),"") -> 1.304375 | I92: =IF(COUNT(L92:BG92)>0,QUARTILE(L92:BG92,3),"") -> 2.6375 | J92: =IF(COUNT(L92:BG92)>1,STDEV(L92:BG92),"") -> 0.87975991 | K92: =IF(COUNT(L92:BG92)>1,STDEV(L92:BG92)/AVERAGE(L92:BG92),"") -> 0.43151927 | M92: 3.71 | N92: 3.43 | O92: 3.17 | P92: 2.9 | Q92: 2.55 | R92: 2.31 | S92: 2.0925 | T92: 1.925 | U92: 1.675 | V92: 1.5475 | W92: 1.4275 | X92: 1.325 | Y92: 1.2425 | Z92: 1.1425 | AA92: 1.0975 | AB92: 1.075
C93: Reported Effective Tax Rate | D93: =IF(COUNT(L93:BG93)>0,MEDIAN(L93:BG93),"") -> 0.1835 | E93: =IF(COUNT(L93:BG93)>0,AVERAGE(L93:BG93),"") -> 0.152875 | F93: =IF(COUNT(L93:BG93)>0,MIN(L93:BG93),"") -> -0.177 | G93: =IF(COUNT(L93:BG93)>0,MAX(L93:BG93),"") -> 0.323 | H93: =IF(COUNT(L93:BG93)>0,QUARTILE(L93:BG93,1),"") -> 0.0965 | I93: =IF(COUNT(L93:BG93)>0,QUARTILE(L93:BG93,3),"") -> 0.2765 | J93: =IF(COUNT(L93:BG93)>1,STDEV(L93:BG93),"") -> 0.15431002 | K93: =IF(COUNT(L93:BG93)>1,STDEV(L93:BG93)/AVERAGE(L93:BG93),"") -> 1.0093869 | M93: -0.177 | N93: 0.056 | O93: 0.138 | P93: 0.153 | Q93: 0.11 | R93: 0.018 | S93: 0.117 | T93: 0.214 | U93: -0.142 | V93: 0.315 | W93: 0.308 | X93: 0.323 | Y93: 0.317 | Z93: 0.266 | AA93: 0.216 | AB93: 0.214
C94: Profitability Metrics | D94: =IF(COUNT(L94:BG94)>0,MEDIAN(L94:BG94),"") | E94: =IF(COUNT(L94:BG94)>0,AVERAGE(L94:BG94),"") | F94: =IF(COUNT(L94:BG94)>0,MIN(L94:BG94),"") | G94: =IF(COUNT(L94:BG94)>0,MAX(L94:BG94),"") | H94: =IF(COUNT(L94:BG94)>0,QUARTILE(L94:BG94,1),"") | I94: =IF(COUNT(L94:BG94)>0,QUARTILE(L94:BG94,3),"") | J94: =IF(COUNT(L94:BG94)>1,STDEV(L94:BG94),"") | K94: =IF(COUNT(L94:BG94)>1,STDEV(L94:BG94)/AVERAGE(L94:BG94),"")
C95: Unadjusted Profitability Metrics | D95: =IF(COUNT(L95:BG95)>0,MEDIAN(L95:BG95),"") | E95: =IF(COUNT(L95:BG95)>0,AVERAGE(L95:BG95),"") | F95: =IF(COUNT(L95:BG95)>0,MIN(L95:BG95),"") | G95: =IF(COUNT(L95:BG95)>0,MAX(L95:BG95),"") | H95: =IF(COUNT(L95:BG95)>0,QUARTILE(L95:BG95,1),"") | I95: =IF(COUNT(L95:BG95)>0,QUARTILE(L95:BG95,3),"") | J95: =IF(COUNT(L95:BG95)>1,STDEV(L95:BG95),"") | K95: =IF(COUNT(L95:BG95)>1,STDEV(L95:BG95)/AVERAGE(L95:BG95),"")
C96: EBITDA | D96: =IF(COUNT(L96:BG96)>0,MEDIAN(L96:BG96),"") -> 4987000 | E96: =IF(COUNT(L96:BG96)>0,AVERAGE(L96:BG96),"") -> 6031996.9 | F96: =IF(COUNT(L96:BG96)>0,MIN(L96:BG96),"") -> 1549900 | G96: =IF(COUNT(L96:BG96)>0,MAX(L96:BG96),"") -> 16763000 | H96: =IF(COUNT(L96:BG96)>0,QUARTILE(L96:BG96,1),"") -> 2206000 | I96: =IF(COUNT(L96:BG96)>0,QUARTILE(L96:BG96,3),"") -> 8703000 | J96: =IF(COUNT(L96:BG96)>1,STDEV(L96:BG96),"") -> 4420758.3 | K96: =IF(COUNT(L96:BG96)>1,STDEV(L96:BG96)/AVERAGE(L96:BG96),"") -> 0.73288472 | M96: 16043000 | N96: 14033000 | O96: 16763000 | P96: 9207000 | Q96: 8659000 | R96: 8678000 | S96: 10563000 | T96: 12946000 | U96: 8778000 | V96: 8822000 | W96: 8318000 | X96: 7722000 | Y96: 6018000 | Z96: 5332000 | AA96: 5257000 | AB96: 5450000 | AC96: 4717000 | AD96: 4473000 | AE96: 3159000 | AF96: 3099000 | AG96: 2679000 | AH96: 2414000 | AI96: 2379000 | AJ96: 1847000 | AK96: 2143000 | AL96: 2072000 | AM96: 2060000 | AN96: 2227000 | AO96: 1983000 | AP96: 1833000 | AQ96: 1800000 | AR96: 1549900
C97: EBITA | D97: =IF(COUNT(L97:BG97)>0,MEDIAN(L97:BG97),"") -> 4635500 | E97: =IF(COUNT(L97:BG97)>0,AVERAGE(L97:BG97),"") -> 5386111.1 | F97: =IF(COUNT(L97:BG97)>0,MIN(L97:BG97),"") -> 2713000 | G97: =IF(COUNT(L97:BG97)>0,MAX(L97:BG97),"") -> 10612000 | H97: =IF(COUNT(L97:BG97)>0,QUARTILE(L97:BG97,1),"") -> 3511500 | I97: =IF(COUNT(L97:BG97)>0,QUARTILE(L97:BG97,3),"") -> 6126250 | J97: =IF(COUNT(L97:BG97)>1,STDEV(L97:BG97),"") -> 2350969.8 | K97: =IF(COUNT(L97:BG97)>1,STDEV(L97:BG97)/AVERAGE(L97:BG97),"") -> 0.43648743 | M97: 9102000 | N97: 8272000 | O97: 10612000 | P97: 4417000 | Q97: 4445000 | R97: 4363000 | S97: 6085000 | T97: 8799000 | U97: 6140000 | V97: 5394000 | W97: 5115000 | X97: 4826000 | Y97: 3497000 | Z97: 3555000 | AA97: 3408000 | AB97: 3377000 | AC97: 2713000 | AD97: 2830000
C98: EBIT | D98: =IF(COUNT(L98:BG98)>0,MEDIAN(L98:BG98),"") -> 3103500 | E98: =IF(COUNT(L98:BG98)>0,AVERAGE(L98:BG98),"") -> 3516406.2 | F98: =IF(COUNT(L98:BG98)>0,MIN(L98:BG98),"") -> 826000 | G98: =IF(COUNT(L98:BG98)>0,MAX(L98:BG98),"") -> 10612000 | H98: =IF(COUNT(L98:BG98)>0,QUARTILE(L98:BG98,1),"") -> 1130000 | I98: =IF(COUNT(L98:BG98)>0,QUARTILE(L98:BG98,3),"") -> 4898250 | J98: =IF(COUNT(L98:BG98)>1,STDEV(L98:BG98),"") -> 2775252.2 | K98: =IF(COUNT(L98:BG98)>1,STDEV(L98:BG98)/AVERAGE(L98:BG98),"") -> 0.78922968 | M98: 9102000 | N98: 8272000 | O98: 10612000 | P98: 4417000 | Q98: 4445000 | R98: 4363000 | S98: 6085000 | T98: 8799000 | U98: 6140000 | V98: 5394000 | W98: 5115000 | X98: 4826000 | Y98: 3497000 | Z98: 3555000 | AA98: 3408000 | AB98: 3377000 | AC98: 2713000 | AD98: 2830000 | AE98: 1680000 | AF98: 1678000 | AG98: 1183000 | AH98: 1168000 | AI98: 1261000 | AJ98: 939000 | AK98: 1160000 | AL98: 1040000 | AM98: 1020000 | AN98: 943000 | AO98: 922000 | AP98: 873000 | AQ98: 882000 | AR98: 826000
C99: EBITDAR | D99: =IF(COUNT(L99:BG99)>0,MEDIAN(L99:BG99),"") -> 4987000 | E99: =IF(COUNT(L99:BG99)>0,AVERAGE(L99:BG99),"") -> 6031996.9 | F99: =IF(COUNT(L99:BG99)>0,MIN(L99:BG99),"") -> 1549900 | G99: =IF(COUNT(L99:BG99)>0,MAX(L99:BG99),"") -> 16763000 | H99: =IF(COUNT(L99:BG99)>0,QUARTILE(L99:BG99,1),"") -> 2206000 | I99: =IF(COUNT(L99:BG99)>0,QUARTILE(L99:BG99,3),"") -> 8703000 | J99: =IF(COUNT(L99:BG99)>1,STDEV(L99:BG99),"") -> 4420758.3 | K99: =IF(COUNT(L99:BG99)>1,STDEV(L99:BG99)/AVERAGE(L99:BG99),"") -> 0.73288472 | M99: 16043000 | N99: 14033000 | O99: 16763000 | P99: 9207000 | Q99: 8659000 | R99: 8678000 | S99: 10563000 | T99: 12946000 | U99: 8778000 | V99: 8822000 | W99: 8318000 | X99: 7722000 | Y99: 6018000 | Z99: 5332000 | AA99: 5257000 | AB99: 5450000 | AC99: 4717000 | AD99: 4473000 | AE99: 3159000 | AF99: 3099000 | AG99: 2679000 | AH99: 2414000 | AI99: 2379000 | AJ99: 1847000 | AK99: 2143000 | AL99: 2072000 | AM99: 2060000 | AN99: 2227000 | AO99: 1983000 | AP99: 1833000 | AQ99: 1800000 | AR99: 1549900
C100: Interest and Dividend Income | D100: =IF(COUNT(L100:BG100)>0,MEDIAN(L100:BG100),"") -> 80000 | E100: =IF(COUNT(L100:BG100)>0,AVERAGE(L100:BG100),"") -> 78545.455 | F100: =IF(COUNT(L100:BG100)>0,MIN(L100:BG100),"") -> 51000 | G100: =IF(COUNT(L100:BG100)>0,MAX(L100:BG100),"") -> 91000 | H100: =IF(COUNT(L100:BG100)>0,QUARTILE(L100:BG100,1),"") -> 78000 | I100: =IF(COUNT(L100:BG100)>0,QUARTILE(L100:BG100,3),"") -> 84000 | J100: =IF(COUNT(L100:BG100)>1,STDEV(L100:BG100),"") -> 10434.209 | K100: =IF(COUNT(L100:BG100)>1,STDEV(L100:BG100)/AVERAGE(L100:BG100),"") -> 0.13284294 | T100: 51000 | U100: 81000 | V100: 82000 | W100: 86000 | X100: 80000 | Y100: 78000 | Z100: 86000 | AA100: 79000 | AB100: 91000 | AC100: 78000 | AD100: 72000
C101: Tax Effect of Unusual Items | D101: =IF(COUNT(L101:BG101)>0,MEDIAN(L101:BG101),"") -> 0 | E101: =IF(COUNT(L101:BG101)>0,AVERAGE(L101:BG101),"") -> -48855.734 | F101: =IF(COUNT(L101:BG101)>0,MIN(L101:BG101),"") -> -870124 | G101: =IF(COUNT(L101:BG101)>0,MAX(L101:BG101),"") -> 143973 | H101: =IF(COUNT(L101:BG101)>0,QUARTILE(L101:BG101,1),"") -> -43775.052 | I101: =IF(COUNT(L101:BG101)>0,QUARTILE(L101:BG101,3),"") -> 0 | J101: =IF(COUNT(L101:BG101)>1,STDEV(L101:BG101),"") -> 151839.67 | K101: =IF(COUNT(L101:BG101)>1,STDEV(L101:BG101)/AVERAGE(L101:BG101),"") -> -3.1079191 | M101: -125370 | N101: -87360 | O101: -390816 | P101: 143973 | Q101: 141460 | R101: -2358 | S101: -106704 | T101: -870124 | U101: -200400 | V101: -217665 | W101: -160160 | X101: -226100 | Y101: 58328 | Z101: -77938 | AA101: -33912 | AB101: -97370 | AC101: 9934.6035 | AD101: -53638.104 | AE101: 0 | AF101: 0 | AG101: 0 | AH101: 0 | AI101: 0 | AJ101: 0 | AK101: 0 | AL101: 0 | AM101: 0 | AN101: 0 | AO101: 0 | AP101: 0 | AQ101: 0 | AR101: 0 | AS101: 0 | AT101: 0 | AU101: 0 | AV101: 0 | AW101: 0 | AX101: 0 | AY101: 0 | AZ101: 0 | BA101: 0 | BB101: 0 | BC101: 0 | BD101: 0 | BE101: 0 | BF101: 0 | BG101: 0
C102: Total Unusual Items | D102: =IF(COUNT(L102:BG102)>0,MEDIAN(L102:BG102),"") -> 0 | E102: =IF(COUNT(L102:BG102)>0,AVERAGE(L102:BG102),"") -> -238170.21 | F102: =IF(COUNT(L102:BG102)>0,MIN(L102:BG102),"") -> -4066000 | G102: =IF(COUNT(L102:BG102)>0,MAX(L102:BG102),"") -> 1286000 | H102: =IF(COUNT(L102:BG102)>0,QUARTILE(L102:BG102,1),"") -> -203000 | I102: =IF(COUNT(L102:BG102)>0,QUARTILE(L102:BG102,3),"") -> 0 | J102: =IF(COUNT(L102:BG102)>1,STDEV(L102:BG102),"") -> 807174.85 | K102: =IF(COUNT(L102:BG102)>1,STDEV(L102:BG102)/AVERAGE(L102:BG102),"") -> -3.3890672 | M102: -597000 | N102: -1560000 | O102: -2832000 | P102: 941000 | Q102: 1286000 | R102: -131000 | S102: -912000 | T102: -4066000 | U102: -501000 | V102: -691000 | W102: -520000 | X102: -700000 | Y102: 184000 | Z102: -293000 | AA102: -157000 | AB102: -455000 | AC102: 59000 | AD102: -249000 | AE102: 0 | AF102: 0 | AG102: 0 | AH102: 0 | AI102: 0 | AJ102: 0 | AK102: 0 | AL102: 0 | AM102: 0 | AN102: 0 | AO102: 0 | AP102: 0 | AQ102: 0 | AR102: 0 | AS102: 0 | AT102: 0 | AU102: 0 | AV102: 0 | AW102: 0 | AX102: 0 | AY102: 0 | AZ102: 0 | BA102: 0 | BB102: 0 | BC102: 0 | BD102: 0 | BE102: 0 | BF102: 0 | BG102: 0
C103: Total Unusual Items Excluding Goodwill | D103: =IF(COUNT(L103:BG103)>0,MEDIAN(L103:BG103),"") -> 0 | E103: =IF(COUNT(L103:BG103)>0,AVERAGE(L103:BG103),"") -> -238170.21 | F103: =IF(COUNT(L103:BG103)>0,MIN(L103:BG103),"") -> -4066000 | G103: =IF(COUNT(L103:BG103)>0,MAX(L103:BG103),"") -> 1286000 | H103: =IF(COUNT(L103:BG103)>0,QUARTILE(L103:BG103,1),"") -> -203000 | I103: =IF(COUNT(L103:BG103)>0,QUARTILE(L103:BG103,3),"") -> 0 | J103: =IF(COUNT(L103:BG103)>1,STDEV(L103:BG103),"") -> 807174.85 | K103: =IF(COUNT(L103:BG103)>1,STDEV(L103:BG103)/AVERAGE(L103:BG103),"") -> -3.3890672 | M103: -597000 | N103: -1560000 | O103: -2832000 | P103: 941000 | Q103: 1286000 | R103: -131000 | S103: -912000 | T103: -4066000 | U103: -501000 | V103: -691000 | W103: -520000 | X103: -700000 | Y103: 184000 | Z103: -293000 | AA103: -157000 | AB103: -455000 | AC103: 59000 | AD103: -249000 | AE103: 0 | AF103: 0 | AG103: 0 | AH103: 0 | AI103: 0 | AJ103: 0 | AK103: 0 | AL103: 0 | AM103: 0 | AN103: 0 | AO103: 0 | AP103: 0 | AQ103: 0 | AR103: 0 | AS103: 0 | AT103: 0 | AU103: 0 | AV103: 0 | AW103: 0 | AX103: 0 | AY103: 0 | AZ103: 0 | BA103: 0 | BB103: 0 | BC103: 0 | BD103: 0 | BE103: 0 | BF103: 0 | BG103: 0
C104: Cost of Revenue and Operating Expense | D104: =IF(COUNT(L104:BG104)>0,MEDIAN(L104:BG104),"") -> 12006500 | E104: =IF(COUNT(L104:BG104)>0,AVERAGE(L104:BG104),"") -> 10991444 | F104: =IF(COUNT(L104:BG104)>0,MIN(L104:BG104),"") -> 4274200 | G104: =IF(COUNT(L104:BG104)>0,MAX(L104:BG104),"") -> 19392000 | H104: =IF(COUNT(L104:BG104)>0,QUARTILE(L104:BG104,1),"") -> 6948750 | I104: =IF(COUNT(L104:BG104)>0,QUARTILE(L104:BG104,3),"") -> 13184500 | J104: =IF(COUNT(L104:BG104)>1,STDEV(L104:BG104),"") -> 4264177.9 | K104: =IF(COUNT(L104:BG104)>1,STDEV(L104:BG104)/AVERAGE(L104:BG104),"") -> 0.38795431 | M104: 19392000 | N104: 17626000 | O104: 18282000 | P104: 17397000 | Q104: 14233000 | R104: 13051000 | S104: 14023000 | T104: 12524000 | U104: 11341000 | V104: 11984000 | W104: 12824000 | X104: 12664000 | Y104: 11595000 | Z104: 10980000 | AA104: 12029000 | AB104: 12071000 | AC104: 13049000 | AD104: 13585000 | AE104: 12980000 | AF104: 13613000 | AG104: 10356000 | AH104: 9037000 | AI104: 8099000 | AJ104: 6996000 | AK104: 6807000 | AL104: 5842000 | AM104: 5261000 | AN104: 5409000 | AO104: 5141000 | AP104: 4866000 | AQ104: 4395000 | AR104: 4274200
...

Sheet PitchBook_BS
C3: Balance Sheet (Fiscal Year)
C4: Downloaded On: 19-Mar-2026 | D4: Summary Stats
C5: Company: NextEra Energy (NYS: NEE) | D5: Median | E5: Mean | F5: Min | G5: Max | H5: 25th pctile | I5: 75th pctile | J5: Std. Dev | K5: Coefficient of Variation | M5: FY 2025 | N5: FY 2024 | O5: FY 2023 | P5: FY 2022 | Q5: FY 2021 | R5: FY 2020 | S5: FY 2019 | T5: FY 2018 | U5: FY 2017 | V5: FY 2016 | W5: FY 2015 | X5: FY 2014 | Y5: FY 2013 | Z5: FY 2012 | AA5: FY 2011 | AB5: FY 2010 | AC5: FY 2009 | AD5: FY 2008 | AE5: FY 2007 | AF5: FY 2006 | AG5: FY 2005 | AH5: FY 2004 | AI5: FY 2003 | AJ5: FY 2002 | AK5: FY 2001 | AL5: FY 2000 | AM5: FY 1999 | AN5: FY 1998 | AO5: FY 1997 | AP5: FY 1996 | AQ5: FY 1995 | AR5: FY 1994
C7: Amounts in Thousands, USD (except Ratios, Multiples & per share items)
M9: Filed: 13-Feb-2026 | N9: Filed: 13-Feb-2026 | O9: Filed: 14-Feb-2025 | P9: Filed: 16-Feb-2024 | Q9: Filed: 17-Feb-2023 | R9: Filed: 18-Feb-2022 | S9: Filed: 12-Feb-2021 | T9: Filed: 14-Feb-2020 | U9: Filed: 15-Feb-2019 | V9: Filed: 16-Feb-2018 | W9: Filed: 23-Feb-2017 | X9: Filed: 22-Feb-2016 | Y9: Filed: 20-Feb-2015 | Z9: Filed: 31-Dec-2012 | AA9: Filed: 31-Dec-2011 | AB9: Filed: 31-Dec-2010 | AC9: Filed: 31-Dec-2009 | AD9: Filed: 31-Dec-2008 | AE9: Filed: 31-Dec-2007 | AF9: Filed: 31-Dec-2006 | AG9: Filed: 31-Dec-2005 | AH9: Filed: 31-Dec-2004 | AI9: Filed: 31-Dec-2003 | AJ9: Filed: 31-Dec-2002 | AK9: Filed: 31-Dec-2001 | AL9: Filed: 31-Dec-2000 | AM9: Filed: 31-Dec-1999 | AN9: Filed: 31-Dec-1998 | AO9: Filed: 31-Dec-1997 | AP9: Filed: 31-Dec-1996 | AQ9: Filed: 31-Dec-1995 | AR9: Filed: 31-Dec-1994
M10: View 10-K | N10: View 10-K | O10: View 10-K | P10: View 10-K | Q10: View 10-K | R10: View 10-K | S10: View 10-K | T10: View 10-K | U10: View 10-K | V10: View 10-K | W10: View 10-K | X10: View 10-K | Y10: View 10-K | Z10: View 10-K | AA10: View 10-K | AB10: View 10-K | AC10: View 10-K | AD10: View 10-K
C11: Assets | D11: =IF(COUNT(L11:AR11)>0,MEDIAN(L11:AR11),"") | E11: =IF(COUNT(L11:AR11)>0,AVERAGE(L11:AR11),"") | F11: =IF(COUNT(L11:AR11)>0,MIN(L11:AR11),"") | G11: =IF(COUNT(L11:AR11)>0,MAX(L11:AR11),"") | H11: =IF(COUNT(L11:AR11)>0,QUARTILE(L11:AR11,1),"") | I11: =IF(COUNT(L11:AR11)>0,QUARTILE(L11:AR11,3),"") | J11: =IF(COUNT(L11:AR11)>1,STDEV(L11:AR11),"") | K11: =IF(COUNT(L11:AR11)>1,STDEV(L11:AR11)/AVERAGE(L11:AR11),"")
C12: Current Assets | D12: =IF(COUNT(L12:AR12)>0,MEDIAN(L12:AR12),"") | E12: =IF(COUNT(L12:AR12)>0,AVERAGE(L12:AR12),"") | F12: =IF(COUNT(L12:AR12)>0,MIN(L12:AR12),"") | G12: =IF(COUNT(L12:AR12)>0,MAX(L12:AR12),"") | H12: =IF(COUNT(L12:AR12)>0,QUARTILE(L12:AR12,1),"") | I12: =IF(COUNT(L12:AR12)>0,QUARTILE(L12:AR12,3),"") | J12: =IF(COUNT(L12:AR12)>1,STDEV(L12:AR12),"") | K12: =IF(COUNT(L12:AR12)>1,STDEV(L12:AR12)/AVERAGE(L12:AR12),"")
C13: Cash, Cash Equivalents and Short Term Investments | D13: =IF(COUNT(L13:AR13)>0,MEDIAN(L13:AR13),"") | E13: =IF(COUNT(L13:AR13)>0,AVERAGE(L13:AR13),"") | F13: =IF(COUNT(L13:AR13)>0,MIN(L13:AR13),"") | G13: =IF(COUNT(L13:AR13)>0,MAX(L13:AR13),"") | H13: =IF(COUNT(L13:AR13)>0,QUARTILE(L13:AR13,1),"") | I13: =IF(COUNT(L13:AR13)>0,QUARTILE(L13:AR13,3),"") | J13: =IF(COUNT(L13:AR13)>1,STDEV(L13:AR13),"") | K13: =IF(COUNT(L13:AR13)>1,STDEV(L13:AR13)/AVERAGE(L13:AR13),"")
C14: Cash and Cash Equivalents | D14: =IF(COUNT(L14:AR14)>0,MEDIAN(L14:AR14),"") -> 407500 | E14: =IF(COUNT(L14:AR14)>0,AVERAGE(L14:AR14),"") -> 660812.5 | F14: =IF(COUNT(L14:AR14)>0,MIN(L14:AR14),"") -> 46200 | G14: =IF(COUNT(L14:AR14)>0,MAX(L14:AR14),"") -> 2812000 | H14: =IF(COUNT(L14:AR14)>0,QUARTILE(L14:AR14,1),"") -> 217750 | I14: =IF(COUNT(L14:AR14)>0,QUARTILE(L14:AR14,3),"") -> 638250 | J14: =IF(COUNT(L14:AR14)>1,STDEV(L14:AR14),"") -> 709608.82 | K14: =IF(COUNT(L14:AR14)>1,STDEV(L14:AR14)/AVERAGE(L14:AR14),"") -> 1.0738429 | M14: 2812000 | N14: 1487000 | O14: 2690000 | P14: 1601000 | Q14: 639000 | R14: 1105000 | S14: 600000 | T14: 638000 | U14: 1714000 | V14: 1292000 | W14: 571000 | X14: 577000 | Y14: 438000 | Z14: 329000 | AA14: 377000 | AB14: 302000 | AC14: 238000 | AD14: 535000 | AE14: 290000 | AF14: 620000 | AG14: 530000 | AH14: 225000 | AI14: 129000 | AJ14: 266000 | AK14: 82000 | AL14: 129000 | AM14: 361000 | AN14: 187000 | AO14: 54000 | AP14: 196000 | AQ14: 46200 | AR14: 85800
C15: Short Term Investments | D15: =IF(COUNT(L15:AR15)>0,MEDIAN(L15:AR15),"") -> 0 | E15: =IF(COUNT(L15:AR15)>0,AVERAGE(L15:AR15),"") -> 0 | F15: =IF(COUNT(L15:AR15)>0,MIN(L15:AR15),"") -> 0 | G15: =IF(COUNT(L15:AR15)>0,MAX(L15:AR15),"") -> 0 | H15: =IF(COUNT(L15:AR15)>0,QUARTILE(L15:AR15,1),"") -> 0 | I15: =IF(COUNT(L15:AR15)>0,QUARTILE(L15:AR15,3),"") -> 0 | J15: =IF(COUNT(L15:AR15)>1,STDEV(L15:AR15),"") -> 0 | K15: =IF(COUNT(L15:AR15)>1,STDEV(L15:AR15)/AVERAGE(L15:AR15),"") -> #DIV/0! | AB15: 0 | AC15: 0
C16: Total Cash, Cash Equivalents and Short Term Investments | D16: =IF(COUNT(L16:AR16)>0,MEDIAN(L16:AR16),"") -> 407500 | E16: =IF(COUNT(L16:AR16)>0,AVERAGE(L16:AR16),"") -> 660812.5 | F16: =IF(COUNT(L16:AR16)>0,MIN(L16:AR16),"") -> 46200 | G16: =IF(COUNT(L16:AR16)>0,MAX(L16:AR16),"") -> 2812000 | H16: =IF(COUNT(L16:AR16)>0,QUARTILE(L16:AR16,1),"") -> 217750 | I16: =IF(COUNT(L16:AR16)>0,QUARTILE(L16:AR16,3),"") -> 638250 | J16: =IF(COUNT(L16:AR16)>1,STDEV(L16:AR16),"") -> 709608.82 | K16: =IF(COUNT(L16:AR16)>1,STDEV(L16:AR16)/AVERAGE(L16:AR16),"") -> 1.0738429 | M16: 2812000 | N16: 1487000 | O16: 2690000 | P16: 1601000 | Q16: 639000 | R16: 1105000 | S16: 600000 | T16: 638000 | U16: 1714000 | V16: 1292000 | W16: 571000 | X16: 577000 | Y16: 438000 | Z16: 329000 | AA16: 377000 | AB16: 302000 | AC16: 238000 | AD16: 535000 | AE16: 290000 | AF16: 620000 | AG16: 530000 | AH16: 225000 | AI16: 129000 | AJ16: 266000 | AK16: 82000 | AL16: 129000 | AM16: 361000 | AN16: 187000 | AO16: 54000 | AP16: 196000 | AQ16: 46200 | AR16: 85800
C17: Derivative Investment and Hedging Assets, Current | D17: =IF(COUNT(L17:AR17)>0,MEDIAN(L17:AR17),"") -> 742000 | E17: =IF(COUNT(L17:AR17)>0,AVERAGE(L17:AR17),"") -> 853882.35 | F17: =IF(COUNT(L17:AR17)>0,MIN(L17:AR17),"") -> 425000 | G17: =IF(COUNT(L17:AR17)>0,MAX(L17:AR17),"") -> 1730000 | H17: =IF(COUNT(L17:AR17)>0,QUARTILE(L17:AR17,1),"") -> 564000 | I17: =IF(COUNT(L17:AR17)>0,QUARTILE(L17:AR17,3),"") -> 997000 | J17: =IF(COUNT(L17:AR17)>1,STDEV(L17:AR17),"") -> 390425.39 | K17: =IF(COUNT(L17:AR17)>1,STDEV(L17:AR17)/AVERAGE(L17:AR17),"") -> 0.45723558 | M17: 997000 | N17: 879000 | O17: 1730000 | P17: 1590000 | Q17: 689000 | R17: 570000 | S17: 762000 | T17: 564000 | U17: 489000 | V17: 885000 | W17: 712000 | X17: 1354000 | Y17: 498000 | Z17: 517000 | AA17: 1113000 | AB17: 742000 | AC17: 425000
C18: Inventories | D18: =IF(COUNT(L18:AR18)>0,MEDIAN(L18:AR18),"") | E18: =IF(COUNT(L18:AR18)>0,AVERAGE(L18:AR18),"") | F18: =IF(COUNT(L18:AR18)>0,MIN(L18:AR18),"") | G18: =IF(COUNT(L18:AR18)>0,MAX(L18:AR18),"") | H18: =IF(COUNT(L18:AR18)>0,QUARTILE(L18:AR18,1),"") | I18: =IF(COUNT(L18:AR18)>0,QUARTILE(L18:AR18,3),"") | J18: =IF(COUNT(L18:AR18)>1,STDEV(L18:AR18),"") | K18: =IF(COUNT(L18:AR18)>1,STDEV(L18:AR18)/AVERAGE(L18:AR18),"")
C19: Raw Materials, Consumables and Supplies | D19: =IF(COUNT(L19:AR19)>0,MEDIAN(L19:AR19),"") -> 1292000 | E19: =IF(COUNT(L19:AR19)>0,AVERAGE(L19:AR19),"") -> 1516733.3 | F19: =IF(COUNT(L19:AR19)>0,MIN(L19:AR19),"") -> 1073000 | G19: =IF(COUNT(L19:AR19)>0,MAX(L19:AR19),"") -> 2420000 | H19: =IF(COUNT(L19:AR19)>0,QUARTILE(L19:AR19,1),"") -> 1241000 | I19: =IF(COUNT(L19:AR19)>0,QUARTILE(L19:AR19,3),"") -> 1747500 | J19: =IF(COUNT(L19:AR19)>1,STDEV(L19:AR19),"") -> 439312.36 | K19: =IF(COUNT(L19:AR19)>1,STDEV(L19:AR19)/AVERAGE(L19:AR19),"") -> 0.28964377 | M19: 2420000 | N19: 2214000 | O19: 2106000 | P19: 1934000 | Q19: 1561000 | R19: 1552000 | S19: 1328000 | T19: 1223000 | U19: 1273000 | V19: 1289000 | W19: 1259000 | X19: 1292000 | Y19: 1153000 | Z19: 1073000 | AA19: 1074000
C20: Total Inventories | D20: =IF(COUNT(L20:AR20)>0,MEDIAN(L20:AR20),"") -> 922500 | E20: =IF(COUNT(L20:AR20)>0,AVERAGE(L20:AR20),"") -> 982268.75 | F20: =IF(COUNT(L20:AR20)>0,MIN(L20:AR20),"") -> 247300 | G20: =IF(COUNT(L20:AR20)>0,MAX(L20:AR20),"") -> 2420000 | H20: =IF(COUNT(L20:AR20)>0,QUARTILE(L20:AR20,1),"") -> 388000 | I20: =IF(COUNT(L20:AR20)>0,QUARTILE(L20:AR20,3),"") -> 1289750 | J20: =IF(COUNT(L20:AR20)>1,STDEV(L20:AR20),"") -> 616652.49 | K20: =IF(COUNT(L20:AR20)>1,STDEV(L20:AR20)/AVERAGE(L20:AR20),"") -> 0.62778388 | M20: 2420000 | N20: 2214000 | O20: 2106000 | P20: 1934000 | Q20: 1561000 | R20: 1552000 | S20: 1328000 | T20: 1223000 | U20: 1273000 | V20: 1289000 | W20: 1259000 | X20: 1292000 | Y20: 1153000 | Z20: 1073000 | AA20: 1074000 | AB20: 857000 | AC20: 877000 | AD20: 968000 | AE20: 857000 | AF20: 785000 | AG20: 567000 | AH20: 394000 | AI20: 458000 | AJ20: 448000 | AK20: 349000 | AL20: 370000 | AM20: 343000 | AN20: 282000 | AO20: 302000 | AP20: 268000 | AQ20: 247300 | AR20: 309300
C21: Trade and Other Receivables, Current | D21: =IF(COUNT(L21:AR21)>0,MEDIAN(L21:AR21),"") | E21: =IF(COUNT(L21:AR21)>0,AVERAGE(L21:AR21),"") | F21: =IF(COUNT(L21:AR21)>0,MIN(L21:AR21),"") | G21: =IF(COUNT(L21:AR21)>0,MAX(L21:AR21),"") | H21: =IF(COUNT(L21:AR21)>0,QUARTILE(L21:AR21,1),"") | I21: =IF(COUNT(L21:AR21)>0,QUARTILE(L21:AR21,3),"") | J21: =IF(COUNT(L21:AR21)>1,STDEV(L21:AR21),"") | K21: =IF(COUNT(L21:AR21)>1,STDEV(L21:AR21)/AVERAGE(L21:AR21),"")
C22: Trade/Accounts Receivable, Current | D22: =IF(COUNT(L22:AR22)>0,MEDIAN(L22:AR22),"") | E22: =IF(COUNT(L22:AR22)>0,AVERAGE(L22:AR22),"") | F22: =IF(COUNT(L22:AR22)>0,MIN(L22:AR22),"") | G22: =IF(COUNT(L22:AR22)>0,MAX(L22:AR22),"") | H22: =IF(COUNT(L22:AR22)>0,QUARTILE(L22:AR22,1),"") | I22: =IF(COUNT(L22:AR22)>0,QUARTILE(L22:AR22,3),"") | J22: =IF(COUNT(L22:AR22)>1,STDEV(L22:AR22),"") | K22: =IF(COUNT(L22:AR22)>1,STDEV(L22:AR22)/AVERAGE(L22:AR22),"")
C23: Gross Trade/Accounts Receivable, Current | D23: =IF(COUNT(L23:AR23)>0,MEDIAN(L23:AR23),"") -> 2301000 | E23: =IF(COUNT(L23:AR23)>0,AVERAGE(L23:AR23),"") -> 2548266.7 | F23: =IF(COUNT(L23:AR23)>0,MIN(L23:AR23),"") -> 1383000 | G23: =IF(COUNT(L23:AR23)>0,MAX(L23:AR23),"") -> 4403000 | H23: =IF(COUNT(L23:AR23)>0,QUARTILE(L23:AR23,1),"") -> 1796000 | I23: =IF(COUNT(L23:AR23)>0,QUARTILE(L23:AR23,3),"") -> 3402500 | J23: =IF(COUNT(L23:AR23)>1,STDEV(L23:AR23),"") -> 982318.28 | K23: =IF(COUNT(L23:AR23)>1,STDEV(L23:AR23)/AVERAGE(L23:AR23),"") -> 0.38548489 | M23: 4100000 | N23: 3392000 | O23: 3661000 | P23: 4403000 | Q23: 3413000 | R23: 2330000 | S23: 2301000 | T23: 2312000 | U23: 2227000 | V23: 1795000 | W23: 1797000 | X23: 1822000 | Y23: 1791000 | Z23: 1497000 | AA23: 1383000
C24: Allowance/Adjustments for Trade/Accounts Receivable, Current | D24: =IF(COUNT(L24:AR24)>0,MEDIAN(L24:AR24),"") -> -17000 | E24: =IF(COUNT(L24:AR24)>0,AVERAGE(L24:AR24),"") -> -30533.333 | F24: =IF(COUNT(L24:AR24)>0,MIN(L24:AR24),"") -> -82000 | G24: =IF(COUNT(L24:AR24)>0,MAX(L24:AR24),"") -> -7000 | H24: =IF(COUNT(L24:AR24)>0,QUARTILE(L24:AR24,1),"") -> -53000 | I24: =IF(COUNT(L24:AR24)>0,QUARTILE(L24:AR24,3),"") -> -11000 | J24: =IF(COUNT(L24:AR24)>1,STDEV(L24:AR24),"") -> 24951 | K24: =IF(COUNT(L24:AR24)>1,STDEV(L24:AR24)/AVERAGE(L24:AR24),"") -> -0.81717248 | M24: -82000 | N24: -56000 | O24: -52000 | P24: -54000 | Q24: -35000 | R24: -67000 | S24: -19000 | T24: -10000 | U24: -7000 | V24: -11000 | W24: -13000 | X24: -17000 | Y24: -14000 | Z24: -10000 | AA24: -11000
C25: Total Trade/Accounts Receivable, Current | D25: =IF(COUNT(L25:AR25)>0,MEDIAN(L25:AR25),"") -> 1498000 | E25: =IF(COUNT(L25:AR25)>0,AVERAGE(L25:AR25),"") -> 1700656.2 | F25: =IF(COUNT(L25:AR25)>0,MIN(L25:AR25),"") -> 462000 | G25: =IF(COUNT(L25:AR25)>0,MAX(L25:AR25),"") -> 4349000 | H25: =IF(COUNT(L25:AR25)>0,QUARTILE(L25:AR25,1),"") -> 843750 | I25: =IF(COUNT(L25:AR25)>0,QUARTILE(L25:AR25,3),"") -> 2230750 | J25: =IF(COUNT(L25:AR25)>1,STDEV(L25:AR25),"") -> 1068311 | K25: =IF(COUNT(L25:AR25)>1,STDEV(L25:AR25)/AVERAGE(L25:AR25),"") -> 0.62817574 | M25: 4018000 | N25: 3336000 | O25: 3609000 | P25: 4349000 | Q25: 3378000 | R25: 2263000 | S25: 2282000 | T25: 2302000 | U25: 2220000 | V25: 1784000 | W25: 1784000 | X25: 1805000 | Y25: 1777000 | Z25: 1487000 | AA25: 1372000 | AB25: 1509000 | AC25: 1431000 | AD25: 1443000 | AE25: 1721000 | AF25: 1656000 | AG25: 1430000 | AH25: 1044000 | AI25: 1188000 | AJ25: 865000 | AK25: 780000 | AL25: 637000 | AM25: 482000 | AN25: 559000 | AO25: 501000 | AP25: 462000 | AQ25: 482300 | AR25: 464700
C26: Accrued Income/Unbilled Revenue/Cost in Excess of Billings, Current | D26: =IF(COUNT(L26:AR26)>0,MEDIAN(L26:AR26),"") -> 902500 | E26: =IF(COUNT(L26:AR26)>0,AVERAGE(L26:AR26),"") -> 902500 | F26: =IF(COUNT(L26:AR26)>0,MIN(L26:AR26),"") -> 318000 | G26: =IF(COUNT(L26:AR26)>0,MAX(L26:AR26),"") -> 1487000 | H26: =IF(COUNT(L26:AR26)>0,QUARTILE(L26:AR26,1),"") -> 610250 | I26: =IF(COUNT(L26:AR26)>0,QUARTILE(L26:AR26,3),"") -> 1194750 | J26: =IF(COUNT(L26:AR26)>1,STDEV(L26:AR26),"") -> 826607.83 | K26: =IF(COUNT(L26:AR26)>1,STDEV(L26:AR26)/AVERAGE(L26:AR26),"") -> 0.91590895 | O26: 1487000 | P26: 318000
C27: Other Receivables, Current | D27: =IF(COUNT(L27:AR27)>0,MEDIAN(L27:AR27),"") -> 661000 | E27: =IF(COUNT(L27:AR27)>0,AVERAGE(L27:AR27),"") -> 716944.44 | F27: =IF(COUNT(L27:AR27)>0,MIN(L27:AR27),"") -> 264000 | G27: =IF(COUNT(L27:AR27)>0,MAX(L27:AR27),"") -> 1733000 | H27: =IF(COUNT(L27:AR27)>0,QUARTILE(L27:AR27,1),"") -> 513250 | I27: =IF(COUNT(L27:AR27)>0,QUARTILE(L27:AR27,3),"") -> 798000 | J27: =IF(COUNT(L27:AR27)>1,STDEV(L27:AR27),"") -> 347918.6 | K27: =IF(COUNT(L27:AR27)>1,STDEV(L27:AR27)/AVERAGE(L27:AR27),"") -> 0.48527972 | M27: 1733000 | N27: 1180000 | O27: 944000 | P27: 744000 | Q27: 730000 | R27: 711000 | S27: 525000 | T27: 667000 | U27: 517000 | V27: 655000 | W27: 481000 | X27: 354000 | Y27: 512000 | Z27: 569000 | AA27: 430000 | AB27: 1073000 | AC27: 816000 | AD27: 264000
C28: Total Trade and Other Receivables, Current | D28: =IF(COUNT(L28:AR28)>0,MEDIAN(L28:AR28),"") -> 1929000 | E28: =IF(COUNT(L28:AR28)>0,AVERAGE(L28:AR28),"") -> 2160343.8 | F28: =IF(COUNT(L28:AR28)>0,MIN(L28:AR28),"") -> 462000 | G28: =IF(COUNT(L28:AR28)>0,MAX(L28:AR28),"") -> 6040000 | H28: =IF(COUNT(L28:AR28)>0,QUARTILE(L28:AR28,1),"") -> 843750 | I28: =IF(COUNT(L28:AR28)>0,QUARTILE(L28:AR28,3),"") -> 2754500 | J28: =IF(COUNT(L28:AR28)>1,STDEV(L28:AR28),"") -> 1569281.8 | K28: =IF(COUNT(L28:AR28)>1,STDEV(L28:AR28)/AVERAGE(L28:AR28),"") -> 0.72640374 | M28: 5751000 | N28: 4516000 | O28: 6040000 | P28: 5411000 | Q28: 4108000 | R28: 2974000 | S28: 2807000 | T28: 2969000 | U28: 2737000 | V28: 2439000 | W28: 2265000 | X28: 2159000 | Y28: 2289000 | Z28: 2056000 | AA28: 1802000 | AB28: 2582000 | AC28: 2247000 | AD28: 1707000 | AE28: 1721000 | AF28: 1656000 | AG28: 1430000 | AH28: 1044000 | AI28: 1188000 | AJ28: 865000 | AK28: 780000 | AL28: 637000 | AM28: 482000 | AN28: 559000 | AO28: 501000 | AP28: 462000 | AQ28: 482300 | AR28: 464700
C29: Deferred Tax Assets, Current | D29: =IF(COUNT(L29:AR29)>0,MEDIAN(L29:AR29),"") -> 568000 | E29: =IF(COUNT(L29:AR29)>0,AVERAGE(L29:AR29),"") -> 474750 | F29: =IF(COUNT(L29:AR29)>0,MIN(L29:AR29),"") -> 10000 | G29: =IF(COUNT(L29:AR29)>0,MAX(L29:AR29),"") -> 753000 | H29: =IF(COUNT(L29:AR29)>0,QUARTILE(L29:AR29,1),"") -> 300250 | I29: =IF(COUNT(L29:AR29)>0,QUARTILE(L29:AR29,3),"") -> 742500 | J29: =IF(COUNT(L29:AR29)>1,STDEV(L29:AR29),"") -> 350850.75 | K29: =IF(COUNT(L29:AR29)>1,STDEV(L29:AR29)/AVERAGE(L29:AR29),"") -> 0.73902212 | X29: 739000 | Y29: 753000 | Z29: 397000 | AA29: 10000
C30: Deferred Costs/Assets, Current | D30: =IF(COUNT(L30:AR30)>0,MEDIAN(L30:AR30),"") -> 152000 | E30: =IF(COUNT(L30:AR30)>0,AVERAGE(L30:AR30),"") -> 180666.67 | F30: =IF(COUNT(L30:AR30)>0,MIN(L30:AR30),"") -> 69000 | G30: =IF(COUNT(L30:AR30)>0,MAX(L30:AR30),"") -> 368000 | H30: =IF(COUNT(L30:AR30)>0,QUARTILE(L30:AR30,1),"") -> 84250 | I30: =IF(COUNT(L30:AR30)>0,QUARTILE(L30:AR30,3),"") -> 249000 | J30: =IF(COUNT(L30:AR30)>1,STDEV(L30:AR30),"") -> 119330.91 | K30: =IF(COUNT(L30:AR30)>1,STDEV(L30:AR30)/AVERAGE(L30:AR30),"") -> 0.66050321 | X30: 268000 | Y30: 192000 | Z30: 75000 | AA30: 112000 | AB30: 368000 | AC30: 69000
C31: Regulatory Assets, Current | D31: =IF(COUNT(L31:AR31)>0,MEDIAN(L31:AR31),"") -> 440500 | E31: =IF(COUNT(L31:AR31)>0,AVERAGE(L31:AR31),"") -> 674214.29 | F31: =IF(COUNT(L31:AR31)>0,MIN(L31:AR31),"") -> 84000 | G31: =IF(COUNT(L31:AR31)>0,MAX(L31:AR31),"") -> 2165000 | H31: =IF(COUNT(L31:AR31)>0,QUARTILE(L31:AR31,1),"") -> 335250 | I31: =IF(COUNT(L31:AR31)>0,QUARTILE(L31:AR31,3),"") -> 974750 | J31: =IF(COUNT(L31:AR31)>1,STDEV(L31:AR31),"") -> 622984.53 | K31: =IF(COUNT(L31:AR31)>1,STDEV(L31:AR31)/AVERAGE(L31:AR31),"") -> 0.92401561 | M31: 433000 | N31: 1417000 | O31: 1460000 | P31: 2165000 | Q31: 1125000 | R31: 377000 | S31: 335000 | T31: 448000 | U31: 336000 | V31: 524000 | W31: 503000 | X31: 116000 | Y31: 116000 | AA31: 84000
C32: Assets Held for Sale/Discontinued Operations, Current | D32: =IF(COUNT(L32:AR32)>0,MEDIAN(L32:AR32),"") -> 335000 | E32: =IF(COUNT(L32:AR32)>0,AVERAGE(L32:AR32),"") -> 359200 | F32: =IF(COUNT(L32:AR32)>0,MIN(L32:AR32),"") -> 0 | G32: =IF(COUNT(L32:AR32)>0,MAX(L32:AR32),"") -> 1009000 | H32: =IF(COUNT(L32:AR32)>0,QUARTILE(L32:AR32,1),"") -> 0 | I32: =IF(COUNT(L32:AR32)>0,QUARTILE(L32:AR32,3),"") -> 452000 | J32: =IF(COUNT(L32:AR32)>1,STDEV(L32:AR32),"") -> 415176.71 | K32: =IF(COUNT(L32:AR32)>1,STDEV(L32:AR32)/AVERAGE(L32:AR32),"") -> 1.1558372 | V32: 452000 | W32: 1009000 | X32: 0 | Z32: 335000 | AA32: 0
C33: Other Current Assets | D33: =IF(COUNT(L33:AR33)>0,MEDIAN(L33:AR33),"") -> 539500 | E33: =IF(COUNT(L33:AR33)>0,AVERAGE(L33:AR33),"") -> 762884.38 | F33: =IF(COUNT(L33:AR33)>0,MIN(L33:AR33),"") -> 89800 | G33: =IF(COUNT(L33:AR33)>0,MAX(L33:AR33),"") -> 2460000 | H33: =IF(COUNT(L33:AR33)>0,QUARTILE(L33:AR33,1),"") -> 375500 | I33: =IF(COUNT(L33:AR33)>0,QUARTILE(L33:AR33,3),"") -> 974750 | J33: =IF(COUNT(L33:AR33)>1,STDEV(L33:AR33),"") -> 593245.67 | K33: =IF(COUNT(L33:AR33)>1,STDEV(L33:AR33)/AVERAGE(L33:AR33),"") -> 0.7776351 | M33: 1171000 | N33: 1438000 | O33: 1335000 | P33: 789000 | Q33: 1166000 | R33: 804000 | S33: 1576000 | T33: 551000 | U33: 632000 | V33: 528000 | W33: 476000 | X33: 439000 | Y33: 403000 | Z33: 455000 | AA33: 300000 | AB33: 407000 | AC33: 481000 | AD33: 2182000 | AE33: 911000 | AF33: 1769000 | AG33: 2460000 | AH33: 864000 | AI33: 695000 | AJ33: 329000 | AK33: 391000 | AL33: 645000 | AM33: 187000 | AN33: 238000 | AO33: 244000 | AP33: 247000 | AQ33: 209500 | AR33: 89800
C34: Total Current Assets | D34: =IF(COUNT(L34:AR34)>0,MEDIAN(L34:AR34),"") -> 5112000 | E34: =IF(COUNT(L34:AR34)>0,AVERAGE(L34:AR34),"") -> 5464246.9 | F34: =IF(COUNT(L34:AR34)>0,MIN(L34:AR34),"") -> 949600 | G34: =IF(COUNT(L34:AR34)>0,MAX(L34:AR34),"") -> 15361000 | H34: =IF(COUNT(L34:AR34)>0,QUARTILE(L34:AR34,1),"") -> 1876250 | I34: =IF(COUNT(L34:AR34)>0,QUARTILE(L34:AR34,3),"") -> 7231250 | J34: =IF(COUNT(L34:AR34)>1,STDEV(L34:AR34),"") -> 3936234.9 | K34: =IF(COUNT(L34:AR34)>1,STDEV(L34:AR34)/AVERAGE(L34:AR34),"") -> 0.72036184 | M34: 13584000 | N34: 11951000 | O34: 15361000 | P34: 13490000 | Q34: 9288000 | R34: 7382000 | S34: 7408000 | T34: 6393000 | U34: 7181000 | V34: 7409000 | W34: 6795000 | X34: 6944000 | Y34: 5842000 | Z34: 5237000 | AA34: 4872000 | AB34: 5258000 | AC34: 4337000 | AD34: 5392000 | AE34: 3779000 | AF34: 4830000 | AG34: 4987000 | AH34: 2527000 | AI34: 2470000 | AJ34: 1908000 | AK34: 1602000 | AL34: 1781000 | AM34: 1373000 | AN34: 1266000 | AO34: 1101000 | AP34: 1173000 | AQ34: 985300 | AR34: 949600
C35: Non-Current Assets | D35: =IF(COUNT(L35:AR35)>0,MEDIAN(L35:AR35),"") | E35: =IF(COUNT(L35:AR35)>0,AVERAGE(L35:AR35),"") | F35: =IF(COUNT(L35:AR35)>0,MIN(L35:AR35),"") | G35: =IF(COUNT(L35:AR35)>0,MAX(L35:AR35),"") | H35: =IF(COUNT(L35:AR35)>0,QUARTILE(L35:AR35,1),"") | I35: =IF(COUNT(L35:AR35)>0,QUARTILE(L35:AR35,3),"") | J35: =IF(COUNT(L35:AR35)>1,STDEV(L35:AR35),"") | K35: =IF(COUNT(L35:AR35)>1,STDEV(L35:AR35)/AVERAGE(L35:AR35),"")
C36: Net Property, Plant and Equipment | D36: =IF(COUNT(L36:AR36)>0,MEDIAN(L36:AR36),"") | E36: =IF(COUNT(L36:AR36)>0,AVERAGE(L36:AR36),"") | F36: =IF(COUNT(L36:AR36)>0,MIN(L36:AR36),"") | G36: =IF(COUNT(L36:AR36)>0,MAX(L36:AR36),"") | H36: =IF(COUNT(L36:AR36)>0,QUARTILE(L36:AR36,1),"") | I36: =IF(COUNT(L36:AR36)>0,QUARTILE(L36:AR36,3),"") | J36: =IF(COUNT(L36:AR36)>1,STDEV(L36:AR36),"") | K36: =IF(COUNT(L36:AR36)>1,STDEV(L36:AR36)/AVERAGE(L36:AR36),"")
C37: Gross Property, Plant and Equipment | D37: =IF(COUNT(L37:AR37)>0,MEDIAN(L37:AR37),"") | E37: =IF(COUNT(L37:AR37)>0,AVERAGE(L37:AR37),"") | F37: =IF(COUNT(L37:AR37)>0,MIN(L37:AR37),"") | G37: =IF(COUNT(L37:AR37)>0,MAX(L37:AR37),"") | H37: =IF(COUNT(L37:AR37)>0,QUARTILE(L37:AR37,1),"") | I37: =IF(COUNT(L37:AR37)>0,QUARTILE(L37:AR37,3),"") | J37: =IF(COUNT(L37:AR37)>1,STDEV(L37:AR37),"") | K37: =IF(COUNT(L37:AR37)>1,STDEV(L37:AR37)/AVERAGE(L37:AR37),"")
C38: Utility Plant | D38: =IF(COUNT(L38:AR38)>0,MEDIAN(L38:AR38),"") | E38: =IF(COUNT(L38:AR38)>0,AVERAGE(L38:AR38),"") | F38: =IF(COUNT(L38:AR38)>0,MIN(L38:AR38),"") | G38: =IF(COUNT(L38:AR38)>0,MAX(L38:AR38),"") | H38: =IF(COUNT(L38:AR38)>0,QUARTILE(L38:AR38,1),"") | I38: =IF(COUNT(L38:AR38)>0,QUARTILE(L38:AR38,3),"") | J38: =IF(COUNT(L38:AR38)>1,STDEV(L38:AR38),"") | K38: =IF(COUNT(L38:AR38)>1,STDEV(L38:AR38)/AVERAGE(L38:AR38),"")
C39: Electric Utility Plant | D39: =IF(COUNT(L39:AR39)>0,MEDIAN(L39:AR39),"") -> 86886000 | E39: =IF(COUNT(L39:AR39)>0,AVERAGE(L39:AR39),"") -> 99071333 | F39: =IF(COUNT(L39:AR39)>0,MIN(L39:AR39),"") -> 52563000 | G39: =IF(COUNT(L39:AR39)>0,MAX(L39:AR39),"") -> 172155000 | H39: =IF(COUNT(L39:AR39)>0,QUARTILE(L39:AR39,1),"") -> 72360500 | I39: =IF(COUNT(L39:AR39)>0,QUARTILE(L39:AR39,3),"") -> 120376500 | J39: =IF(COUNT(L39:AR39)>1,STDEV(L39:AR39),"") -> 35981706 | K39: =IF(COUNT(L39:AR39)>1,STDEV(L39:AR39)/AVERAGE(L39:AR39),"") -> 0.36318989 | M39: 172155000 | N39: 153353000 | O39: 140613000 | P39: 126647000 | Q39: 114106000 | R39: 107464000 | S39: 97848000 | T39: 83726000 | U39: 86886000 | V39: 82281000 | W39: 74673000 | X39: 70048000 | Y39: 64758000 | Z39: 58949000 | AA39: 52563000
C40: Total Utility Plant | D40: =IF(COUNT(L40:AR40)>0,MEDIAN(L40:AR40),"") -> 86886000 | E40: =IF(COUNT(L40:AR40)>0,AVERAGE(L40:AR40),"") -> 99071333 | F40: =IF(COUNT(L40:AR40)>0,MIN(L40:AR40),"") -> 52563000 | G40: =IF(COUNT(L40:AR40)>0,MAX(L40:AR40),"") -> 172155000 | H40: =IF(COUNT(L40:AR40)>0,QUARTILE(L40:AR40,1),"") -> 72360500 | I40: =IF(COUNT(L40:AR40)>0,QUARTILE(L40:AR40,3),"") -> 120376500 | J40: =IF(COUNT(L40:AR40)>1,STDEV(L40:AR40),"") -> 35981706 | K40: =IF(COUNT(L40:AR40)>1,STDEV(L40:AR40)/AVERAGE(L40:AR40),"") -> 0.36318989 | M40: 172155000 | N40: 153353000 | O40: 140613000 | P40: 126647000 | Q40: 114106000 | R40: 107464000 | S40: 97848000 | T40: 83726000 | U40: 86886000 | V40: 82281000 | W40: 74673000 | X40: 70048000 | Y40: 64758000 | Z40: 58949000 | AA40: 52563000
C41: Construction in Progress and Advance Payments | D41: =IF(COUNT(L41:AR41)>0,MEDIAN(L41:AR41),"") -> 3716000 | E41: =IF(COUNT(L41:AR41)>0,AVERAGE(L41:AR41),"") -> 6058243.3 | F41: =IF(COUNT(L41:AR41)>0,MIN(L41:AR41),"") -> 214000 | G41: =IF(COUNT(L41:AR41)>0,MAX(L41:AR41),"") -> 24556000 | H41: =IF(COUNT(L41:AR41)>0,QUARTILE(L41:AR41,1),"") -> 1418500 | I41: =IF(COUNT(L41:AR41)>0,QUARTILE(L41:AR41,3),"") -> 7937500 | J41: =IF(COUNT(L41:AR41)>1,STDEV(L41:AR41),"") -> 6639761.8 | K41: =IF(COUNT(L41:AR41)>1,STDEV(L41:AR41)/AVERAGE(L41:AR41),"") -> 1.095988 | M41: 24556000 | N41: 21658000 | O41: 18652000 | P41: 15675000 | Q41: 14141000 | R41: 10639000 | S41: 9330000 | T41: 8357000 | U41: 6679000 | V41: 4732000 | W41: 5657000 | X41: 3591000 | Y41: 4690000 | Z41: 5968000 | AA41: 4989000 | AB41: 3841000 | AC41: 2425000 | AD41: 2630000 | AE41: 1713000 | AF41: 1393000 | AG41: 945000 | AH41: 1495000 | AI41: 1364000 | AJ41: 2639000 | AK41: 1983000 | AM41: 923000 | AN41: 214000 | AP41: 258000 | AQ41: 317700 | AR41: 292600
C42: Other Property, Plant and Equipment | D42: =IF(COUNT(L42:AR42)>0,MEDIAN(L42:AR42),"") -> 28908000 | E42: =IF(COUNT(L42:AR42)>0,AVERAGE(L42:AR42),"") -> 29171100 | F42: =IF(COUNT(L42:AR42)>0,MIN(L42:AR42),"") -> 16096900 | G42: =IF(COUNT(L42:AR42)>0,MAX(L42:AR42),"") -> 50380000 | H42: =IF(COUNT(L42:AR42)>0,QUARTILE(L42:AR42,1),"") -> 18184500 | I42: =IF(COUNT(L42:AR42)>0,QUARTILE(L42:AR42,3),"") -> 37043000 | J42: =IF(COUNT(L42:AR42)>1,STDEV(L42:AR42),"") -> 11792795 | K42: =IF(COUNT(L42:AR42)>1,STDEV(L42:AR42)/AVERAGE(L42:AR42),"") -> 0.40426294 | AB42: 50380000 | AC42: 47744000 | AD42: 42898000 | AE42: 39327000 | AF42: 34759000 | AG42: 32406000 | AH42: 30225000 | AI42: 28908000 | AJ42: 23866000 | AK42: 21405000 | AM42: 18631000 | AN42: 17738000 | AP42: 16775000 | AQ42: 16407600 | AR42: 16096900
C43: Total Gross Property, Plant and Equipment | D43: =IF(COUNT(L43:AR43)>0,MEDIAN(L43:AR43),"") -> 52195000 | E43: =IF(COUNT(L43:AR43)>0,AVERAGE(L43:AR43),"") -> 67007056 | F43: =IF(COUNT(L43:AR43)>0,MIN(L43:AR43),"") -> 16389500 | G43: =IF(COUNT(L43:AR43)>0,MAX(L43:AR43),"") -> 196711000 | H43: =IF(COUNT(L43:AR43)>0,QUARTILE(L43:AR43,1),"") -> 25725750 | I43: =IF(COUNT(L43:AR43)>0,QUARTILE(L43:AR43,3),"") -> 92453500 | J43: =IF(COUNT(L43:AR43)>1,STDEV(L43:AR43),"") -> 50573264 | K43: =IF(COUNT(L43:AR43)>1,STDEV(L43:AR43)/AVERAGE(L43:AR43),"") -> 0.75474534 | M43: 196711000 | N43: 175011000 | O43: 159265000 | P43: 142322000 | Q43: 128247000 | R43: 118103000 | S43: 107178000 | T43: 92083000 | U43: 93565000 | V43: 87013000 | W43: 80330000 | X43: 73639000 | Y43: 69448000 | Z43: 64917000 | AA43: 57552000 | AB43: 54221000 | AC43: 50169000 | AD43: 45528000 | AE43: 41040000 | AF43: 36152000 | AG43: 33351000 | AH43: 31720000 | AI43: 30272000 | AJ43: 26505000 | AK43: 23388000 | AL43: 21022000 | AM43: 19554000 | AN43: 17952000 | AO43: 17820000 | AP43: 17033000 | AQ43: 16725300 | AR43: 16389500
C44: Accumulated Depreciation and Impairment | D44: =IF(COUNT(L44:AR44)>0,MEDIAN(L44:AR44),"") | E44: =IF(COUNT(L44:AR44)>0,AVERAGE(L44:AR44),"") | F44: =IF(COUNT(L44:AR44)>0,MIN(L44:AR44),"") | G44: =IF(COUNT(L44:AR44)>0,MAX(L44:AR44),"") | H44: =IF(COUNT(L44:AR44)>0,QUARTILE(L44:AR44,1),"") | I44: =IF(COUNT(L44:AR44)>0,QUARTILE(L44:AR44,3),"") | J44: =IF(COUNT(L44:AR44)>1,STDEV(L44:AR44),"") | K44: =IF(COUNT(L44:AR44)>1,STDEV(L44:AR44)/AVERAGE(L44:AR44),"")
C45: Accumulated Depreciation | D45: =IF(COUNT(L45:AR45)>0,MEDIAN(L45:AR45),"") -> -14576500 | E45: =IF(COUNT(L45:AR45)>0,AVERAGE(L45:AR45),"") -> -17103844 | F45: =IF(COUNT(L45:AR45)>0,MIN(L45:AR45),"") -> -40514000 | G45: =IF(COUNT(L45:AR45)>0,MAX(L45:AR45),"") -> -6186700 | H45: =IF(COUNT(L45:AR45)>0,QUARTILE(L45:AR45,1),"") -> -21394250 | I45: =IF(COUNT(L45:AR45)>0,QUARTILE(L45:AR45,3),"") -> -10443000 | J45: =IF(COUNT(L45:AR45)>1,STDEV(L45:AR45),"") -> 9103866.1 | K45: =IF(COUNT(L45:AR45)>1,STDEV(L45:AR45)/AVERAGE(L45:AR45),"") -> -0.53227018 | M45: -40514000 | N45: -36159000 | O45: -33489000 | P45: -31263000 | Q45: -28899000 | R45: -26300000 | S45: -25168000 | T45: -21749000 | U45: -21276000 | V45: -20101000 | W45: -18944000 | X45: -17934000 | Y45: -16728000 | Z45: -15504000 | AA45: -15062000 | AB45: -15146000 | AC45: -14091000 | AD45: -13117000 | AE45: -12388000 | AF45: -11653000 | AG45: -10888000 | AH45: -10494000 | AI45: -9975000 | AJ45: -8805000 | AK45: -11726000 | AL45: -11088000 | AM45: -10290000 | AN45: -9397000 | AO45: -8466000 | AP45: -7649000 | AQ45: -6873300 | AR45: -6186700
C46: Total Accumulated Depreciation and Impairment | D46: =IF(COUNT(L46:AR46)>0,MEDIAN(L46:AR46),"") -> -14576500 | E46: =IF(COUNT(L46:AR46)>0,AVERAGE(L46:AR46),"") -> -17103844 | F46: =IF(COUNT(L46:AR46)>0,MIN(L46:AR46),"") -> -40514000 | G46: =IF(COUNT(L46:AR46)>0,MAX(L46:AR46),"") -> -6186700 | H46: =IF(COUNT(L46:AR46)>0,QUARTILE(L46:AR46,1),"") -> -21394250 | I46: =IF(COUNT(L46:AR46)>0,QUARTILE(L46:AR46,3),"") -> -10443000 | J46: =IF(COUNT(L46:AR46)>1,STDEV(L46:AR46),"") -> 9103866.1 | K46: =IF(COUNT(L46:AR46)>1,STDEV(L46:AR46)/AVERAGE(L46:AR46),"") -> -0.53227018 | M46: -40514000 | N46: -36159000 | O46: -33489000 | P46: -31263000 | Q46: -28899000 | R46: -26300000 | S46: -25168000 | T46: -21749000 | U46: -21276000 | V46: -20101000 | W46: -18944000 | X46: -17934000 | Y46: -16728000 | Z46: -15504000 | AA46: -15062000 | AB46: -15146000 | AC46: -14091000 | AD46: -13117000 | AE46: -12388000 | AF46: -11653000 | AG46: -10888000 | AH46: -10494000 | AI46: -9975000 | AJ46: -8805000 | AK46: -11726000 | AL46: -11088000 | AM46: -10290000 | AN46: -9397000 | AO46: -8466000 | AP46: -7649000 | AQ46: -6873300 | AR46: -6186700
C47: Total Net Property, Plant and Equipment | D47: =IF(COUNT(L47:AR47)>0,MEDIAN(L47:AR47),"") -> 37576500 | E47: =IF(COUNT(L47:AR47)>0,AVERAGE(L47:AR47),"") -> 49903212 | F47: =IF(COUNT(L47:AR47)>0,MIN(L47:AR47),"") -> 8555000 | G47: =IF(COUNT(L47:AR47)>0,MAX(L47:AR47),"") -> 156197000 | H47: =IF(COUNT(L47:AR47)>0,QUARTILE(L47:AR47,1),"") -> 16190500 | I47: =IF(COUNT(L47:AR47)>0,QUARTILE(L47:AR47,3),"") -> 70822750 | J47: =IF(COUNT(L47:AR47)>1,STDEV(L47:AR47),"") -> 41528213 | K47: =IF(COUNT(L47:AR47)>1,STDEV(L47:AR47)/AVERAGE(L47:AR47),"") -> 0.83217515 | M47: 156197000 | N47: 138852000 | O47: 125776000 | P47: 111059000 | Q47: 99348000 | R47: 91803000 | S47: 82010000 | T47: 70334000 | U47: 72289000 | V47: 66912000 | W47: 61386000 | X47: 55705000 | Y47: 52720000 | Z47: 49413000 | AA47: 42490000 | AB47: 39075000 | AC47: 36078000 | AD47: 32411000 | AE47: 28652000 | AF47: 24499000 | AG47: 22463000 | AH47: 21226000 | AI47: 20297000 | AJ47: 17700000 | AK47: 11662000 | AL47: 9934000 | AM47: 9264000 | AN47: 8555000 | AO47: 9354000 | AP47: 9384000 | AQ47: 9852000 | AR47: 10202800
C48: Net Intangible Assets | D48: =IF(COUNT(L48:AR48)>0,MEDIAN(L48:AR48),"") | E48: =IF(COUNT(L48:AR48)>0,AVERAGE(L48:AR48),"") | F48: =IF(COUNT(L48:AR48)>0,MIN(L48:AR48),"") | G48: =IF(COUNT(L48:AR48)>0,MAX(L48:AR48),"") | H48: =IF(COUNT(L48:AR48)>0,QUARTILE(L48:AR48,1),"") | I48: =IF(COUNT(L48:AR48)>0,QUARTILE(L48:AR48,3),"") | J48: =IF(COUNT(L48:AR48)>1,STDEV(L48:AR48),"") | K48: =IF(COUNT(L48:AR48)>1,STDEV(L48:AR48)/AVERAGE(L48:AR48),"")
C49: Gross Goodwill and Other Intangible Assets | D49: =IF(COUNT(L49:AR49)>0,MEDIAN(L49:AR49),"") | E49: =IF(COUNT(L49:AR49)>0,AVERAGE(L49:AR49),"") | F49: =IF(COUNT(L49:AR49)>0,MIN(L49:AR49),"") | G49: =IF(COUNT(L49:AR49)>0,MAX(L49:AR49),"") | H49: =IF(COUNT(L49:AR49)>0,QUARTILE(L49:AR49,1),"") | I49: =IF(COUNT(L49:AR49)>0,QUARTILE(L49:AR49,3),"") | J49: =IF(COUNT(L49:AR49)>1,STDEV(L49:AR49),"") | K49: =IF(COUNT(L49:AR49)>1,STDEV(L49:AR49)/AVERAGE(L49:AR49),"")
C50: Goodwill | D50: =IF(COUNT(L50:AR50)>0,MEDIAN(L50:AR50),"") -> 4844000 | E50: =IF(COUNT(L50:AR50)>0,AVERAGE(L50:AR50),"") -> 3846333.3 | F50: =IF(COUNT(L50:AR50)>0,MIN(L50:AR50),"") -> 764000 | G50: =IF(COUNT(L50:AR50)>0,MAX(L50:AR50),"") -> 5091000 | H50: =IF(COUNT(L50:AR50)>0,QUARTILE(L50:AR50,1),"") -> 4204000 | I50: =IF(COUNT(L50:AR50)>0,QUARTILE(L50:AR50,3),"") -> 4854000 | J50: =IF(COUNT(L50:AR50)>1,STDEV(L50:AR50),"") -> 1736875 | K50: =IF(COUNT(L50:AR50)>1,STDEV(L50:AR50)/AVERAGE(L50:AR50),"") -> 0.45156643 | M50: 4849000 | N50: 4866000 | O50: 5091000 | P50: 4854000 | Q50: 4844000 | R50: 4254000 | S50: 4204000 | T50: 891000 | U50: 764000
C51: Intangibles other than Goodwill | D51: =IF(COUNT(L51:AR51)>0,MEDIAN(L51:AR51),"") | E51: =IF(COUNT(L51:AR51)>0,AVERAGE(L51:AR51),"") | F51: =IF(COUNT(L51:AR51)>0,MIN(L51:AR51),"") | G51: =IF(COUNT(L51:AR51)>0,MAX(L51:AR51),"") | H51: =IF(COUNT(L51:AR51)>0,QUARTILE(L51:AR51,1),"") | I51: =IF(COUNT(L51:AR51)>0,QUARTILE(L51:AR51,3),"") | J51: =IF(COUNT(L51:AR51)>1,STDEV(L51:AR51),"") | K51: =IF(COUNT(L51:AR51)>1,STDEV(L51:AR51)/AVERAGE(L51:AR51),"")
C52: Licenses and Rights | D52: =IF(COUNT(L52:AR52)>0,MEDIAN(L52:AR52),"") -> 305000 | E52: =IF(COUNT(L52:AR52)>0,AVERAGE(L52:AR52),"") -> 421500 | F52: =IF(COUNT(L52:AR52)>0,MIN(L52:AR52),"") -> 0 | G52: =IF(COUNT(L52:AR52)>0,MAX(L52:AR52),"") -> 952000 | H52: =IF(COUNT(L52:AR52)>0,QUARTILE(L52:AR52,1),"") -> 45250 | I52: =IF(COUNT(L52:AR52)>0,QUARTILE(L52:AR52,3),"") -> 832500 | J52: =IF(COUNT(L52:AR52)>1,STDEV(L52:AR52),"") -> 447253.28 | K52: =IF(COUNT(L52:AR52)>1,STDEV(L52:AR52)/AVERAGE(L52:AR52),"") -> 1.0610991 | M52: 952000 | N52: 933000 | O52: 531000 | P52: 0 | T52: 34000 | U52: 79000
C53: Customer Relationships | D53: =IF(COUNT(L53:AR53)>0,MEDIAN(L53:AR53),"") -> 700000 | E53: =IF(COUNT(L53:AR53)>0,AVERAGE(L53:AR53),"") -> 700000 | F53: =IF(COUNT(L53:AR53)>0,MIN(L53:AR53),"") -> 700000 | G53: =IF(COUNT(L53:AR53)>0,MAX(L53:AR53),"") -> 700000 | H53: =IF(COUNT(L53:AR53)>0,QUARTILE(L53:AR53,1),"") -> 700000 | I53: =IF(COUNT(L53:AR53)>0,QUARTILE(L53:AR53,3),"") -> 700000 | J53: =IF(COUNT(L53:AR53)>1,STDEV(L53:AR53),"") | K53: =IF(COUNT(L53:AR53)>1,STDEV(L53:AR53)/AVERAGE(L53:AR53),"") | U53: 700000
C54: Other Intangible Assets | D54: =IF(COUNT(L54:AR54)>0,MEDIAN(L54:AR54),"") -> 830000 | E54: =IF(COUNT(L54:AR54)>0,AVERAGE(L54:AR54),"") -> 870555.56 | F54: =IF(COUNT(L54:AR54)>0,MIN(L54:AR54),"") -> 608000 | G54: =IF(COUNT(L54:AR54)>0,MAX(L54:AR54),"") -> 1311000 | H54: =IF(COUNT(L54:AR54)>0,QUARTILE(L54:AR54,1),"") -> 754000 | I54: =IF(COUNT(L54:AR54)>0,QUARTILE(L54:AR54,3),"") -> 984000 | J54: =IF(COUNT(L54:AR54)>1,STDEV(L54:AR54),"") -> 220323.69 | K54: =IF(COUNT(L54:AR54)>1,STDEV(L54:AR54)/AVERAGE(L54:AR54),"") -> 0.25308401 | M54: 1071000 | N54: 984000 | O54: 1311000 | P54: 858000 | Q54: 830000 | R54: 754000 | S54: 608000 | T54: 760000 | U54: 659000
C55: Total Intangibles other than Goodwill | D55: =IF(COUNT(L55:AR55)>0,MEDIAN(L55:AR55),"") -> 858000 | E55: =IF(COUNT(L55:AR55)>0,AVERAGE(L55:AR55),"") -> 1229333.3 | F55: =IF(COUNT(L55:AR55)>0,MIN(L55:AR55),"") -> 608000 | G55: =IF(COUNT(L55:AR55)>0,MAX(L55:AR55),"") -> 2023000 | H55: =IF(COUNT(L55:AR55)>0,QUARTILE(L55:AR55,1),"") -> 794000 | I55: =IF(COUNT(L55:AR55)>0,QUARTILE(L55:AR55,3),"") -> 1842000 | J55: =IF(COUNT(L55:AR55)>1,STDEV(L55:AR55),"") -> 572337.53 | K55: =IF(COUNT(L55:AR55)>1,STDEV(L55:AR55)/AVERAGE(L55:AR55),"") -> 0.46556741 | M55: 2023000 | N55: 1917000 | O55: 1842000 | P55: 858000 | Q55: 830000 | R55: 754000 | S55: 608000 | T55: 794000 | U55: 1438000
C56: Total Gross Goodwill and Other Intangible Assets | D56: =IF(COUNT(L56:AR56)>0,MEDIAN(L56:AR56),"") -> 5674000 | E56: =IF(COUNT(L56:AR56)>0,AVERAGE(L56:AR56),"") -> 5075666.7 | F56: =IF(COUNT(L56:AR56)>0,MIN(L56:AR56),"") -> 1685000 | G56: =IF(COUNT(L56:AR56)>0,MAX(L56:AR56),"") -> 6933000 | H56: =IF(COUNT(L56:AR56)>0,QUARTILE(L56:AR56,1),"") -> 4812000 | I56: =IF(COUNT(L56:AR56)>0,QUARTILE(L56:AR56,3),"") -> 6783000 | J56: =IF(COUNT(L56:AR56)>1,STDEV(L56:AR56),"") -> 1942391.9 | K56: =IF(COUNT(L56:AR56)>1,STDEV(L56:AR56)/AVERAGE(L56:AR56),"") -> 0.38268705 | M56: 6872000 | N56: 6783000 | O56: 6933000 | P56: 5712000 | Q56: 5674000 | R56: 5008000 | S56: 4812000 | T56: 1685000 | U56: 2202000
C57: Accumulated Amortization and Impairment | D57: =IF(COUNT(L57:AR57)>0,MEDIAN(L57:AR57),"") | E57: =IF(COUNT(L57:AR57)>0,AVERAGE(L57:AR57),"") | F57: =IF(COUNT(L57:AR57)>0,MIN(L57:AR57),"") | G57: =IF(COUNT(L57:AR57)>0,MAX(L57:AR57),"") | H57: =IF(COUNT(L57:AR57)>0,QUARTILE(L57:AR57,1),"") | I57: =IF(COUNT(L57:AR57)>0,QUARTILE(L57:AR57,3),"") | J57: =IF(COUNT(L57:AR57)>1,STDEV(L57:AR57),"") | K57: =IF(COUNT(L57:AR57)>1,STDEV(L57:AR57)/AVERAGE(L57:AR57),"")
C58: Accumulated Amortization of Intangible Assets | D58: =IF(COUNT(L58:AR58)>0,MEDIAN(L58:AR58),"") | E58: =IF(COUNT(L58:AR58)>0,AVERAGE(L58:AR58),"") | F58: =IF(COUNT(L58:AR58)>0,MIN(L58:AR58),"") | G58: =IF(COUNT(L58:AR58)>0,MAX(L58:AR58),"") | H58: =IF(COUNT(L58:AR58)>0,QUARTILE(L58:AR58,1),"") | I58: =IF(COUNT(L58:AR58)>0,QUARTILE(L58:AR58,3),"") | J58: =IF(COUNT(L58:AR58)>1,STDEV(L58:AR58),"") | K58: =IF(COUNT(L58:AR58)>1,STDEV(L58:AR58)/AVERAGE(L58:AR58),"")
C59: Accumulated Amortization of Intangibles other than Goodwill | D59: =IF(COUNT(L59:AR59)>0,MEDIAN(L59:AR59),"") -> -99000 | E59: =IF(COUNT(L59:AR59)>0,AVERAGE(L59:AR59),"") -> -127666.67 | F59: =IF(COUNT(L59:AR59)>0,MIN(L59:AR59),"") -> -256000 | G59: =IF(COUNT(L59:AR59)>0,MAX(L59:AR59),"") -> -56000 | H59: =IF(COUNT(L59:AR59)>0,QUARTILE(L59:AR59,1),"") -> -151000 | I59: =IF(COUNT(L59:AR59)>0,QUARTILE(L59:AR59,3),"") -> -86000 | J59: =IF(COUNT(L59:AR59)>1,STDEV(L59:AR59),"") -> 67777.209 | K59: =IF(COUNT(L59:AR59)>1,STDEV(L59:AR59)/AVERAGE(L59:AR59),"") -> -0.53089197 | M59: -256000 | N59: -202000 | O59: -150000 | P59: -99000 | Q59: -88000 | R59: -61000 | S59: -56000 | T59: -86000 | U59: -151000
C60: Total Accumulated Amortization of Intangible Assets | D60: =IF(COUNT(L60:AR60)>0,MEDIAN(L60:AR60),"") -> -99000 | E60: =IF(COUNT(L60:AR60)>0,AVERAGE(L60:AR60),"") -> -127666.67 | F60: =IF(COUNT(L60:AR60)>0,MIN(L60:AR60),"") -> -256000 | G60: =IF(COUNT(L60:AR60)>0,MAX(L60:AR60),"") -> -56000 | H60: =IF(COUNT(L60:AR60)>0,QUARTILE(L60:AR60,1),"") -> -151000 | I60: =IF(COUNT(L60:AR60)>0,QUARTILE(L60:AR60,3),"") -> -86000 | J60: =IF(COUNT(L60:AR60)>1,STDEV(L60:AR60),"") -> 67777.209 | K60: =IF(COUNT(L60:AR60)>1,STDEV(L60:AR60)/AVERAGE(L60:AR60),"") -> -0.53089197 | M60: -256000 | N60: -202000 | O60: -150000 | P60: -99000 | Q60: -88000 | R60: -61000 | S60: -56000 | T60: -86000 | U60: -151000
C61: Total Accumulated Amortization and Impairment | D61: =IF(COUNT(L61:AR61)>0,MEDIAN(L61:AR61),"") -> -99000 | E61: =IF(COUNT(L61:AR61)>0,AVERAGE(L61:AR61),"") -> -127666.67 | F61: =IF(COUNT(L61:AR61)>0,MIN(L61:AR61),"") -> -256000 | G61: =IF(COUNT(L61:AR61)>0,MAX(L61:AR61),"") -> -56000 | H61: =IF(COUNT(L61:AR61)>0,QUARTILE(L61:AR61,1),"") -> -151000 | I61: =IF(COUNT(L61:AR61)>0,QUARTILE(L61:AR61,3),"") -> -86000 | J61: =IF(COUNT(L61:AR61)>1,STDEV(L61:AR61),"") -> 67777.209 | K61: =IF(COUNT(L61:AR61)>1,STDEV(L61:AR61)/AVERAGE(L61:AR61),"") -> -0.53089197 | M61: -256000 | N61: -202000 | O61: -150000 | P61: -99000 | Q61: -88000 | R61: -61000 | S61: -56000 | T61: -86000 | U61: -151000
C62: Total Net Intangible Assets | D62: =IF(COUNT(L62:AR62)>0,MEDIAN(L62:AR62),"") -> 5586000 | E62: =IF(COUNT(L62:AR62)>0,AVERAGE(L62:AR62),"") -> 4948000 | F62: =IF(COUNT(L62:AR62)>0,MIN(L62:AR62),"") -> 1599000 | G62: =IF(COUNT(L62:AR62)>0,MAX(L62:AR62),"") -> 6783000 | H62: =IF(COUNT(L62:AR62)>0,QUARTILE(L62:AR62,1),"") -> 4756000 | I62: =IF(COUNT(L62:AR62)>0,QUARTILE(L62:AR62,3),"") -> 6581000 | J62: =IF(COUNT(L62:AR62)>1,STDEV(L62:AR62),"") -> 1914114.7 | K62: =IF(COUNT(L62:AR62)>1,STDEV(L62:AR62)/AVERAGE(L62:AR62),"") -> 0.38684615 | M62: 6616000 | N62: 6581000 | O62: 6783000 | P62: 5613000 | Q62: 5586000 | R62: 4947000 | S62: 4756000 | T62: 1599000 | U62: 2051000
C63: Long Term Investments | D63: =IF(COUNT(L63:AR63)>0,MEDIAN(L63:AR63),"") | E63: =IF(COUNT(L63:AR63)>0,AVERAGE(L63:AR63),"") | F63: =IF(COUNT(L63:AR63)>0,MIN(L63:AR63),"") | G63: =IF(COUNT(L63:AR63)>0,MAX(L63:AR63),"") | H63: =IF(COUNT(L63:AR63)>0,QUARTILE(L63:AR63,1),"") | I63: =IF(COUNT(L63:AR63)>0,QUARTILE(L63:AR63,3),"") | J63: =IF(COUNT(L63:AR63)>1,STDEV(L63:AR63),"") | K63: =IF(COUNT(L63:AR63)>1,STDEV(L63:AR63)/AVERAGE(L63:AR63),"")
C64: Long Term Equity Investments | D64: =IF(COUNT(L64:AR64)>0,MEDIAN(L64:AR64),"") -> 6156000 | E64: =IF(COUNT(L64:AR64)>0,AVERAGE(L64:AR64),"") -> 5865888.9 | F64: =IF(COUNT(L64:AR64)>0,MIN(L64:AR64),"") -> 2321000 | G64: =IF(COUNT(L64:AR64)>0,MAX(L64:AR64),"") -> 7453000 | H64: =IF(COUNT(L64:AR64)>0,QUARTILE(L64:AR64,1),"") -> 5728000 | I64: =IF(COUNT(L64:AR64)>0,QUARTILE(L64:AR64,3),"") -> 6582000 | J64: =IF(COUNT(L64:AR64)>1,STDEV(L64:AR64),"") -> 1446673.6 | K64: =IF(COUNT(L64:AR64)>1,STDEV(L64:AR64)/AVERAGE(L64:AR64),"") -> 0.24662478 | M64: 5528000 | N64: 6118000 | O64: 6156000 | P64: 6582000 | Q64: 6159000 | R64: 5728000 | S64: 7453000 | T64: 6748000 | U64: 2321000
C65: Other Investments, Non-Current | D65: =IF(COUNT(L65:AR65)>0,MEDIAN(L65:AR65),"") -> 6954000 | E65: =IF(COUNT(L65:AR65)>0,AVERAGE(L65:AR65),"") -> 7315866.7 | F65: =IF(COUNT(L65:AR65)>0,MIN(L65:AR65),"") -> 4774000 | G65: =IF(COUNT(L65:AR65)>0,MAX(L65:AR65),"") -> 10954000 | H65: =IF(COUNT(L65:AR65)>0,QUARTILE(L65:AR65,1),"") -> 5952000 | I65: =IF(COUNT(L65:AR65)>0,QUARTILE(L65:AR65,3),"") -> 8307000 | J65: =IF(COUNT(L65:AR65)>1,STDEV(L65:AR65),"") -> 1736278.8 | K65: =IF(COUNT(L65:AR65)>1,STDEV(L65:AR65)/AVERAGE(L65:AR65),"") -> 0.23733057 | M65: 10954000 | N65: 9800000 | O65: 8698000 | P65: 7496000 | Q65: 8922000 | R65: 7779000 | S65: 6954000 | T65: 5886000 | U65: 6003000 | V65: 7916000 | W65: 6924000 | X65: 6565000 | Y65: 5901000 | Z65: 5166000 | AA65: 4774000
C66: Total Long Term Investments | D66: =IF(COUNT(L66:AR66)>0,MEDIAN(L66:AR66),"") -> 8120000 | E66: =IF(COUNT(L66:AR66)>0,AVERAGE(L66:AR66),"") -> 9746611.1 | F66: =IF(COUNT(L66:AR66)>0,MIN(L66:AR66),"") -> 3870000 | G66: =IF(COUNT(L66:AR66)>0,MAX(L66:AR66),"") -> 16482000 | H66: =IF(COUNT(L66:AR66)>0,QUARTILE(L66:AR66,1),"") -> 5349750 | I66: =IF(COUNT(L66:AR66)>0,QUARTILE(L66:AR66,3),"") -> 14324750 | J66: =IF(COUNT(L66:AR66)>1,STDEV(L66:AR66),"") -> 4691533.8 | K66: =IF(COUNT(L66:AR66)>1,STDEV(L66:AR66)/AVERAGE(L66:AR66),"") -> 0.48135026 | M66: 16482000 | N66: 15918000 | O66: 14854000 | P66: 14078000 | Q66: 15081000 | R66: 13507000 | S66: 14407000 | T66: 12634000 | U66: 8324000 | V66: 7916000 | W66: 6924000 | X66: 6565000 | Y66: 5901000 | Z66: 5166000 | AA66: 4774000 | AB66: 4713000 | AC66: 4325000 | AD66: 3870000
C67: Derivative Investment and Hedging Assets, Non-Current | D67: =IF(COUNT(L67:AR67)>0,MEDIAN(L67:AR67),"") -> 1350000 | E67: =IF(COUNT(L67:AR67)>0,AVERAGE(L67:AR67),"") -> 1412666.7 | F67: =IF(COUNT(L67:AR67)>0,MIN(L67:AR67),"") -> 920000 | G67: =IF(COUNT(L67:AR67)>0,MAX(L67:AR67),"") -> 1998000 | H67: =IF(COUNT(L67:AR67)>0,QUARTILE(L67:AR67,1),"") -> 1149000 | I67: =IF(COUNT(L67:AR67)>0,QUARTILE(L67:AR67,3),"") -> 1710500 | J67: =IF(COUNT(L67:AR67)>1,STDEV(L67:AR67),"") -> 357325.52 | K67: =IF(COUNT(L67:AR67)>1,STDEV(L67:AR67)/AVERAGE(L67:AR67),"") -> 0.25294397 | M67: 1998000 | N67: 1774000 | O67: 1790000 | P67: 1935000 | Q67: 1135000 | R67: 1647000 | S67: 1624000 | T67: 1355000 | U67: 1315000 | V67: 1350000 | W67: 1202000 | X67: 1009000 | Y67: 1163000 | Z67: 920000 | AA67: 973000
C68: Prepayments and Deposits, Non-Current | D68: =IF(COUNT(L68:AR68)>0,MEDIAN(L68:AR68),"") | E68: =IF(COUNT(L68:AR68)>0,AVERAGE(L68:AR68),"") | F68: =IF(COUNT(L68:AR68)>0,MIN(L68:AR68),"") | G68: =IF(COUNT(L68:AR68)>0,MAX(L68:AR68),"") | H68: =IF(COUNT(L68:AR68)>0,QUARTILE(L68:AR68,1),"") | I68: =IF(COUNT(L68:AR68)>0,QUARTILE(L68:AR68,3),"") | J68: =IF(COUNT(L68:AR68)>1,STDEV(L68:AR68),"") | K68: =IF(COUNT(L68:AR68)>1,STDEV(L68:AR68)/AVERAGE(L68:AR68),"")
C69: Prepayments, Non-Current | D69: =IF(COUNT(L69:AR69)>0,MEDIAN(L69:AR69),"") -> 1355500 | E69: =IF(COUNT(L69:AR69)>0,AVERAGE(L69:AR69),"") -> 1547055.6 | F69: =IF(COUNT(L69:AR69)>0,MIN(L69:AR69),"") -> 914000 | G69: =IF(COUNT(L69:AR69)>0,MAX(L69:AR69),"") -> 2868000 | H69: =IF(COUNT(L69:AR69)>0,QUARTILE(L69:AR69,1),"") -> 1178750 | I69: =IF(COUNT(L69:AR69)>0,QUARTILE(L69:AR69,3),"") -> 1800750 | J69: =IF(COUNT(L69:AR69)>1,STDEV(L69:AR69),"") -> 553107 | K69: =IF(COUNT(L69:AR69)>1,STDEV(L69:AR69)/AVERAGE(L69:AR69),"") -> 0.35752239 | M69: 2868000 | N69: 2496000 | O69: 2112000 | P69: 1832000 | Q69: 2243000 | R69: 1707000 | S69: 1437000 | T69: 1284000 | U69: 1427000 | V69: 1177000 | W69: 1155000 | X69: 1244000 | Y69: 1456000 | Z69: 1031000 | AA69: 1021000 | AB69: 1259000 | AC69: 1184000 | AD69: 914000
C70: Total Prepayments and Deposits, Non-Current | D70: =IF(COUNT(L70:AR70)>0,MEDIAN(L70:AR70),"") -> 1355500 | E70: =IF(COUNT(L70:AR70)>0,AVERAGE(L70:AR70),"") -> 1547055.6 | F70: =IF(COUNT(L70:AR70)>0,MIN(L70:AR70),"") -> 914000 | G70: =IF(COUNT(L70:AR70)>0,MAX(L70:AR70),"") -> 2868000 | H70: =IF(COUNT(L70:AR70)>0,QUARTILE(L70:AR70,1),"") -> 1178750 | I70: =IF(COUNT(L70:AR70)>0,QUARTILE(L70:AR70,3),"") -> 1800750 | J70: =IF(COUNT(L70:AR70)>1,STDEV(L70:AR70),"") -> 553107 | K70: =IF(COUNT(L70:AR70)>1,STDEV(L70:AR70)/AVERAGE(L70:AR70),"") -> 0.35752239 | M70: 2868000 | N70: 2496000 | O70: 2112000 | P70: 1832000 | Q70: 2243000 | R70: 1707000 | S70: 1437000 | T70: 1284000 | U70: 1427000 | V70: 1177000 | W70: 1155000 | X70: 1244000 | Y70: 1456000 | Z70: 1031000 | AA70: 1021000 | AB70: 1259000 | AC70: 1184000 | AD70: 914000
C71: Regulatory Assets, Non-Current | D71: =IF(COUNT(L71:AR71)>0,MEDIAN(L71:AR71),"") -> 3287000 | E71: =IF(COUNT(L71:AR71)>0,AVERAGE(L71:AR71),"") -> 3079866.7 | F71: =IF(COUNT(L71:AR71)>0,MIN(L71:AR71),"") -> 798000 | G71: =IF(COUNT(L71:AR71)>0,MAX(L71:AR71),"") -> 5992000 | H71: =IF(COUNT(L71:AR71)>0,QUARTILE(L71:AR71,1),"") -> 1458000 | I71: =IF(COUNT(L71:AR71)>0,QUARTILE(L71:AR71,3),"") -> 4689500 | J71: =IF(COUNT(L71:AR71)>1,STDEV(L71:AR71),"") -> 1791088.4 | K71: =IF(COUNT(L71:AR71)>1,STDEV(L71:AR71)/AVERAGE(L71:AR71),"") -> 0.58154737 | M71: 5639000 | N71: 4828000 | O71: 4801000 | P71: 5992000 | Q71: 4578000 | R71: 3712000 | S71: 3287000 | T71: 3290000 | U71: 2469000 | V71: 1894000 | W71: 1778000 | X71: 951000 | Y71: 798000 | Z71: 1043000 | AA71: 1138000
C72: Other Non-Current Assets | D72: =IF(COUNT(L72:AR72)>0,MEDIAN(L72:AR72),"") -> 3109000 | E72: =IF(COUNT(L72:AR72)>0,AVERAGE(L72:AR72),"") -> 3748096.9 | F72: =IF(COUNT(L72:AR72)>0,MIN(L72:AR72),"") -> 1426000 | G72: =IF(COUNT(L72:AR72)>0,MAX(L72:AR72),"") -> 9337000 | H72: =IF(COUNT(L72:AR72)>0,QUARTILE(L72:AR72,1),"") -> 2202750 | I72: =IF(COUNT(L72:AR72)>0,QUARTILE(L72:AR72,3),"") -> 4669000 | J72: =IF(COUNT(L72:AR72)>1,STDEV(L72:AR72),"") -> 2081369.7 | K72: =IF(COUNT(L72:AR72)>1,STDEV(L72:AR72)/AVERAGE(L72:AR72),"") -> 0.55531374 | M72: 9337000 | N72: 7744000 | O72: 6012000 | P72: 4936000 | Q72: 3653000 | R72: 2979000 | S72: 2762000 | T72: 6813000 | U72: 2907000 | V72: 3335000 | W72: 3239000 | X72: 2187000 | Y72: 1426000 | Z72: 1629000 | AA72: 1920000 | AB72: 2689000 | AC72: 2534000 | AD72: 2234000 | AE72: 7692000 | AF72: 6493000 | AG72: 5554000 | AH72: 4580000 | AI72: 4168000 | AJ72: 3577000 | AK72: 4199000 | AL72: 3585000 | AM72: 2804000 | AN72: 2208000 | AO72: 1994000 | AP72: 1662000 | AQ72: 1621900 | AR72: 1465200
C73: Total Non-Current Assets | D73: =IF(COUNT(L73:AR73)>0,MEDIAN(L73:AR73),"") -> 45928500 | E73: =IF(COUNT(L73:AR73)>0,AVERAGE(L73:AR73),"") -> 63501497 | F73: =IF(COUNT(L73:AR73)>0,MIN(L73:AR73),"") -> 10763000 | G73: =IF(COUNT(L73:AR73)>0,MAX(L73:AR73),"") -> 199137000 | H73: =IF(COUNT(L73:AR73)>0,QUARTILE(L73:AR73,1),"") -> 19923000 | I73: =IF(COUNT(L73:AR73)>0,QUARTILE(L73:AR73,3),"") -> 92413750 | J73: =IF(COUNT(L73:AR73)>1,STDEV(L73:AR73),"") -> 54076956 | K73: =IF(COUNT(L73:AR73)>1,STDEV(L73:AR73)/AVERAGE(L73:AR73),"") -> 0.85158553 | M73: 199137000 | N73: 178193000 | O73: 162128000 | P73: 145445000 | Q73: 131624000 | R73: 120302000 | S73: 110283000 | T73: 97309000 | U73: 90782000 | V73: 82584000 | W73: 75684000 | X73: 67661000 | Y73: 63464000 | Z73: 59202000 | AA73: 52316000 | AB73: 47736000 | AC73: 44121000 | AD73: 39429000 | AE73: 36344000 | AF73: 30992000 | AG73: 28017000 | AH73: 25806000 | AI73: 24465000 | AJ73: 21277000 | AK73: 15861000 | AL73: 13519000 | AM73: 12068000 | AN73: 10763000 | AO73: 11348000 | AP73: 11046000 | AQ73: 11473900 | AR73: 11668000
C74: Total Assets | D74: =IF(COUNT(L74:AR74)>0,MEDIAN(L74:AR74),"") -> 50726000 | E74: =IF(COUNT(L74:AR74)>0,AVERAGE(L74:AR74),"") -> 68965744 | F74: =IF(COUNT(L74:AR74)>0,MIN(L74:AR74),"") -> 12029000 | G74: =IF(COUNT(L74:AR74)>0,MAX(L74:AR74),"") -> 212721000 | H74: =IF(COUNT(L74:AR74)>0,QUARTILE(L74:AR74,1),"") -> 21754500 | I74: =IF(COUNT(L74:AR74)>0,QUARTILE(L74:AR74,3),"") -> 99397750 | J74: =IF(COUNT(L74:AR74)>1,STDEV(L74:AR74),"") -> 57842563 | K74: =IF(COUNT(L74:AR74)>1,STDEV(L74:AR74)/AVERAGE(L74:AR74),"") -> 0.83871441 | M74: 212721000 | N74: 190144000 | O74: 177489000 | P74: 158935000 | Q74: 140912000 | R74: 127684000 | S74: 117691000 | T74: 103702000 | U74: 97963000 | V74: 89993000 | W74: 82479000 | X74: 74605000 | Y74: 69306000 | Z74: 64439000 | AA74: 57188000 | AB74: 52994000 | AC74: 48458000 | AD74: 44821000 | AE74: 40123000 | AF74: 35822000 | AG74: 33004000 | AH74: 28333000 | AI74: 26935000 | AJ74: 23185000 | AK74: 17463000 | AL74: 15300000 | AM74: 13441000 | AN74: 12029000 | AO74: 12449000 | AP74: 12219000 | AQ74: 12459200 | AR74: 12617600
C75: Liabilities | D75: =IF(COUNT(L75:AR75)>0,MEDIAN(L75:AR75),"") | E75: =IF(COUNT(L75:AR75)>0,AVERAGE(L75:AR75),"") | F75: =IF(COUNT(L75:AR75)>0,MIN(L75:AR75),"") | G75: =IF(COUNT(L75:AR75)>0,MAX(L75:AR75),"") | H75: =IF(COUNT(L75:AR75)>0,QUARTILE(L75:AR75,1),"") | I75: =IF(COUNT(L75:AR75)>0,QUARTILE(L75:AR75,3),"") | J75: =IF(COUNT(L75:AR75)>1,STDEV(L75:AR75),"") | K75: =IF(COUNT(L75:AR75)>1,STDEV(L75:AR75)/AVERAGE(L75:AR75),"")
C76: Current Liabilities | D76: =IF(COUNT(L76:AR76)>0,MEDIAN(L76:AR76),"") -> 34465500 | E76: =IF(COUNT(L76:AR76)>0,AVERAGE(L76:AR76),"") -> 35157833 | F76: =IF(COUNT(L76:AR76)>0,MIN(L76:AR76),"") -> 28148000 | G76: =IF(COUNT(L76:AR76)>0,MAX(L76:AR76),"") -> 42175000 | H76: =IF(COUNT(L76:AR76)>0,QUARTILE(L76:AR76,1),"") -> 32187500 | I76: =IF(COUNT(L76:AR76)>0,QUARTILE(L76:AR76,3),"") -> 38815000 | J76: =IF(COUNT(L76:AR76)>1,STDEV(L76:AR76),"") -> 5239018.8 | K76: =IF(COUNT(L76:AR76)>1,STDEV(L76:AR76)/AVERAGE(L76:AR76),"") -> 0.14901427 | M76: =M56+M62+M66+M70+M72 -> 42175000 | N76: =N56+N62+N66+N70+N72 -> 39522000 | O76: =O56+O62+O66+O70+O72 -> 36694000 | P76: =P56+P62+P66+P70+P72 -> 32171000 | Q76: =Q56+Q62+Q66+Q70+Q72 -> 32237000 | R76: =SUM(R56,R62,R66,R70,R72) -> 28148000
C77: Payables and Accrued Expenses, Current | D77: =IF(COUNT(L77:AR77)>0,MEDIAN(L77:AR77),"") | E77: =IF(COUNT(L77:AR77)>0,AVERAGE(L77:AR77),"") | F77: =IF(COUNT(L77:AR77)>0,MIN(L77:AR77),"") | G77: =IF(COUNT(L77:AR77)>0,MAX(L77:AR77),"") | H77: =IF(COUNT(L77:AR77)>0,QUARTILE(L77:AR77,1),"") | I77: =IF(COUNT(L77:AR77)>0,QUARTILE(L77:AR77,3),"") | J77: =IF(COUNT(L77:AR77)>1,STDEV(L77:AR77),"") | K77: =IF(COUNT(L77:AR77)>1,STDEV(L77:AR77)/AVERAGE(L77:AR77),"")
C78: Trade and Other Payables, Current | D78: =IF(COUNT(L78:AR78)>0,MEDIAN(L78:AR78),"") | E78: =IF(COUNT(L78:AR78)>0,AVERAGE(L78:AR78),"") | F78: =IF(COUNT(L78:AR78)>0,MIN(L78:AR78),"") | G78: =IF(COUNT(L78:AR78)>0,MAX(L78:AR78),"") | H78: =IF(COUNT(L78:AR78)>0,QUARTILE(L78:AR78,1),"") | I78: =IF(COUNT(L78:AR78)>0,QUARTILE(L78:AR78,3),"") | J78: =IF(COUNT(L78:AR78)>1,STDEV(L78:AR78),"") | K78: =IF(COUNT(L78:AR78)>1,STDEV(L78:AR78)/AVERAGE(L78:AR78),"")
C79: Trade/Accounts Payable, Current | D79: =IF(COUNT(L79:AR79)>0,MEDIAN(L79:AR79),"") -> 1195500 | E79: =IF(COUNT(L79:AR79)>0,AVERAGE(L79:AR79),"") -> 2334637.5 | F79: =IF(COUNT(L79:AR79)>0,MIN(L79:AR79),"") -> 305100 | G79: =IF(COUNT(L79:AR79)>0,MAX(L79:AR79),"") -> 8504000 | H79: =IF(COUNT(L79:AR79)>0,QUARTILE(L79:AR79,1),"") -> 524750 | I79: =IF(COUNT(L79:AR79)>0,QUARTILE(L79:AR79,3),"") -> 3288000 | J79: =IF(COUNT(L79:AR79)>1,STDEV(L79:AR79),"") -> 2580388.1 | K79: =IF(COUNT(L79:AR79)>1,STDEV(L79:AR79)/AVERAGE(L79:AR79),"") -> 1.1052628 | M79: 7583000 | N79: 6982000 | O79: 8504000 | P79: 8312000 | Q79: 6935000 | R79: 4615000 | S79: 3631000 | T79: 2386000 | U79: 3235000 | V79: 3447000 | W79: 2529000 | X79: 1354000 | Y79: 1200000 | Z79: 1281000 | AA79: 1191000 | AB79: 1124000 | AC79: 992000 | AD79: 1062000 | AE79: 1204000 | AF79: 1060000 | AG79: 1245000 | AH79: 762000 | AI79: 542000 | AJ79: 458000 | AK79: 473000 | AL79: 564000 | AM79: 407000 | AN79: 338000 | AO79: 368000 | AP79: 308000 | AQ79: 305100 | AR79: 311300
C80: Interest Payable, Current | D80: =IF(COUNT(L80:AR80)>0,MEDIAN(L80:AR80),"") -> 519000 | E80: =IF(COUNT(L80:AR80)>0,AVERAGE(L80:AR80),"") -> 622933.33 | F80: =IF(COUNT(L80:AR80)>0,MIN(L80:AR80),"") -> 414000 | G80: =IF(COUNT(L80:AR80)>0,MAX(L80:AR80),"") -> 1185000 | H80: =IF(COUNT(L80:AR80)>0,QUARTILE(L80:AR80,1),"") -> 473500 | I80: =IF(COUNT(L80:AR80)>0,QUARTILE(L80:AR80,3),"") -> 670000 | J80: =IF(COUNT(L80:AR80)>1,STDEV(L80:AR80),"") -> 240575.34 | K80: =IF(COUNT(L80:AR80)>1,STDEV(L80:AR80)/AVERAGE(L80:AR80),"") -> 0.38619757 | M80: 1185000 | N80: 1016000 | O80: 970000 | P80: 719000 | Q80: 525000 | R80: 519000 | S80: 558000 | T80: 477000 | U80: 621000 | V80: 480000 | W80: 449000 | X80: 474000 | Y80: 473000 | Z80: 414000 | AA80: 464000
C81: Total Trade and Other Payables, Current | D81: =IF(COUNT(L81:AR81)>0,MEDIAN(L81:AR81),"") -> 1224500 | E81: =IF(COUNT(L81:AR81)>0,AVERAGE(L81:AR81),"") -> 2626637.5 | F81: =IF(COUNT(L81:AR81)>0,MIN(L81:AR81),"") -> 305100 | G81: =IF(COUNT(L81:AR81)>0,MAX(L81:AR81),"") -> 9474000 | H81: =IF(COUNT(L81:AR81)>0,QUARTILE(L81:AR81,1),"") -> 524750 | I81: =IF(COUNT(L81:AR81)>0,QUARTILE(L81:AR81,3),"") -> 3873750 | J81: =IF(COUNT(L81:AR81)>1,STDEV(L81:AR81),"") -> 2895358.5 | K81: =IF(COUNT(L81:AR81)>1,STDEV(L81:AR81)/AVERAGE(L81:AR81),"") -> 1.1023061 | M81: 8768000 | N81: 7998000 | O81: 9474000 | P81: 9031000 | Q81: 7460000 | R81: 5134000 | S81: 4189000 | T81: 2863000 | U81: 3856000 | V81: 3927000 | W81: 2978000 | X81: 1828000 | Y81: 1673000 | Z81: 1695000 | AA81: 1655000 | AB81: 1124000 | AC81: 992000 | AD81: 1062000 | AE81: 1204000 | AF81: 1060000 | AG81: 1245000 | AH81: 762000 | AI81: 542000 | AJ81: 458000 | AK81: 473000 | AL81: 564000 | AM81: 407000 | AN81: 338000 | AO81: 368000 | AP81: 308000 | AQ81: 305100 | AR81: 311300
C82: Accrued Expenses, Current | D82: =IF(COUNT(L82:AR82)>0,MEDIAN(L82:AR82),"") -> 1016000 | E82: =IF(COUNT(L82:AR82)>0,AVERAGE(L82:AR82),"") -> 1282340.6 | F82: =IF(COUNT(L82:AR82)>0,MIN(L82:AR82),"") -> 374000 | G82: =IF(COUNT(L82:AR82)>0,MAX(L82:AR82),"") -> 3459000 | H82: =IF(COUNT(L82:AR82)>0,QUARTILE(L82:AR82,1),"") -> 827500 | I82: =IF(COUNT(L82:AR82)>0,QUARTILE(L82:AR82,3),"") -> 1583000 | J82: =IF(COUNT(L82:AR82)>1,STDEV(L82:AR82),"") -> 731380.35 | K82: =IF(COUNT(L82:AR82)>1,STDEV(L82:AR82)/AVERAGE(L82:AR82),"") -> 0.57034795 | M82: 2966000 | N82: 2346000 | O82: 1861000 | P82: 1760000 | Q82: 1378000 | R82: 991000 | S82: 1152000 | T82: 1195000 | U82: 1033000 | V82: 1120000 | W82: 921000 | X82: 676000 | Y82: 839000 | Z82: 427000 | AA82: 518000 | AB82: 833000 | AC82: 942000 | AD82: 374000 | AE82: 2136000 | AF82: 2524000 | AG82: 3459000 | AH82: 1769000 | AI82: 1524000 | AJ82: 1151000 | AK82: 1184000 | AL82: 976000 | AM82: 999000 | AN82: 834000 | AO82: 799000 | AP82: 811000 | AQ82: 808600 | AR82: 728300
C83: Total Payables and Accrued Expenses, Current | D83: =IF(COUNT(L83:AR83)>0,MEDIAN(L83:AR83),"") -> 2508000 | E83: =IF(COUNT(L83:AR83)>0,AVERAGE(L83:AR83),"") -> 3908978.1 | F83: =IF(COUNT(L83:AR83)>0,MIN(L83:AR83),"") -> 1039600 | G83: =IF(COUNT(L83:AR83)>0,MAX(L83:AR83),"") -> 11734000 | H83: =IF(COUNT(L83:AR83)>0,QUARTILE(L83:AR83,1),"") -> 1591750 | I83: =IF(COUNT(L83:AR83)>0,QUARTILE(L83:AR83,3),"") -> 4928500 | J83: =IF(COUNT(L83:AR83)>1,STDEV(L83:AR83),"") -> 3263074.4 | K83: =IF(COUNT(L83:AR83)>1,STDEV(L83:AR83)/AVERAGE(L83:AR83),"") -> 0.83476404 | M83: 11734000 | N83: 10344000 | O83: 11335000 | P83: 10791000 | Q83: 8838000 | R83: 6125000 | S83: 5341000 | T83: 4058000 | U83: 4889000 | V83: 5047000 | W83: 3899000 | X83: 2504000 | Y83: 2512000 | Z83: 2122000 | AA83: 2173000 | AB83: 1957000 | AC83: 1934000 | AD83: 1436000 | AE83: 3340000 | AF83: 3584000 | AG83: 4704000 | AH83: 2531000 | AI83: 2066000 | AJ83: 1609000 | AK83: 1657000 | AL83: 1540000 | AM83: 1406000 | AN83: 1172000 | AO83: 1167000 | AP83: 1119000 | AQ83: 1113700 | AR83: 1039600
C84: Financial Liabilities, Current | D84: =IF(COUNT(L84:AR84)>0,MEDIAN(L84:AR84),"") | E84: =IF(COUNT(L84:AR84)>0,AVERAGE(L84:AR84),"") | F84: =IF(COUNT(L84:AR84)>0,MIN(L84:AR84),"") | G84: =IF(COUNT(L84:AR84)>0,MAX(L84:AR84),"") | H84: =IF(COUNT(L84:AR84)>0,QUARTILE(L84:AR84,1),"") | I84: =IF(COUNT(L84:AR84)>0,QUARTILE(L84:AR84,3),"") | J84: =IF(COUNT(L84:AR84)>1,STDEV(L84:AR84),"") | K84: =IF(COUNT(L84:AR84)>1,STDEV(L84:AR84)/AVERAGE(L84:AR84),"")
C85: Current Debt and Capital Lease Obligation | D85: =IF(COUNT(L85:AR85)>0,MEDIAN(L85:AR85),"") | E85: =IF(COUNT(L85:AR85)>0,AVERAGE(L85:AR85),"") | F85: =IF(COUNT(L85:AR85)>0,MIN(L85:AR85),"") | G85: =IF(COUNT(L85:AR85)>0,MAX(L85:AR85),"") | H85: =IF(COUNT(L85:AR85)>0,QUARTILE(L85:AR85,1),"") | I85: =IF(COUNT(L85:AR85)>0,QUARTILE(L85:AR85,3),"") | J85: =IF(COUNT(L85:AR85)>1,STDEV(L85:AR85),"") | K85: =IF(COUNT(L85:AR85)>1,STDEV(L85:AR85)/AVERAGE(L85:AR85),"")
C86: Current Debt | D86: =IF(COUNT(L86:AR86)>0,MEDIAN(L86:AR86),"") | E86: =IF(COUNT(L86:AR86)>0,AVERAGE(L86:AR86),"") | F86: =IF(COUNT(L86:AR86)>0,MIN(L86:AR86),"") | G86: =IF(COUNT(L86:AR86)>0,MAX(L86:AR86),"") | H86: =IF(COUNT(L86:AR86)>0,QUARTILE(L86:AR86,1),"") | I86: =IF(COUNT(L86:AR86)>0,QUARTILE(L86:AR86,3),"") | J86: =IF(COUNT(L86:AR86)>1,STDEV(L86:AR86),"") | K86: =IF(COUNT(L86:AR86)>1,STDEV(L86:AR86)/AVERAGE(L86:AR86),"")
C87: Commercial Paper | D87: =IF(COUNT(L87:AR87)>0,MEDIAN(L87:AR87),"") -> 1610500 | E87: =IF(COUNT(L87:AR87)>0,AVERAGE(L87:AR87),"") -> 1647111.1 | F87: =IF(COUNT(L87:AR87)>0,MIN(L87:AR87),"") -> 268000 | G87: =IF(COUNT(L87:AR87)>0,MAX(L87:AR87),"") -> 4650000 | H87: =IF(COUNT(L87:AR87)>0,QUARTILE(L87:AR87,1),"") -> 1159250 | I87: =IF(COUNT(L87:AR87)>0,QUARTILE(L87:AR87,3),"") -> 1925000 | J87: =IF(COUNT(L87:AR87)>1,STDEV(L87:AR87),"") -> 996668.56 | K87: =IF(COUNT(L87:AR87)>1,STDEV(L87:AR87)/AVERAGE(L87:AR87),"") -> 0.60510099 | M87: 1955000 | N87: 1670000 | O87: 4650000 | P87: 1709000 | Q87: 1382000 | R87: 1551000 | S87: 2516000 | T87: 2749000 | U87: 1687000 | V87: 268000 | W87: 374000 | X87: 1142000 | Y87: 691000 | Z87: 1211000 | AA87: 1349000 | AB87: 889000 | AC87: 2020000 | AD87: 1835000
C88: Notes Payable, Current Debt | D88: =IF(COUNT(L88:AR88)>0,MEDIAN(L88:AR88),"") -> 15000 | E88: =IF(COUNT(L88:AR88)>0,AVERAGE(L88:AR88),"") -> 15000 | F88: =IF(COUNT(L88:AR88)>0,MIN(L88:AR88),"") -> 0 | G88: =IF(COUNT(L88:AR88)>0,MAX(L88:AR88),"") -> 30000 | H88: =IF(COUNT(L88:AR88)>0,QUARTILE(L88:AR88,1),"") -> 7500 | I88: =IF(COUNT(L88:AR88)>0,QUARTILE(L88:AR88,3),"") -> 22500 | J88: =IF(COUNT(L88:AR88)>1,STDEV(L88:AR88),"") -> 21213.203 | K88: =IF(COUNT(L88:AR88)>1,STDEV(L88:AR88)/AVERAGE(L88:AR88),"") -> 1.4142136 | X88: 0 | AD88: 30000
C89: Other Loans, Current Debt | D89: =IF(COUNT(L89:AR89)>0,MEDIAN(L89:AR89),"") -> 435000 | E89: =IF(COUNT(L89:AR89)>0,AVERAGE(L89:AR89),"") -> 897812.5 | F89: =IF(COUNT(L89:AR89)>0,MIN(L89:AR89),"") -> 0 | G89: =IF(COUNT(L89:AR89)>0,MAX(L89:AR89),"") -> 5465000 | H89: =IF(COUNT(L89:AR89)>0,QUARTILE(L89:AR89,1),"") -> 245500 | I89: =IF(COUNT(L89:AR89)>0,QUARTILE(L89:AR89,3),"") -> 867000 | J89: =IF(COUNT(L89:AR89)>1,STDEV(L89:AR89),"") -> 1327054.1 | K89: =IF(COUNT(L89:AR89)>1,STDEV(L89:AR89)/AVERAGE(L89:AR89),"") -> 1.4780971 | M89: 608000 | N89: 217000 | O89: 255000 | P89: 1368000 | Q89: 700000 | R89: 458000 | S89: 400000 | T89: 5465000 | U89: 255000 | V89: 150000 | W89: 412000 | Z89: 200000 | AA89: 0 | AB89: 1920000 | AC89: 569000 | AD89: 1388000
C90: Total Current Debt | D90: =IF(COUNT(L90:AR90)>0,MEDIAN(L90:AR90),"") -> 1914500 | E90: =IF(COUNT(L90:AR90)>0,AVERAGE(L90:AR90),"") -> 1944046.9 | F90: =IF(COUNT(L90:AR90)>0,MIN(L90:AR90),"") -> 122100 | G90: =IF(COUNT(L90:AR90)>0,MAX(L90:AR90),"") -> 8214000 | H90: =IF(COUNT(L90:AR90)>0,QUARTILE(L90:AR90,1),"") -> 762250 | I90: =IF(COUNT(L90:AR90)>0,QUARTILE(L90:AR90,3),"") -> 2569500 | J90: =IF(COUNT(L90:AR90)>1,STDEV(L90:AR90),"") -> 1590218.3 | K90: =IF(COUNT(L90:AR90)>1,STDEV(L90:AR90)/AVERAGE(L90:AR90),"") -> 0.81799383 | M90: 2563000 | N90: 1887000 | O90: 4905000 | P90: 3077000 | Q90: 2082000 | R90: 2009000 | S90: 2916000 | T90: 8214000 | U90: 1942000 | V90: 418000 | W90: 786000 | X90: 1142000 | Y90: 691000 | Z90: 1411000 | AA90: 1349000 | AB90: 2809000 | AC90: 2589000 | AD90: 3253000 | AE90: 2418000 | AF90: 2742000 | AG90: 2563000 | AH90: 1717000 | AI90: 1287000 | AJ90: 2302000 | AK90: 1982000 | AL90: 1223000 | AM90: 464000 | AN90: 469000 | AO90: 332000 | AP90: 155000 | AQ90: 390400 | AR90: 122100
C91: Current Portion of Long Term Debt and Capital Lease | D91: =IF(COUNT(L91:AR91)>0,MEDIAN(L91:AR91),"") | E91: =IF(COUNT(L91:AR91)>0,AVERAGE(L91:AR91),"") | F91: =IF(COUNT(L91:AR91)>0,MIN(L91:AR91),"") | G91: =IF(COUNT(L91:AR91)>0,MAX(L91:AR91),"") | H91: =IF(COUNT(L91:AR91)>0,QUARTILE(L91:AR91,1),"") | I91: =IF(COUNT(L91:AR91)>0,QUARTILE(L91:AR91,3),"") | J91: =IF(COUNT(L91:AR91)>1,STDEV(L91:AR91),"") | K91: =IF(COUNT(L91:AR91)>1,STDEV(L91:AR91)/AVERAGE(L91:AR91),"")
C92: Current Portion of Long Term Debt | D92: =IF(COUNT(L92:AR92)>0,MEDIAN(L92:AR92),"") -> 2771000 | E92: =IF(COUNT(L92:AR92)>0,AVERAGE(L92:AR92),"") -> 3547666.7 | F92: =IF(COUNT(L92:AR92)>0,MIN(L92:AR92),"") -> 808000 | G92: =IF(COUNT(L92:AR92)>0,MAX(L92:AR92),"") -> 8061000 | H92: =IF(COUNT(L92:AR92)>0,QUARTILE(L92:AR92,1),"") -> 2172000 | I92: =IF(COUNT(L92:AR92)>0,QUARTILE(L92:AR92,3),"") -> 3952000 | J92: =IF(COUNT(L92:AR92)>1,STDEV(L92:AR92),"") -> 2098228.2 | K92: =IF(COUNT(L92:AR92)>1,STDEV(L92:AR92)/AVERAGE(L92:AR92),"") -> 0.59143893 | M92: 3500000 | N92: 8061000 | O92: 6901000 | P92: 6633000 | Q92: 1785000 | R92: 4138000 | S92: 2124000 | T92: 2716000 | U92: 1673000 | V92: 2604000 | W92: 2220000 | X92: 3515000 | Y92: 3766000 | Z92: 2771000 | AA92: 808000
C93: Total Current Portion of Long Term Debt and Capital Lease | D93: =IF(COUNT(L93:AR93)>0,MEDIAN(L93:AR93),"") -> 2771000 | E93: =IF(COUNT(L93:AR93)>0,AVERAGE(L93:AR93),"") -> 3547666.7 | F93: =IF(COUNT(L93:AR93)>0,MIN(L93:AR93),"") -> 808000 | G93: =IF(COUNT(L93:AR93)>0,MAX(L93:AR93),"") -> 8061000 | H93: =IF(COUNT(L93:AR93)>0,QUARTILE(L93:AR93,1),"") -> 2172000 | I93: =IF(COUNT(L93:AR93)>0,QUARTILE(L93:AR93,3),"") -> 3952000 | J93: =IF(COUNT(L93:AR93)>1,STDEV(L93:AR93),"") -> 2098228.2 | K93: =IF(COUNT(L93:AR93)>1,STDEV(L93:AR93)/AVERAGE(L93:AR93),"") -> 0.59143893 | M93: 3500000 | N93: 8061000 | O93: 6901000 | P93: 6633000 | Q93: 1785000 | R93: 4138000 | S93: 2124000 | T93: 2716000 | U93: 1673000 | V93: 2604000 | W93: 2220000 | X93: 3515000 | Y93: 3766000 | Z93: 2771000 | AA93: 808000
C94: Total Current Debt and Capital Lease Obligation | D94: =IF(COUNT(L94:AR94)>0,MEDIAN(L94:AR94),"") -> 2775500 | E94: =IF(COUNT(L94:AR94)>0,AVERAGE(L94:AR94),"") -> 3607015.6 | F94: =IF(COUNT(L94:AR94)>0,MIN(L94:AR94),"") -> 122100 | G94: =IF(COUNT(L94:AR94)>0,MAX(L94:AR94),"") -> 11806000 | H94: =IF(COUNT(L94:AR94)>0,QUARTILE(L94:AR94,1),"") -> 1609500 | I94: =IF(COUNT(L94:AR94)>0,QUARTILE(L94:AR94,3),"") -> 4507000 | J94: =IF(COUNT(L94:AR94)>1,STDEV(L94:AR94),"") -> 3145716.3 | K94: =IF(COUNT(L94:AR94)>1,STDEV(L94:AR94)/AVERAGE(L94:AR94),"") -> 0.87211052 | M94: 6063000 | N94: 9948000 | O94: 11806000 | P94: 9710000 | Q94: 3867000 | R94: 6147000 | S94: 5040000 | T94: 10930000 | U94: 3615000 | V94: 3022000 | W94: 3006000 | X94: 4657000 | Y94: 4457000 | Z94: 4182000 | AA94: 2157000 | AB94: 2809000 | AC94: 2589000 | AD94: 3253000 | AE94: 2418000 | AF94: 2742000 | AG94: 2563000 | AH94: 1717000 | AI94: 1287000 | AJ94: 2302000 | AK94: 1982000 | AL94: 1223000 | AM94: 464000 | AN94: 469000 | AO94: 332000 | AP94: 155000 | AQ94: 390400 | AR94: 122100
C95: Derivative and Hedging Liabilities, Current | D95: =IF(COUNT(L95:AR95)>0,MEDIAN(L95:AR95),"") -> 838000 | E95: =IF(COUNT(L95:AR95)>0,AVERAGE(L95:AR95),"") -> 810588.24 | F95: =IF(COUNT(L95:AR95)>0,MIN(L95:AR95),"") -> 221000 | G95: =IF(COUNT(L95:AR95)>0,MAX(L95:AR95),"") -> 2102000 | H95: =IF(COUNT(L95:AR95)>0,QUARTILE(L95:AR95,1),"") -> 404000 | I95: =IF(COUNT(L95:AR95)>0,QUARTILE(L95:AR95,3),"") -> 1090000 | J95: =IF(COUNT(L95:AR95)>1,STDEV(L95:AR95),"") -> 485090.85 | K95: =IF(COUNT(L95:AR95)>1,STDEV(L95:AR95)/AVERAGE(L95:AR95),"") -> 0.59844299 | M95: 1113000 | N95: 1073000 | O95: 845000 | P95: 2102000 | Q95: 1263000 | R95: 311000 | S95: 344000 | T95: 675000 | U95: 364000 | V95: 404000 | W95: 882000 | X95: 1289000 | Y95: 838000 | Z95: 430000 | AA95: 1090000 | AB95: 536000 | AC95: 221000
C96: Total Financial Liabilities, Current | D96: =IF(COUNT(L96:AR96)>0,MEDIAN(L96:AR96),"") -> 3250000 | E96: =IF(COUNT(L96:AR96)>0,AVERAGE(L96:AR96),"") -> 4037640.6 | F96: =IF(COUNT(L96:AR96)>0,MIN(L96:AR96),"") -> 122100 | G96: =IF(COUNT(L96:AR96)>0,MAX(L96:AR96),"") -> 12651000 | H96: =IF(COUNT(L96:AR96)>0,QUARTILE(L96:AR96,1),"") -> 1609500 | I96: =IF(COUNT(L96:AR96)>0,QUARTILE(L96:AR96,3),"") -> 5317250 | J96: =IF(COUNT(L96:AR96)>1,STDEV(L96:AR96),"") -> 3529101.4 | K96: =IF(COUNT(L96:AR96)>1,STDEV(L96:AR96)/AVERAGE(L96:AR96),"") -> 0.8740504 | M96: 7176000 | N96: 11021000 | O96: 12651000 | P96: 11812000 | Q96: 5130000 | R96: 6458000 | S96: 5384000 | T96: 11605000 | U96: 3979000 | V96: 3426000 | W96: 3888000 | X96: 5946000 | Y96: 5295000 | Z96: 4612000 | AA96: 3247000 | AB96: 3345000 | AC96: 2810000 | AD96: 3253000 | AE96: 2418000 | AF96: 2742000 | AG96: 2563000 | AH96: 1717000 | AI96: 1287000 | AJ96: 2302000 | AK96: 1982000 | AL96: 1223000 | AM96: 464000 | AN96: 469000 | AO96: 332000 | AP96: 155000 | AQ96: 390400 | AR96: 122100
C97: Deferred Liabilities, Current | D97: =IF(COUNT(L97:AR97)>0,MEDIAN(L97:AR97),"") | E97: =IF(COUNT(L97:AR97)>0,AVERAGE(L97:AR97),"") | F97: =IF(COUNT(L97:AR97)>0,MIN(L97:AR97),"") | G97: =IF(COUNT(L97:AR97)>0,MAX(L97:AR97),"") | H97: =IF(COUNT(L97:AR97)>0,QUARTILE(L97:AR97,1),"") | I97: =IF(COUNT(L97:AR97)>0,QUARTILE(L97:AR97,3),"") | J97: =IF(COUNT(L97:AR97)>1,STDEV(L97:AR97),"") | K97: =IF(COUNT(L97:AR97)>1,STDEV(L97:AR97)/AVERAGE(L97:AR97),"")
C98: Deferred Income/Customer Advances/Billings in Excess of Cost, Current | D98: =IF(COUNT(L98:AR98)>0,MEDIAN(L98:AR98),"") -> 474000 | E98: =IF(COUNT(L98:AR98)>0,AVERAGE(L98:AR98),"") -> 487529.41 | F98: =IF(COUNT(L98:AR98)>0,MIN(L98:AR98),"") -> 47000 | G98: =IF(COUNT(L98:AR98)>0,MAX(L98:AR98),"") -> 709000 | H98: =IF(COUNT(L98:AR98)>0,QUARTILE(L98:AR98,1),"") -> 452000 | I98: =IF(COUNT(L98:AR98)>0,QUARTILE(L98:AR98,3),"") -> 547000 | J98: =IF(COUNT(L98:AR98)>1,STDEV(L98:AR98),"") -> 144900.02 | K98: =IF(COUNT(L98:AR98)>1,STDEV(L98:AR98)/AVERAGE(L98:AR98),"") -> 0.29721287 | M98: 709000 | N98: 694000 | O98: 638000 | P98: 560000 | Q98: 485000 | R98: 474000 | S98: 499000 | T98: 445000 | U98: 448000 | V98: 470000 | W98: 473000 | X98: 462000 | Y98: 452000 | Z98: 508000 | AA98: 547000 | AB98: 47000 | AC98: 377000
C99: Total Deferred Liabilities, Current | D99: =IF(COUNT(L99:AR99)>0,MEDIAN(L99:AR99),"") -> 474000 | E99: =IF(COUNT(L99:AR99)>0,AVERAGE(L99:AR99),"") -> 487529.41 | F99: =IF(COUNT(L99:AR99)>0,MIN(L99:AR99),"") -> 47000 | G99: =IF(COUNT(L99:AR99)>0,MAX(L99:AR99),"") -> 709000 | H99: =IF(COUNT(L99:AR99)>0,QUARTILE(L99:AR99,1),"") -> 452000 | I99: =IF(COUNT(L99:AR99)>0,QUARTILE(L99:AR99,3),"") -> 547000 | J99: =IF(COUNT(L99:AR99)>1,STDEV(L99:AR99),"") -> 144900.02 | K99: =IF(COUNT(L99:AR99)>1,STDEV(L99:AR99)/AVERAGE(L99:AR99),"") -> 0.29721287 | M99: 709000 | N99: 694000 | O99: 638000 | P99: 560000 | Q99: 485000 | R99: 474000 | S99: 499000 | T99: 445000 | U99: 448000 | V99: 470000 | W99: 473000 | X99: 462000 | Y99: 452000 | Z99: 508000 | AA99: 547000 | AB99: 47000 | AC99: 377000
C100: Regulatory Liabilities, Current | D100: =IF(COUNT(L100:AR100)>0,MEDIAN(L100:AR100),"") -> 320000 | E100: =IF(COUNT(L100:AR100)>0,AVERAGE(L100:AR100),"") -> 287545.45 | F100: =IF(COUNT(L100:AR100)>0,MIN(L100:AR100),"") -> 14000 | G100: =IF(COUNT(L100:AR100)>0,MAX(L100:AR100),"") -> 356000 | H100: =IF(COUNT(L100:AR100)>0,QUARTILE(L100:AR100,1),"") -> 284000 | I100: =IF(COUNT(L100:AR100)>0,QUARTILE(L100:AR100,3),"") -> 343000 | J100: =IF(COUNT(L100:AR100)>1,STDEV(L100:AR100),"") -> 96981.816 | K100: =IF(COUNT(L100:AR100)>1,STDEV(L100:AR100)/AVERAGE(L100:AR100),"") -> 0.33727473 | M100: 356000 | N100: 279000 | O100: 340000 | P100: 350000 | Q100: 289000 | R100: 245000 | S100: 320000 | T100: 325000 | U100: 346000 | V100: 299000 | W100: 14000
C101: Liabilities Held for Sale/Discontinued Operations, Current | D101: =IF(COUNT(L101:AR101)>0,MEDIAN(L101:AR101),"") -> 451000 | E101: =IF(COUNT(L101:AR101)>0,AVERAGE(L101:AR101),"") -> 435200 | F101: =IF(COUNT(L101:AR101)>0,MIN(L101:AR101),"") -> 0 | G101: =IF(COUNT(L101:AR101)>0,MAX(L101:AR101),"") -> 992000 | H101: =IF(COUNT(L101:AR101)>0,QUARTILE(L101:AR101,1),"") -> 0 | I101: =IF(COUNT(L101:AR101)>0,QUARTILE(L101:AR101,3),"") -> 733000 | J101: =IF(COUNT(L101:AR101)>1,STDEV(L101:AR101),"") -> 440953.17 | K101: =IF(COUNT(L101:AR101)>1,STDEV(L101:AR101)/AVERAGE(L101:AR101),"") -> 1.0132196 | V101: 451000 | W101: 992000 | X101: 0 | Z101: 733000 | AA101: 0
C102: Other Current Liabilities | D102: =IF(COUNT(L102:AR102)>0,MEDIAN(L102:AR102),"") -> 1555000 | E102: =IF(COUNT(L102:AR102)>0,AVERAGE(L102:AR102),"") -> 1752521.1 | F102: =IF(COUNT(L102:AR102)>0,MIN(L102:AR102),"") -> -100 | G102: =IF(COUNT(L102:AR102)>0,MAX(L102:AR102),"") -> 3182000 | H102: =IF(COUNT(L102:AR102)>0,QUARTILE(L102:AR102,1),"") -> 917000 | I102: =IF(COUNT(L102:AR102)>0,QUARTILE(L102:AR102,3),"") -> 2768500 | J102: =IF(COUNT(L102:AR102)>1,STDEV(L102:AR102),"") -> 989028.63 | K102: =IF(COUNT(L102:AR102)>1,STDEV(L102:AR102)/AVERAGE(L102:AR102),"") -> 0.56434622 | M102: 2842000 | N102: 3017000 | O102: 2999000 | P102: 3182000 | Q102: 2695000 | R102: 2256000 | S102: 2309000 | T102: 1130000 | U102: 1581000 | V102: 1226000 | W102: 841000 | X102: 751000 | Y102: 930000 | Z102: 904000 | AA102: 752000 | AB102: 1555000 | AC102: 1328000 | AD102: 3000000 | AR102: -100
C103: Total Current Liabilities | D103: =IF(COUNT(L103:AR103)>0,MEDIAN(L103:AR103),"") -> 7085500 | E103: =IF(COUNT(L103:AR103)>0,AVERAGE(L103:AR103),"") -> 9413021.9 | F103: =IF(COUNT(L103:AR103)>0,MIN(L103:AR103),"") -> 1161600 | G103: =IF(COUNT(L103:AR103)>0,MAX(L103:AR103),"") -> 27963000 | H103: =IF(COUNT(L103:AR103)>0,QUARTILE(L103:AR103,1),"") -> 3567500 | I103: =IF(COUNT(L103:AR103)>0,QUARTILE(L103:AR103,3),"") -> 11895500 | J103: =IF(COUNT(L103:AR103)>1,STDEV(L103:AR103),"") -> 7771355.7 | K103: =IF(COUNT(L103:AR103)>1,STDEV(L103:AR103)/AVERAGE(L103:AR103),"") -> 0.82559627 | M103: 22817000 | N103: 25355000 | O103: 27963000 | P103: 26695000 | Q103: 17437000 | R103: 15558000 | S103: 13853000 | T103: 17563000 | U103: 11243000 | V103: 10919000 | W103: 10107000 | X103: 9663000 | Y103: 9189000 | Z103: 8879000 | AA103: 6719000 | AB103: 6904000 | AC103: 6449000 | AD103: 7689000 | AE103: 5758000 | AF103: 6326000 | AG103: 7267000 | AH103: 4248000 | AI103: 3353000 | AJ103: 3911000 | AK103: 3639000 | AL103: 2763000 | AM103: 1870000 | AN103: 1641000 | AO103: 1499000 | AP103: 1274000 | AQ103: 1504100 | AR103: 1161600
C104: Non-Current Liabilities | D104: =IF(COUNT(L104:AR104)>0,MEDIAN(L104:AR104),"") | E104: =IF(COUNT(L104:AR104)>0,AVERAGE(L104:AR104),"") | F104: =IF(COUNT(L104:AR104)>0,MIN(L104:AR104),"") | G104: =IF(COUNT(L104:AR104)>0,MAX(L104:AR104),"") | H104: =IF(COUNT(L104:AR104)>0,QUARTILE(L104:AR104,1),"") | I104: =IF(COUNT(L104:AR104)>0,QUARTILE(L104:AR104,3),"") | J104: =IF(COUNT(L104:AR104)>1,STDEV(L104:AR104),"") | K104: =IF(COUNT(L104:AR104)>1,STDEV(L104:AR104)/AVERAGE(L104:AR104),"")
...

Sheet PitchBook_CF
C3: Cash Flow (Fiscal Year)
C4: Downloaded On: 19-Mar-2026 | D4: Summary Stats
C5: Company: NextEra Energy (NYS: NEE) | D5: Median | E5: Mean | F5: Min | G5: Max | H5: 25th pctile | I5: 75th pctile | J5: Std. Dev | K5: Coefficient of Variation | M5: FY 2025 | N5: FY 2024 | O5: FY 2023 | P5: FY 2022 | Q5: FY 2021 | R5: FY 2020 | S5: FY 2019 | T5: FY 2018 | U5: FY 2017 | V5: FY 2016 | W5: FY 2015 | X5: FY 2014 | Y5: FY 2013 | Z5: FY 2012 | AA5: FY 2011 | AB5: FY 2010 | AC5: FY 2009 | AD5: FY 2008 | AE5: FY 2007 | AF5: FY 2006 | AG5: FY 2005 | AH5: FY 2004 | AI5: FY 2003 | AJ5: FY 2002 | AK5: FY 2001 | AL5: FY 2000 | AM5: FY 1999 | AN5: FY 1998 | AO5: FY 1997 | AP5: FY 1996 | AQ5: FY 1995 | AR5: FY 1994
C7: Amounts in Thousands, USD (except Ratios, Multiples & per share items)
M9: Filed: 13-Feb-2026 | N9: Filed: 13-Feb-2026 | O9: Filed: 13-Feb-2026 | P9: Filed: 14-Feb-2025 | Q9: Filed: 16-Feb-2024 | R9: Filed: 18-Feb-2022 | S9: Filed: 18-Feb-2022 | T9: Filed: 12-Feb-2021 | U9: Filed: 14-Feb-2020 | V9: Filed: 15-Feb-2019 | W9: Filed: 16-Feb-2018 | X9: Filed: 23-Feb-2017 | Y9: Filed: 22-Feb-2016 | Z9: Filed: 31-Dec-2012 | AA9: Filed: 31-Dec-2011 | AB9: Filed: 31-Dec-2010 | AC9: Filed: 31-Dec-2009 | AD9: Filed: 31-Dec-2008 | AE9: Filed: 31-Dec-2007 | AF9: Filed: 31-Dec-2006 | AG9: Filed: 31-Dec-2005 | AH9: Filed: 31-Dec-2004 | AI9: Filed: 31-Dec-2003 | AJ9: Filed: 31-Dec-2002 | AK9: Filed: 31-Dec-2001 | AL9: Filed: 31-Dec-2000 | AM9: Filed: 31-Dec-1999 | AN9: Filed: 31-Dec-1998 | AO9: Filed: 31-Dec-1997 | AP9: Filed: 31-Dec-1996 | AQ9: Filed: 31-Dec-1995 | AR9: Filed: 31-Dec-1994
M10: View 10-K | N10: View 10-K | O10: View 10-K | P10: View 10-K | Q10: View 10-K | R10: View 10-K | S10: View 10-K | T10: View 10-K | U10: View 10-K | V10: View 10-K | W10: View 10-K | X10: View 10-K | Y10: View 10-K | Z10: View 10-K | AA10: View 10-K | AB10: View 10-K | AC10: View 10-K | AD10: View 10-K
C11: Cash Flow from Operating Activities, Indirect | D11: =IF(COUNT(L11:AR11)>0,MEDIAN(L11:AR11),"") | E11: =IF(COUNT(L11:AR11)>0,AVERAGE(L11:AR11),"") | F11: =IF(COUNT(L11:AR11)>0,MIN(L11:AR11),"") | G11: =IF(COUNT(L11:AR11)>0,MAX(L11:AR11),"") | H11: =IF(COUNT(L11:AR11)>0,QUARTILE(L11:AR11,1),"") | I11: =IF(COUNT(L11:AR11)>0,QUARTILE(L11:AR11,3),"") | J11: =IF(COUNT(L11:AR11)>1,STDEV(L11:AR11),"") | K11: =IF(COUNT(L11:AR11)>1,STDEV(L11:AR11)/AVERAGE(L11:AR11),"")
C12: Net Cash Flow from Continuing Operating Activities, Indirect | D12: =IF(COUNT(L12:AR12)>0,MEDIAN(L12:AR12),"") | E12: =IF(COUNT(L12:AR12)>0,AVERAGE(L12:AR12),"") | F12: =IF(COUNT(L12:AR12)>0,MIN(L12:AR12),"") | G12: =IF(COUNT(L12:AR12)>0,MAX(L12:AR12),"") | H12: =IF(COUNT(L12:AR12)>0,QUARTILE(L12:AR12,1),"") | I12: =IF(COUNT(L12:AR12)>0,QUARTILE(L12:AR12,3),"") | J12: =IF(COUNT(L12:AR12)>1,STDEV(L12:AR12),"") | K12: =IF(COUNT(L12:AR12)>1,STDEV(L12:AR12)/AVERAGE(L12:AR12),"")
C13: Cash Generated from Operating Activities | D13: =IF(COUNT(L13:AR13)>0,MEDIAN(L13:AR13),"") | E13: =IF(COUNT(L13:AR13)>0,AVERAGE(L13:AR13),"") | F13: =IF(COUNT(L13:AR13)>0,MIN(L13:AR13),"") | G13: =IF(COUNT(L13:AR13)>0,MAX(L13:AR13),"") | H13: =IF(COUNT(L13:AR13)>0,QUARTILE(L13:AR13,1),"") | I13: =IF(COUNT(L13:AR13)>0,QUARTILE(L13:AR13,3),"") | J13: =IF(COUNT(L13:AR13)>1,STDEV(L13:AR13),"") | K13: =IF(COUNT(L13:AR13)>1,STDEV(L13:AR13)/AVERAGE(L13:AR13),"")
C14: Income/(Loss) before Non-Cash Adjustment | D14: =IF(COUNT(L14:AR14)>0,MEDIAN(L14:AR14),"") -> 1658000 | E14: =IF(COUNT(L14:AR14)>0,AVERAGE(L14:AR14),"") -> 2189115.6 | F14: =IF(COUNT(L14:AR14)>0,MIN(L14:AR14),"") -> 473000 | G14: =IF(COUNT(L14:AR14)>0,MAX(L14:AR14),"") -> 6282000 | H14: =IF(COUNT(L14:AR14)>0,QUARTILE(L14:AR14,1),"") -> 761750 | I14: =IF(COUNT(L14:AR14)>0,QUARTILE(L14:AR14,3),"") -> 2870000 | J14: =IF(COUNT(L14:AR14)>1,STDEV(L14:AR14),"") -> 1756384.9 | K14: =IF(COUNT(L14:AR14)>1,STDEV(L14:AR14)/AVERAGE(L14:AR14),"") -> 0.80232624 | M14: 5332000 | N14: 5698000 | O14: 6282000 | P14: 3246000 | Q14: 2827000 | R14: 2369000 | S14: 3388000 | T14: 5776000 | U14: 5323000 | V14: 2999000 | W14: 2762000 | X14: 2469000 | Y14: 1677000 | Z14: 1911000 | AA14: 1923000 | AB14: 1957000 | AC14: 1615000 | AD14: 1639000 | AE14: 1312000 | AF14: 1281000 | AG14: 901000 | AH14: 887000 | AI14: 890000 | AJ14: 473000 | AK14: 781000 | AL14: 704000 | AM14: 697000 | AN14: 664000 | AO14: 618000 | AP14: 579000 | AQ14: 553000 | AR14: 518700
C15: Adjustments for Non-Cash Items | D15: =IF(COUNT(L15:AR15)>0,MEDIAN(L15:AR15),"") | E15: =IF(COUNT(L15:AR15)>0,AVERAGE(L15:AR15),"") | F15: =IF(COUNT(L15:AR15)>0,MIN(L15:AR15),"") | G15: =IF(COUNT(L15:AR15)>0,MAX(L15:AR15),"") | H15: =IF(COUNT(L15:AR15)>0,QUARTILE(L15:AR15,1),"") | I15: =IF(COUNT(L15:AR15)>0,QUARTILE(L15:AR15,3),"") | J15: =IF(COUNT(L15:AR15)>1,STDEV(L15:AR15),"") | K15: =IF(COUNT(L15:AR15)>1,STDEV(L15:AR15)/AVERAGE(L15:AR15),"")
C16: Depreciation, Amortization and Depletion, Non-Cash Adjustment | D16: =IF(COUNT(L16:AR16)>0,MEDIAN(L16:AR16),"") | E16: =IF(COUNT(L16:AR16)>0,AVERAGE(L16:AR16),"") | F16: =IF(COUNT(L16:AR16)>0,MIN(L16:AR16),"") | G16: =IF(COUNT(L16:AR16)>0,MAX(L16:AR16),"") | H16: =IF(COUNT(L16:AR16)>0,QUARTILE(L16:AR16,1),"") | I16: =IF(COUNT(L16:AR16)>0,QUARTILE(L16:AR16,3),"") | J16: =IF(COUNT(L16:AR16)>1,STDEV(L16:AR16),"") | K16: =IF(COUNT(L16:AR16)>1,STDEV(L16:AR16)/AVERAGE(L16:AR16),"")
C17: Depreciation and Amortization, Non-Cash Adjustment | D17: =IF(COUNT(L17:AR17)>0,MEDIAN(L17:AR17),"") | E17: =IF(COUNT(L17:AR17)>0,AVERAGE(L17:AR17),"") | F17: =IF(COUNT(L17:AR17)>0,MIN(L17:AR17),"") | G17: =IF(COUNT(L17:AR17)>0,MAX(L17:AR17),"") | H17: =IF(COUNT(L17:AR17)>0,QUARTILE(L17:AR17,1),"") | I17: =IF(COUNT(L17:AR17)>0,QUARTILE(L17:AR17,3),"") | J17: =IF(COUNT(L17:AR17)>1,STDEV(L17:AR17),"") | K17: =IF(COUNT(L17:AR17)>1,STDEV(L17:AR17)/AVERAGE(L17:AR17),"")
C18: Depreciation, Non-Cash Adjustment | D18: =IF(COUNT(L18:AR18)>0,MEDIAN(L18:AR18),"") -> 3315500 | E18: =IF(COUNT(L18:AR18)>0,AVERAGE(L18:AR18),"") -> 3601611.1 | F18: =IF(COUNT(L18:AR18)>0,MIN(L18:AR18),"") -> 1643000 | G18: =IF(COUNT(L18:AR18)>0,MAX(L18:AR18),"") -> 6941000 | H18: =IF(COUNT(L18:AR18)>0,QUARTILE(L18:AR18,1),"") -> 2185000 | I18: =IF(COUNT(L18:AR18)>0,QUARTILE(L18:AR18,3),"") -> 4437250 | J18: =IF(COUNT(L18:AR18)>1,STDEV(L18:AR18),"") -> 1601190.5 | K18: =IF(COUNT(L18:AR18)>1,STDEV(L18:AR18)/AVERAGE(L18:AR18),"") -> 0.44457618 | M18: 6941000 | N18: 5761000 | O18: 6151000 | P18: 4790000 | Q18: 4214000 | R18: 4315000 | S18: 4478000 | T18: 4147000 | U18: 2638000 | V18: 3428000 | W18: 3203000 | X18: 2896000 | Y18: 2521000 | Z18: 1777000 | AA18: 1849000 | AB18: 2073000 | AC18: 2004000 | AD18: 1643000
C19: Total Depreciation and Amortization, Non-Cash Adjustment | D19: =IF(COUNT(L19:AR19)>0,MEDIAN(L19:AR19),"") -> 3315500 | E19: =IF(COUNT(L19:AR19)>0,AVERAGE(L19:AR19),"") -> 3601611.1 | F19: =IF(COUNT(L19:AR19)>0,MIN(L19:AR19),"") -> 1643000 | G19: =IF(COUNT(L19:AR19)>0,MAX(L19:AR19),"") -> 6941000 | H19: =IF(COUNT(L19:AR19)>0,QUARTILE(L19:AR19,1),"") -> 2185000 | I19: =IF(COUNT(L19:AR19)>0,QUARTILE(L19:AR19,3),"") -> 4437250 | J19: =IF(COUNT(L19:AR19)>1,STDEV(L19:AR19),"") -> 1601190.5 | K19: =IF(COUNT(L19:AR19)>1,STDEV(L19:AR19)/AVERAGE(L19:AR19),"") -> 0.44457618 | M19: 6941000 | N19: 5761000 | O19: 6151000 | P19: 4790000 | Q19: 4214000 | R19: 4315000 | S19: 4478000 | T19: 4147000 | U19: 2638000 | V19: 3428000 | W19: 3203000 | X19: 2896000 | Y19: 2521000 | Z19: 1777000 | AA19: 1849000 | AB19: 2073000 | AC19: 2004000 | AD19: 1643000
C20: Total Depreciation, Amortization and Depletion, Non-Cash Adjustment | D20: =IF(COUNT(L20:AR20)>0,MEDIAN(L20:AR20),"") -> 2297000 | E20: =IF(COUNT(L20:AR20)>0,AVERAGE(L20:AR20),"") -> 2865846.2 | F20: =IF(COUNT(L20:AR20)>0,MIN(L20:AR20),"") -> 908000 | G20: =IF(COUNT(L20:AR20)>0,MAX(L20:AR20),"") -> 6941000 | H20: =IF(COUNT(L20:AR20)>0,QUARTILE(L20:AR20,1),"") -> 1483250 | I20: =IF(COUNT(L20:AR20)>0,QUARTILE(L20:AR20,3),"") -> 4197250 | J20: =IF(COUNT(L20:AR20)>1,STDEV(L20:AR20),"") -> 1739386.3 | K20: =IF(COUNT(L20:AR20)>1,STDEV(L20:AR20)/AVERAGE(L20:AR20),"") -> 0.6069364 | M20: 6941000 | N20: 5761000 | O20: 6151000 | P20: 4790000 | Q20: 4214000 | R20: 4315000 | S20: 4478000 | T20: 4147000 | U20: 2638000 | V20: 3428000 | W20: 3203000 | X20: 2896000 | Y20: 2521000 | Z20: 1777000 | AA20: 1849000 | AB20: 2073000 | AC20: 2004000 | AD20: 1643000 | AE20: 1479000 | AF20: 1421000 | AG20: 1496000 | AH20: 1246000 | AI20: 1118000 | AJ20: 908000 | AK20: 983000 | AL20: 1032000
C21: Taxes, Non-Cash Adjustment | D21: =IF(COUNT(L21:AR21)>0,MEDIAN(L21:AR21),"") -> 415000 | E21: =IF(COUNT(L21:AR21)>0,AVERAGE(L21:AR21),"") -> 414412.5 | F21: =IF(COUNT(L21:AR21)>0,MIN(L21:AR21),"") -> -882000 | G21: =IF(COUNT(L21:AR21)>0,MAX(L21:AR21),"") -> 1463000 | H21: =IF(COUNT(L21:AR21)>0,QUARTILE(L21:AR21,1),"") -> 62100 | I21: =IF(COUNT(L21:AR21)>0,QUARTILE(L21:AR21,3),"") -> 611500 | J21: =IF(COUNT(L21:AR21)>1,STDEV(L21:AR21),"") -> 510182.48 | K21: =IF(COUNT(L21:AR21)>1,STDEV(L21:AR21)/AVERAGE(L21:AR21),"") -> 1.2310982 | M21: 453000 | N21: 1308000 | O21: 708000 | P21: 534000 | Q21: 436000 | R21: -78000 | S21: 258000 | T21: 1463000 | U21: -882000 | V21: 1226000 | W21: 1162000 | X21: 1205000 | Y21: 853000 | Z21: 682000 | AA21: 553000 | AB21: 511000 | AC21: 273000 | AD21: 569000 | AE21: 402000 | AF21: 393000 | AG21: 343000 | AH21: 428000 | AI21: 588000 | AJ21: 219000 | AK21: -91000 | AL21: 283000 | AM21: -198000 | AN21: -237000 | AO21: -30000 | AP21: -76000 | AQ21: -89600 | AR21: 92800
C22: Allowance for Funds Used During Construction, Non-Cash Adjustment | D22: =IF(COUNT(L22:AR22)>0,MEDIAN(L22:AR22),"") -> -38000 | E22: =IF(COUNT(L22:AR22)>0,AVERAGE(L22:AR22),"") -> -38000 | F22: =IF(COUNT(L22:AR22)>0,MIN(L22:AR22),"") -> -39000 | G22: =IF(COUNT(L22:AR22)>0,MAX(L22:AR22),"") -> -37000 | H22: =IF(COUNT(L22:AR22)>0,QUARTILE(L22:AR22,1),"") -> -38500 | I22: =IF(COUNT(L22:AR22)>0,QUARTILE(L22:AR22,3),"") -> -37500 | J22: =IF(COUNT(L22:AR22)>1,STDEV(L22:AR22),"") -> 1414.2136 | K22: =IF(COUNT(L22:AR22)>1,STDEV(L22:AR22)/AVERAGE(L22:AR22),"") -> -0.037216146 | AA22: -39000 | AB22: -37000
C23: Net Investment (Income)/Loss, Non-Cash Adjustment | D23: =IF(COUNT(L23:AR23)>0,MEDIAN(L23:AR23),"") | E23: =IF(COUNT(L23:AR23)>0,AVERAGE(L23:AR23),"") | F23: =IF(COUNT(L23:AR23)>0,MIN(L23:AR23),"") | G23: =IF(COUNT(L23:AR23)>0,MAX(L23:AR23),"") | H23: =IF(COUNT(L23:AR23)>0,QUARTILE(L23:AR23,1),"") | I23: =IF(COUNT(L23:AR23)>0,QUARTILE(L23:AR23,3),"") | J23: =IF(COUNT(L23:AR23)>1,STDEV(L23:AR23),"") | K23: =IF(COUNT(L23:AR23)>1,STDEV(L23:AR23)/AVERAGE(L23:AR23),"")
C24: Unrealized (Gain)/Loss on Financial Instruments, Non-Cash Adjustment | D24: =IF(COUNT(L24:AR24)>0,MEDIAN(L24:AR24),"") -> -107000 | E24: =IF(COUNT(L24:AR24)>0,AVERAGE(L24:AR24),"") -> -65285.714 | F24: =IF(COUNT(L24:AR24)>0,MIN(L24:AR24),"") -> -337000 | G24: =IF(COUNT(L24:AR24)>0,MAX(L24:AR24),"") -> 461000 | H24: =IF(COUNT(L24:AR24)>0,QUARTILE(L24:AR24,1),"") -> -213000 | I24: =IF(COUNT(L24:AR24)>0,QUARTILE(L24:AR24,3),"") -> -24000 | J24: =IF(COUNT(L24:AR24)>1,STDEV(L24:AR24),"") -> 264324.12 | K24: =IF(COUNT(L24:AR24)>1,STDEV(L24:AR24)/AVERAGE(L24:AR24),"") -> -4.0487282 | M24: -107000 | N24: -107000 | O24: -159000 | P24: 461000 | Q24: -267000 | AC24: 59000 | AD24: -337000
C25: (Gain)/Loss on Derivatives, Non-Cash Adjustment | D25: =IF(COUNT(L25:AR25)>0,MEDIAN(L25:AR25),"") -> -64500 | E25: =IF(COUNT(L25:AR25)>0,AVERAGE(L25:AR25),"") -> 32000 | F25: =IF(COUNT(L25:AR25)>0,MIN(L25:AR25),"") -> -1949000 | G25: =IF(COUNT(L25:AR25)>0,MAX(L25:AR25),"") -> 2005000 | H25: =IF(COUNT(L25:AR25)>0,QUARTILE(L25:AR25,1),"") -> -349250 | I25: =IF(COUNT(L25:AR25)>0,QUARTILE(L25:AR25,3),"") -> 258250 | J25: =IF(COUNT(L25:AR25)>1,STDEV(L25:AR25),"") -> 855793.74 | K25: =IF(COUNT(L25:AR25)>1,STDEV(L25:AR25)/AVERAGE(L25:AR25),"") -> 26.743555 | M25: 199000 | N25: -492000 | O25: -1949000 | P25: 1378000 | Q25: 2005000 | R25: 533000 | S25: -108000 | T25: 54000 | U25: 436000 | V25: -44000 | W25: -337000 | X25: -411000 | Y25: -10000 | Z25: -85000 | AA25: -271000 | AB25: -386000
C26: Share of (Profit)/Loss from Associates, Joint Ventures and other Equity Investments, Non-Cash Adjustment | D26: =IF(COUNT(L26:AR26)>0,MEDIAN(L26:AR26),"") -> -55000 | E26: =IF(COUNT(L26:AR26)>0,AVERAGE(L26:AR26),"") -> 52133.333 | F26: =IF(COUNT(L26:AR26)>0,MIN(L26:AR26),"") -> -666000 | G26: =IF(COUNT(L26:AR26)>0,MAX(L26:AR26),"") -> 1351000 | H26: =IF(COUNT(L26:AR26)>0,QUARTILE(L26:AR26,1),"") -> -144500 | I26: =IF(COUNT(L26:AR26)>0,QUARTILE(L26:AR26,3),"") -> 107500 | J26: =IF(COUNT(L26:AR26)>1,STDEV(L26:AR26),"") -> 460234.24 | K26: =IF(COUNT(L26:AR26)>1,STDEV(L26:AR26)/AVERAGE(L26:AR26),"") -> 8.8280224 | M26: 184000 | N26: 246000 | O26: 648000 | P26: -203000 | Q26: -666000 | R26: 1351000 | S26: -66000 | T26: -358000 | U26: -141000 | V26: -148000 | Z26: 0 | AA26: -55000 | AB26: -58000 | AC26: 17000 | AD26: 31000
C27: Net Foreign Exchange (Gain)/Loss, Non-Cash Adjustment | D27: =IF(COUNT(L27:AR27)>0,MEDIAN(L27:AR27),"") -> 6500 | E27: =IF(COUNT(L27:AR27)>0,AVERAGE(L27:AR27),"") -> -1250 | F27: =IF(COUNT(L27:AR27)>0,MIN(L27:AR27),"") -> -104000 | G27: =IF(COUNT(L27:AR27)>0,MAX(L27:AR27),"") -> 110000 | H27: =IF(COUNT(L27:AR27)>0,QUARTILE(L27:AR27,1),"") -> -40000 | I27: =IF(COUNT(L27:AR27)>0,QUARTILE(L27:AR27,3),"") -> 24000 | J27: =IF(COUNT(L27:AR27)>1,STDEV(L27:AR27),"") -> 67948.008 | K27: =IF(COUNT(L27:AR27)>1,STDEV(L27:AR27)/AVERAGE(L27:AR27),"") -> -54.358407 | M27: 110000 | N27: -85000 | O27: 92000 | P27: -104000 | Q27: -94000 | R27: 45000 | S27: 17000 | T27: 16000 | U27: -25000 | V27: 13000 | W27: 0 | X27: 0
C28: Total Net Investment (Income)/Loss, Non-Cash Adjustment | D28: =IF(COUNT(L28:AR28)>0,MEDIAN(L28:AR28),"") -> -168000 | E28: =IF(COUNT(L28:AR28)>0,AVERAGE(L28:AR28),"") -> 45666.667 | F28: =IF(COUNT(L28:AR28)>0,MIN(L28:AR28),"") -> -1368000 | G28: =IF(COUNT(L28:AR28)>0,MAX(L28:AR28),"") -> 1929000 | H28: =IF(COUNT(L28:AR28)>0,QUARTILE(L28:AR28,1),"") -> -334250 | I28: =IF(COUNT(L28:AR28)>0,QUARTILE(L28:AR28,3),"") -> 221500 | J28: =IF(COUNT(L28:AR28)>1,STDEV(L28:AR28),"") -> 770959.98 | K28: =IF(COUNT(L28:AR28)>1,STDEV(L28:AR28)/AVERAGE(L28:AR28),"") -> 16.882335 | M28: 386000 | N28: -438000 | O28: -1368000 | P28: 1532000 | Q28: 978000 | R28: 1929000 | S28: -157000 | T28: -288000 | U28: 270000 | V28: -179000 | W28: -337000 | X28: -411000 | Y28: -10000 | Z28: -85000 | AA28: -326000 | AB28: -444000 | AC28: 76000 | AD28: -306000
C29: Irregular (Income)/Loss, Non-Cash Adjustment | D29: =IF(COUNT(L29:AR29)>0,MEDIAN(L29:AR29),"") | E29: =IF(COUNT(L29:AR29)>0,AVERAGE(L29:AR29),"") | F29: =IF(COUNT(L29:AR29)>0,MIN(L29:AR29),"") | G29: =IF(COUNT(L29:AR29)>0,MAX(L29:AR29),"") | H29: =IF(COUNT(L29:AR29)>0,QUARTILE(L29:AR29,1),"") | I29: =IF(COUNT(L29:AR29)>0,QUARTILE(L29:AR29,3),"") | J29: =IF(COUNT(L29:AR29)>1,STDEV(L29:AR29),"") | K29: =IF(COUNT(L29:AR29)>1,STDEV(L29:AR29)/AVERAGE(L29:AR29),"")
C30: (Gain)/Loss on Disposals, Non-Cash Adjustment | D30: =IF(COUNT(L30:AR30)>0,MEDIAN(L30:AR30),"") | E30: =IF(COUNT(L30:AR30)>0,AVERAGE(L30:AR30),"") | F30: =IF(COUNT(L30:AR30)>0,MIN(L30:AR30),"") | G30: =IF(COUNT(L30:AR30)>0,MAX(L30:AR30),"") | H30: =IF(COUNT(L30:AR30)>0,QUARTILE(L30:AR30,1),"") | I30: =IF(COUNT(L30:AR30)>0,QUARTILE(L30:AR30,3),"") | J30: =IF(COUNT(L30:AR30)>1,STDEV(L30:AR30),"") | K30: =IF(COUNT(L30:AR30)>1,STDEV(L30:AR30)/AVERAGE(L30:AR30),"")
C31: (Gain)/Loss on Disposal/Sale of Fixed Assets, Non-Cash Adjustment | D31: =IF(COUNT(L31:AR31)>0,MEDIAN(L31:AR31),"") -> 75500 | E31: =IF(COUNT(L31:AR31)>0,AVERAGE(L31:AR31),"") -> 75500 | F31: =IF(COUNT(L31:AR31)>0,MIN(L31:AR31),"") -> 0 | G31: =IF(COUNT(L31:AR31)>0,MAX(L31:AR31),"") -> 151000 | H31: =IF(COUNT(L31:AR31)>0,QUARTILE(L31:AR31,1),"") -> 37750 | I31: =IF(COUNT(L31:AR31)>0,QUARTILE(L31:AR31,3),"") -> 113250 | J31: =IF(COUNT(L31:AR31)>1,STDEV(L31:AR31),"") -> 106773.12 | K31: =IF(COUNT(L31:AR31)>1,STDEV(L31:AR31)/AVERAGE(L31:AR31),"") -> 1.4142136 | AA31: 151000 | AB31: 0
C32: (Gain)/Loss on Disposal/Sale of Business, Non-Cash Adjustment | D32: =IF(COUNT(L32:AR32)>0,MEDIAN(L32:AR32),"") -> -487000 | E32: =IF(COUNT(L32:AR32)>0,AVERAGE(L32:AR32),"") -> -819363.64 | F32: =IF(COUNT(L32:AR32)>0,MIN(L32:AR32),"") -> -4118000 | G32: =IF(COUNT(L32:AR32)>0,MAX(L32:AR32),"") -> -89000 | H32: =IF(COUNT(L32:AR32)>0,QUARTILE(L32:AR32,1),"") -> -566000 | I32: =IF(COUNT(L32:AR32)>0,QUARTILE(L32:AR32,3),"") -> -421000 | J32: =IF(COUNT(L32:AR32)>1,STDEV(L32:AR32),"") -> 1131870.8 | K32: =IF(COUNT(L32:AR32)>1,STDEV(L32:AR32)/AVERAGE(L32:AR32),"") -> -1.3814023 | M32: -439000 | N32: -515000 | O32: -530000 | P32: -602000 | Q32: -146000 | R32: -403000 | S32: -461000 | T32: -4118000 | U32: -1223000 | V32: -487000 | W32: -89000
C33: (Gain)/Loss on Disposal/Sale of Other Assets, Non-Cash Adjustment | D33: =IF(COUNT(L33:AR33)>0,MEDIAN(L33:AR33),"") -> -85000 | E33: =IF(COUNT(L33:AR33)>0,AVERAGE(L33:AR33),"") -> -95000 | F33: =IF(COUNT(L33:AR33)>0,MIN(L33:AR33),"") -> -133000 | G33: =IF(COUNT(L33:AR33)>0,MAX(L33:AR33),"") -> -67000 | H33: =IF(COUNT(L33:AR33)>0,QUARTILE(L33:AR33,1),"") -> -109000 | I33: =IF(COUNT(L33:AR33)>0,QUARTILE(L33:AR33,3),"") -> -76000 | J33: =IF(COUNT(L33:AR33)>1,STDEV(L33:AR33),"") -> 34117.444 | K33: =IF(COUNT(L33:AR33)>1,STDEV(L33:AR33)/AVERAGE(L33:AR33),"") -> -0.35913099 | X33: -133000 | AA33: -85000 | AB33: -67000
C34: Total (Gain)/Loss on Disposals, Non-Cash Adjustment | D34: =IF(COUNT(L34:AR34)>0,MEDIAN(L34:AR34),"") -> -450000 | E34: =IF(COUNT(L34:AR34)>0,AVERAGE(L34:AR34),"") -> -653357.14 | F34: =IF(COUNT(L34:AR34)>0,MIN(L34:AR34),"") -> -4118000 | G34: =IF(COUNT(L34:AR34)>0,MAX(L34:AR34),"") -> 66000 | H34: =IF(COUNT(L34:AR34)>0,QUARTILE(L34:AR34,1),"") -> -526250 | I34: =IF(COUNT(L34:AR34)>0,QUARTILE(L34:AR34,3),"") -> -136250 | J34: =IF(COUNT(L34:AR34)>1,STDEV(L34:AR34),"") -> 1046845.6 | K34: =IF(COUNT(L34:AR34)>1,STDEV(L34:AR34)/AVERAGE(L34:AR34),"") -> -1.6022564 | M34: -439000 | N34: -515000 | O34: -530000 | P34: -602000 | Q34: -146000 | R34: -403000 | S34: -461000 | T34: -4118000 | U34: -1223000 | V34: -487000 | W34: -89000 | X34: -133000 | AA34: 66000 | AB34: -67000
C35: Impairment/Write Off/Write Down of Other Assets, Non-Cash Adjustment | D35: =IF(COUNT(L35:AR35)>0,MEDIAN(L35:AR35),"") -> 19000 | E35: =IF(COUNT(L35:AR35)>0,AVERAGE(L35:AR35),"") -> 117857.14 | F35: =IF(COUNT(L35:AR35)>0,MIN(L35:AR35),"") -> 0 | G35: =IF(COUNT(L35:AR35)>0,MAX(L35:AR35),"") -> 446000 | H35: =IF(COUNT(L35:AR35)>0,QUARTILE(L35:AR35,1),"") -> 4500 | I35: =IF(COUNT(L35:AR35)>0,QUARTILE(L35:AR35,3),"") -> 175500 | J35: =IF(COUNT(L35:AR35)>1,STDEV(L35:AR35),"") -> 180138.31 | K35: =IF(COUNT(L35:AR35)>1,STDEV(L35:AR35)/AVERAGE(L35:AR35),"") -> 1.5284462 | U35: 446000 | V35: 7000 | W35: 2000 | Y35: 300000 | Z35: 0 | AA35: 51000 | AB35: 19000
C36: Reorganization and M&A, Non-Cash Adjustment | D36: =IF(COUNT(L36:AR36)>0,MEDIAN(L36:AR36),"") -> -121500 | E36: =IF(COUNT(L36:AR36)>0,AVERAGE(L36:AR36),"") -> -121500 | F36: =IF(COUNT(L36:AR36)>0,MIN(L36:AR36),"") -> -243000 | G36: =IF(COUNT(L36:AR36)>0,MAX(L36:AR36),"") -> 0 | H36: =IF(COUNT(L36:AR36)>0,QUARTILE(L36:AR36,1),"") -> -182250 | I36: =IF(COUNT(L36:AR36)>0,QUARTILE(L36:AR36,3),"") -> -60750 | J36: =IF(COUNT(L36:AR36)>1,STDEV(L36:AR36),"") -> 171826.95 | K36: =IF(COUNT(L36:AR36)>1,STDEV(L36:AR36)/AVERAGE(L36:AR36),"") -> -1.4142136 | U36: -243000 | V36: 0
C37: Total Irregular (Income)/Loss, Non-Cash Adjustment | D37: =IF(COUNT(L37:AR37)>0,MEDIAN(L37:AR37),"") -> -421000 | E37: =IF(COUNT(L37:AR37)>0,AVERAGE(L37:AR37),"") -> -535312.5 | F37: =IF(COUNT(L37:AR37)>0,MIN(L37:AR37),"") -> -4118000 | G37: =IF(COUNT(L37:AR37)>0,MAX(L37:AR37),"") -> 300000 | H37: =IF(COUNT(L37:AR37)>0,QUARTILE(L37:AR37,1),"") -> -518750 | I37: =IF(COUNT(L37:AR37)>0,QUARTILE(L37:AR37,3),"") -> -77250 | J37: =IF(COUNT(L37:AR37)>1,STDEV(L37:AR37),"") -> 1009043.1 | K37: =IF(COUNT(L37:AR37)>1,STDEV(L37:AR37)/AVERAGE(L37:AR37),"") -> -1.8849608 | M37: -439000 | N37: -515000 | O37: -530000 | P37: -602000 | Q37: -146000 | R37: -403000 | S37: -461000 | T37: -4118000 | U37: -1020000 | V37: -480000 | W37: -87000 | X37: -133000 | Y37: 300000 | Z37: 0 | AA37: 117000 | AB37: -48000
C38: Other Operating (Gain)/Loss, Non-Cash Adjustment | D38: =IF(COUNT(L38:AR38)>0,MEDIAN(L38:AR38),"") -> 66500 | E38: =IF(COUNT(L38:AR38)>0,AVERAGE(L38:AR38),"") -> 72369.231 | F38: =IF(COUNT(L38:AR38)>0,MIN(L38:AR38),"") -> -920000 | G38: =IF(COUNT(L38:AR38)>0,MAX(L38:AR38),"") -> 797000 | H38: =IF(COUNT(L38:AR38)>0,QUARTILE(L38:AR38,1),"") -> -111000 | I38: =IF(COUNT(L38:AR38)>0,QUARTILE(L38:AR38,3),"") -> 188000 | J38: =IF(COUNT(L38:AR38)>1,STDEV(L38:AR38),"") -> 469796.67 | K38: =IF(COUNT(L38:AR38)>1,STDEV(L38:AR38)/AVERAGE(L38:AR38),"") -> 6.4916632 | AC38: 622000 | AD38: -111000 | AE38: 188000 | AF38: 797000 | AG38: -920000 | AH38: -461000 | AI38: -202000 | AJ38: 707000 | AK38: 151000 | AO38: -52000 | AP38: 129000 | AQ38: 66500 | AR38: 26300
C39: Other Non-Cash Items | D39: =IF(COUNT(L39:AR39)>0,MEDIAN(L39:AR39),"") -> -91500 | E39: =IF(COUNT(L39:AR39)>0,AVERAGE(L39:AR39),"") -> -200321.43 | F39: =IF(COUNT(L39:AR39)>0,MIN(L39:AR39),"") -> -2191000 | G39: =IF(COUNT(L39:AR39)>0,MAX(L39:AR39),"") -> 739000 | H39: =IF(COUNT(L39:AR39)>0,QUARTILE(L39:AR39,1),"") -> -441000 | I39: =IF(COUNT(L39:AR39)>0,QUARTILE(L39:AR39,3),"") -> 26000 | J39: =IF(COUNT(L39:AR39)>1,STDEV(L39:AR39),"") -> 544517.6 | K39: =IF(COUNT(L39:AR39)>1,STDEV(L39:AR39)/AVERAGE(L39:AR39),"") -> -2.7182194 | M39: -261000 | N39: 475000 | O39: 739000 | P39: -2191000 | Q39: -796000 | R39: -1000 | S39: -166000 | T39: -110000 | U39: -377000 | V39: -470000 | W39: -512000 | X39: 12000 | Y39: -187000 | Z39: -103000 | AA39: 404000 | AB39: -575000 | AC39: -64000 | AD39: -12000 | AE39: 357000 | AF39: -432000 | AG39: -468000 | AH39: 56000 | AI39: 22000 | AJ39: -80000 | AK39: 118000 | AL39: -1043000 | AM39: 24000 | AN39: 32000
C40: Total Adjustments for Non-Cash Items | D40: =IF(COUNT(L40:AR40)>0,MEDIAN(L40:AR40),"") -> 1981000 | E40: =IF(COUNT(L40:AR40)>0,AVERAGE(L40:AR40),"") -> 2352687.5 | F40: =IF(COUNT(L40:AR40)>0,MIN(L40:AR40),"") -> -205000 | G40: =IF(COUNT(L40:AR40)>0,MAX(L40:AR40),"") -> 7080000 | H40: =IF(COUNT(L40:AR40)>0,QUARTILE(L40:AR40,1),"") -> 584500 | I40: =IF(COUNT(L40:AR40)>0,QUARTILE(L40:AR40,3),"") -> 3536000 | J40: =IF(COUNT(L40:AR40)>1,STDEV(L40:AR40),"") -> 2061453.8 | K40: =IF(COUNT(L40:AR40)>1,STDEV(L40:AR40)/AVERAGE(L40:AR40),"") -> 0.87621231 | M40: 7080000 | N40: 6591000 | O40: 5700000 | P40: 4063000 | Q40: 4686000 | R40: 5762000 | S40: 3952000 | T40: 1094000 | U40: 629000 | V40: 3525000 | W40: 3429000 | X40: 3569000 | Y40: 3477000 | Z40: 2271000 | AA40: 2558000 | AB40: 1480000 | AC40: 2911000 | AD40: 1783000 | AE40: 2426000 | AF40: 2179000 | AG40: 451000 | AH40: 1269000 | AI40: 1526000 | AJ40: 1754000 | AK40: 1161000 | AL40: 272000 | AM40: -174000 | AN40: -205000 | AO40: -82000 | AP40: 53000 | AQ40: -23100 | AR40: 119100
C41: Changes in Operating Capital | D41: =IF(COUNT(L41:AR41)>0,MEDIAN(L41:AR41),"") | E41: =IF(COUNT(L41:AR41)>0,AVERAGE(L41:AR41),"") | F41: =IF(COUNT(L41:AR41)>0,MIN(L41:AR41),"") | G41: =IF(COUNT(L41:AR41)>0,MAX(L41:AR41),"") | H41: =IF(COUNT(L41:AR41)>0,QUARTILE(L41:AR41,1),"") | I41: =IF(COUNT(L41:AR41)>0,QUARTILE(L41:AR41,3),"") | J41: =IF(COUNT(L41:AR41)>1,STDEV(L41:AR41),"") | K41: =IF(COUNT(L41:AR41)>1,STDEV(L41:AR41)/AVERAGE(L41:AR41),"")
C42: Change in Inventories | D42: =IF(COUNT(L42:AR42)>0,MEDIAN(L42:AR42),"") -> -6500 | E42: =IF(COUNT(L42:AR42)>0,AVERAGE(L42:AR42),"") -> -51478.571 | F42: =IF(COUNT(L42:AR42)>0,MIN(L42:AR42),"") -> -308000 | G42: =IF(COUNT(L42:AR42)>0,MAX(L42:AR42),"") -> 85000 | H42: =IF(COUNT(L42:AR42)>0,QUARTILE(L42:AR42,1),"") -> -99750 | I42: =IF(COUNT(L42:AR42)>0,QUARTILE(L42:AR42,3),"") -> 21575 | J42: =IF(COUNT(L42:AR42)>1,STDEV(L42:AR42),"") -> 111919.78 | K42: =IF(COUNT(L42:AR42)>1,STDEV(L42:AR42)/AVERAGE(L42:AR42),"") -> -2.1741042 | Y42: -81000 | Z42: 1000 | AA42: -308000 | AB42: 22000 | AC42: 85000 | AD42: -106000 | AE42: -14000 | AF42: -203000 | AG42: -173000 | AH42: 29000 | AI42: 1000 | AJ42: -56000 | AQ42: 62000 | AR42: 20300
C43: Change in Trade and Other Receivables | D43: =IF(COUNT(L43:AR43)>0,MEDIAN(L43:AR43),"") | E43: =IF(COUNT(L43:AR43)>0,AVERAGE(L43:AR43),"") | F43: =IF(COUNT(L43:AR43)>0,MIN(L43:AR43),"") | G43: =IF(COUNT(L43:AR43)>0,MAX(L43:AR43),"") | H43: =IF(COUNT(L43:AR43)>0,QUARTILE(L43:AR43,1),"") | I43: =IF(COUNT(L43:AR43)>0,QUARTILE(L43:AR43,3),"") | J43: =IF(COUNT(L43:AR43)>1,STDEV(L43:AR43),"") | K43: =IF(COUNT(L43:AR43)>1,STDEV(L43:AR43)/AVERAGE(L43:AR43),"")
C44: Change in Trade/Accounts Receivable | D44: =IF(COUNT(L44:AR44)>0,MEDIAN(L44:AR44),"") -> 33500 | E44: =IF(COUNT(L44:AR44)>0,AVERAGE(L44:AR44),"") -> 33500 | F44: =IF(COUNT(L44:AR44)>0,MIN(L44:AR44),"") -> 18000 | G44: =IF(COUNT(L44:AR44)>0,MAX(L44:AR44),"") -> 49000 | H44: =IF(COUNT(L44:AR44)>0,QUARTILE(L44:AR44,1),"") -> 25750 | I44: =IF(COUNT(L44:AR44)>0,QUARTILE(L44:AR44,3),"") -> 41250 | J44: =IF(COUNT(L44:AR44)>1,STDEV(L44:AR44),"") -> 21920.31 | K44: =IF(COUNT(L44:AR44)>1,STDEV(L44:AR44)/AVERAGE(L44:AR44),"") -> 0.65433762 | AC44: 18000 | AD44: 49000
C45: Change in Other Receivables | D45: =IF(COUNT(L45:AR45)>0,MEDIAN(L45:AR45),"") -> -19500 | E45: =IF(COUNT(L45:AR45)>0,AVERAGE(L45:AR45),"") -> -19500 | F45: =IF(COUNT(L45:AR45)>0,MIN(L45:AR45),"") -> -26000 | G45: =IF(COUNT(L45:AR45)>0,MAX(L45:AR45),"") -> -13000 | H45: =IF(COUNT(L45:AR45)>0,QUARTILE(L45:AR45,1),"") -> -22750 | I45: =IF(COUNT(L45:AR45)>0,QUARTILE(L45:AR45,3),"") -> -16250 | J45: =IF(COUNT(L45:AR45)>1,STDEV(L45:AR45),"") -> 9192.3882 | K45: =IF(COUNT(L45:AR45)>1,STDEV(L45:AR45)/AVERAGE(L45:AR45),"") -> -0.47140452 | AC45: -13000 | AD45: -26000
C46: Total Change in Trade and Other Receivables | D46: =IF(COUNT(L46:AR46)>0,MEDIAN(L46:AR46),"") -> -127500 | E46: =IF(COUNT(L46:AR46)>0,AVERAGE(L46:AR46),"") -> -118250 | F46: =IF(COUNT(L46:AR46)>0,MIN(L46:AR46),"") -> -301000 | G46: =IF(COUNT(L46:AR46)>0,MAX(L46:AR46),"") -> 149000 | H46: =IF(COUNT(L46:AR46)>0,QUARTILE(L46:AR46,1),"") -> -272500 | I46: =IF(COUNT(L46:AR46)>0,QUARTILE(L46:AR46,3),"") -> 9500 | J46: =IF(COUNT(L46:AR46)>1,STDEV(L46:AR46),"") -> 156951.14 | K46: =IF(COUNT(L46:AR46)>1,STDEV(L46:AR46)/AVERAGE(L46:AR46),"") -> -1.3272823 | Y46: -268000 | Z46: -286000 | AA46: 149000 | AB46: -102000 | AC46: 5000 | AD46: 23000 | AE46: -230000 | AF46: -153000 | AG46: -289000 | AH46: 39000 | AI46: -301000 | AJ46: -6000
C47: Change in Prepayments and Deposits | D47: =IF(COUNT(L47:AR47)>0,MEDIAN(L47:AR47),"") -> 86000 | E47: =IF(COUNT(L47:AR47)>0,AVERAGE(L47:AR47),"") -> 86000 | F47: =IF(COUNT(L47:AR47)>0,MIN(L47:AR47),"") -> 86000 | G47: =IF(COUNT(L47:AR47)>0,MAX(L47:AR47),"") -> 86000 | H47: =IF(COUNT(L47:AR47)>0,QUARTILE(L47:AR47,1),"") -> 86000 | I47: =IF(COUNT(L47:AR47)>0,QUARTILE(L47:AR47,3),"") -> 86000 | J47: =IF(COUNT(L47:AR47)>1,STDEV(L47:AR47),"") | K47: =IF(COUNT(L47:AR47)>1,STDEV(L47:AR47)/AVERAGE(L47:AR47),"") | AB47: 86000
C48: Change in Cash Restricted or Pledged | D48: =IF(COUNT(L48:AR48)>0,MEDIAN(L48:AR48),"") -> 92500 | E48: =IF(COUNT(L48:AR48)>0,AVERAGE(L48:AR48),"") -> 100500 | F48: =IF(COUNT(L48:AR48)>0,MIN(L48:AR48),"") -> 61000 | G48: =IF(COUNT(L48:AR48)>0,MAX(L48:AR48),"") -> 156000 | H48: =IF(COUNT(L48:AR48)>0,QUARTILE(L48:AR48,1),"") -> 76000 | I48: =IF(COUNT(L48:AR48)>0,QUARTILE(L48:AR48,3),"") -> 117000 | J48: =IF(COUNT(L48:AR48)>1,STDEV(L48:AR48),"") -> 40959.329 | K48: =IF(COUNT(L48:AR48)>1,STDEV(L48:AR48)/AVERAGE(L48:AR48),"") -> 0.40755552 | Y48: 156000 | Z48: 104000 | AA48: 81000 | AB48: 61000
C49: Change in Other Current Assets | D49: =IF(COUNT(L49:AR49)>0,MEDIAN(L49:AR49),"") -> -43000 | E49: =IF(COUNT(L49:AR49)>0,AVERAGE(L49:AR49),"") -> -338125 | F49: =IF(COUNT(L49:AR49)>0,MIN(L49:AR49),"") -> -1591000 | G49: =IF(COUNT(L49:AR49)>0,MAX(L49:AR49),"") -> 146000 | H49: =IF(COUNT(L49:AR49)>0,QUARTILE(L49:AR49,1),"") -> -444250 | I49: =IF(COUNT(L49:AR49)>0,QUARTILE(L49:AR49,3),"") -> -4750 | J49: =IF(COUNT(L49:AR49)>1,STDEV(L49:AR49),"") -> 511144.1 | K49: =IF(COUNT(L49:AR49)>1,STDEV(L49:AR49)/AVERAGE(L49:AR49),"") -> -1.5117016 | M49: -1360000 | N49: -855000 | O49: -350000 | P49: -1429000 | Q49: -1591000 | R49: -598000 | S49: 30000 | T49: -851000 | U49: -393000 | V49: -204000 | W49: -43000 | X49: -392000 | Y49: 16000 | Z49: -43000 | AA49: -125000 | AB49: -10000 | AC49: 9000 | AD49: -31000 | AE49: -14000 | AF49: 8000 | AG49: -9000 | AH49: 14000 | AI49: -40000 | AJ49: 146000
C50: Change in Payables and Accrued Expenses | D50: =IF(COUNT(L50:AR50)>0,MEDIAN(L50:AR50),"") | E50: =IF(COUNT(L50:AR50)>0,AVERAGE(L50:AR50),"") | F50: =IF(COUNT(L50:AR50)>0,MIN(L50:AR50),"") | G50: =IF(COUNT(L50:AR50)>0,MAX(L50:AR50),"") | H50: =IF(COUNT(L50:AR50)>0,QUARTILE(L50:AR50,1),"") | I50: =IF(COUNT(L50:AR50)>0,QUARTILE(L50:AR50,3),"") | J50: =IF(COUNT(L50:AR50)>1,STDEV(L50:AR50),"") | K50: =IF(COUNT(L50:AR50)>1,STDEV(L50:AR50)/AVERAGE(L50:AR50),"")
C51: Change in Trade and Other Payables | D51: =IF(COUNT(L51:AR51)>0,MEDIAN(L51:AR51),"") | E51: =IF(COUNT(L51:AR51)>0,AVERAGE(L51:AR51),"") | F51: =IF(COUNT(L51:AR51)>0,MIN(L51:AR51),"") | G51: =IF(COUNT(L51:AR51)>0,MAX(L51:AR51),"") | H51: =IF(COUNT(L51:AR51)>0,QUARTILE(L51:AR51,1),"") | I51: =IF(COUNT(L51:AR51)>0,QUARTILE(L51:AR51,3),"") | J51: =IF(COUNT(L51:AR51)>1,STDEV(L51:AR51),"") | K51: =IF(COUNT(L51:AR51)>1,STDEV(L51:AR51)/AVERAGE(L51:AR51),"")
C52: Change in Trade/Accounts Payable | D52: =IF(COUNT(L52:AR52)>0,MEDIAN(L52:AR52),"") -> -71000 | E52: =IF(COUNT(L52:AR52)>0,AVERAGE(L52:AR52),"") -> -24166.667 | F52: =IF(COUNT(L52:AR52)>0,MIN(L52:AR52),"") -> -184000 | G52: =IF(COUNT(L52:AR52)>0,MAX(L52:AR52),"") -> 179000 | H52: =IF(COUNT(L52:AR52)>0,QUARTILE(L52:AR52,1),"") -> -111500 | I52: =IF(COUNT(L52:AR52)>0,QUARTILE(L52:AR52,3),"") -> 77500 | J52: =IF(COUNT(L52:AR52)>1,STDEV(L52:AR52),"") -> 142974.71 | K52: =IF(COUNT(L52:AR52)>1,STDEV(L52:AR52)/AVERAGE(L52:AR52),"") -> -5.9161947 | Y52: 122000 | Z52: -56000 | AA52: -184000 | AB52: 179000 | AC52: -86000 | AD52: -120000
C53: Change in Interest Payables | D53: =IF(COUNT(L53:AR53)>0,MEDIAN(L53:AR53),"") -> 26000 | E53: =IF(COUNT(L53:AR53)>0,AVERAGE(L53:AR53),"") -> 26000 | F53: =IF(COUNT(L53:AR53)>0,MIN(L53:AR53),"") -> 22000 | G53: =IF(COUNT(L53:AR53)>0,MAX(L53:AR53),"") -> 30000 | H53: =IF(COUNT(L53:AR53)>0,QUARTILE(L53:AR53,1),"") -> 24000 | I53: =IF(COUNT(L53:AR53)>0,QUARTILE(L53:AR53,3),"") -> 28000 | J53: =IF(COUNT(L53:AR53)>1,STDEV(L53:AR53),"") -> 5656.8542 | K53: =IF(COUNT(L53:AR53)>1,STDEV(L53:AR53)/AVERAGE(L53:AR53),"") -> 0.21757132 | AC53: 22000 | AD53: 30000
C54: Change in Taxes Payable | D54: =IF(COUNT(L54:AR54)>0,MEDIAN(L54:AR54),"") -> 3000 | E54: =IF(COUNT(L54:AR54)>0,AVERAGE(L54:AR54),"") -> 13111.111 | F54: =IF(COUNT(L54:AR54)>0,MIN(L54:AR54),"") -> -26000 | G54: =IF(COUNT(L54:AR54)>0,MAX(L54:AR54),"") -> 106000 | H54: =IF(COUNT(L54:AR54)>0,QUARTILE(L54:AR54,1),"") -> -17000 | I54: =IF(COUNT(L54:AR54)>0,QUARTILE(L54:AR54,3),"") -> 12000 | J54: =IF(COUNT(L54:AR54)>1,STDEV(L54:AR54),"") -> 42738.871 | K54: =IF(COUNT(L54:AR54)>1,STDEV(L54:AR54)/AVERAGE(L54:AR54),"") -> 3.2597444 | AA54: 12000 | AB54: -3000 | AC54: 8000 | AD54: -17000 | AE54: -26000 | AF54: 3000 | AG54: -22000 | AH54: 106000 | AI54: 57000
C55: Change in Other Payables | D55: =IF(COUNT(L55:AR55)>0,MEDIAN(L55:AR55),"") -> 89000 | E55: =IF(COUNT(L55:AR55)>0,AVERAGE(L55:AR55),"") -> 82600 | F55: =IF(COUNT(L55:AR55)>0,MIN(L55:AR55),"") -> -205000 | G55: =IF(COUNT(L55:AR55)>0,MAX(L55:AR55),"") -> 368000 | H55: =IF(COUNT(L55:AR55)>0,QUARTILE(L55:AR55,1),"") -> 47000 | I55: =IF(COUNT(L55:AR55)>0,QUARTILE(L55:AR55,3),"") -> 114000 | J55: =IF(COUNT(L55:AR55)>1,STDEV(L55:AR55),"") -> 203998.28 | K55: =IF(COUNT(L55:AR55)>1,STDEV(L55:AR55)/AVERAGE(L55:AR55),"") -> 2.4697129 | AE55: 89000 | AF55: -205000 | AG55: 368000 | AH55: 114000 | AI55: 47000
C56: Total Change in Trade and Other Payables | D56: =IF(COUNT(L56:AR56)>0,MEDIAN(L56:AR56),"") -> 24000 | E56: =IF(COUNT(L56:AR56)>0,AVERAGE(L56:AR56),"") -> 35250 | F56: =IF(COUNT(L56:AR56)>0,MIN(L56:AR56),"") -> -202000 | G56: =IF(COUNT(L56:AR56)>0,MAX(L56:AR56),"") -> 346000 | H56: =IF(COUNT(L56:AR56)>0,QUARTILE(L56:AR56,1),"") -> -68750 | I56: =IF(COUNT(L56:AR56)>0,QUARTILE(L56:AR56,3),"") -> 135500 | J56: =IF(COUNT(L56:AR56)>1,STDEV(L56:AR56),"") -> 165744.67 | K56: =IF(COUNT(L56:AR56)>1,STDEV(L56:AR56)/AVERAGE(L56:AR56),"") -> 4.7019764 | Y56: 122000 | Z56: -56000 | AA56: -172000 | AB56: 176000 | AC56: -56000 | AD56: -107000 | AE56: 63000 | AF56: -202000 | AG56: 346000 | AH56: 220000 | AI56: 104000 | AJ56: -15000
C57: Total Change in Payables and Accrued Expenses | D57: =IF(COUNT(L57:AR57)>0,MEDIAN(L57:AR57),"") -> 24000 | E57: =IF(COUNT(L57:AR57)>0,AVERAGE(L57:AR57),"") -> 35250 | F57: =IF(COUNT(L57:AR57)>0,MIN(L57:AR57),"") -> -202000 | G57: =IF(COUNT(L57:AR57)>0,MAX(L57:AR57),"") -> 346000 | H57: =IF(COUNT(L57:AR57)>0,QUARTILE(L57:AR57,1),"") -> -68750 | I57: =IF(COUNT(L57:AR57)>0,QUARTILE(L57:AR57,3),"") -> 135500 | J57: =IF(COUNT(L57:AR57)>1,STDEV(L57:AR57),"") -> 165744.67 | K57: =IF(COUNT(L57:AR57)>1,STDEV(L57:AR57)/AVERAGE(L57:AR57),"") -> 4.7019764 | Y57: 122000 | Z57: -56000 | AA57: -172000 | AB57: 176000 | AC57: -56000 | AD57: -107000 | AE57: 63000 | AF57: -202000 | AG57: 346000 | AH57: 220000 | AI57: 104000 | AJ57: -15000
C58: Change in Deferred Assets/Liabilities | D58: =IF(COUNT(L58:AR58)>0,MEDIAN(L58:AR58),"") -> 21000 | E58: =IF(COUNT(L58:AR58)>0,AVERAGE(L58:AR58),"") -> 21000 | F58: =IF(COUNT(L58:AR58)>0,MIN(L58:AR58),"") -> 21000 | G58: =IF(COUNT(L58:AR58)>0,MAX(L58:AR58),"") -> 21000 | H58: =IF(COUNT(L58:AR58)>0,QUARTILE(L58:AR58,1),"") -> 21000 | I58: =IF(COUNT(L58:AR58)>0,QUARTILE(L58:AR58,3),"") -> 21000 | J58: =IF(COUNT(L58:AR58)>1,STDEV(L58:AR58),"") | K58: =IF(COUNT(L58:AR58)>1,STDEV(L58:AR58)/AVERAGE(L58:AR58),"") | AB58: 21000
C59: Change in Other Current Liabilities | D59: =IF(COUNT(L59:AR59)>0,MEDIAN(L59:AR59),"") -> 84500 | E59: =IF(COUNT(L59:AR59)>0,AVERAGE(L59:AR59),"") -> 228791.67 | F59: =IF(COUNT(L59:AR59)>0,MIN(L59:AR59),"") -> -1043000 | G59: =IF(COUNT(L59:AR59)>0,MAX(L59:AR59),"") -> 1841000 | H59: =IF(COUNT(L59:AR59)>0,QUARTILE(L59:AR59,1),"") -> -18500 | I59: =IF(COUNT(L59:AR59)>0,QUARTILE(L59:AR59,3),"") -> 329750 | J59: =IF(COUNT(L59:AR59)>1,STDEV(L59:AR59),"") -> 576629.33 | K59: =IF(COUNT(L59:AR59)>1,STDEV(L59:AR59)/AVERAGE(L59:AR59),"") -> 2.5203249 | M59: 987000 | N59: 1015000 | O59: -1043000 | P59: 1841000 | Q59: 1105000 | R59: -6000 | S59: 347000 | T59: 246000 | U59: 739000 | V59: -53000 | W59: -59000 | X59: -146000 | Y59: 59000 | Z59: 110000 | AA59: -189000 | AB59: 13000 | AC59: -7000 | AD59: 226000 | AE59: 142000 | AF59: -420000 | AG59: 324000 | AH59: 201000 | AI59: 17000 | AJ59: 42000
C60: Change in Other Operating Capital | D60: =IF(COUNT(L60:AR60)>0,MEDIAN(L60:AR60),"") -> -9000 | E60: =IF(COUNT(L60:AR60)>0,AVERAGE(L60:AR60),"") -> -35818.182 | F60: =IF(COUNT(L60:AR60)>0,MIN(L60:AR60),"") -> -218000 | G60: =IF(COUNT(L60:AR60)>0,MAX(L60:AR60),"") -> 62000 | H60: =IF(COUNT(L60:AR60)>0,QUARTILE(L60:AR60,1),"") -> -74000 | I60: =IF(COUNT(L60:AR60)>0,QUARTILE(L60:AR60,3),"") -> 32000 | J60: =IF(COUNT(L60:AR60)>1,STDEV(L60:AR60),"") -> 93533.757 | K60: =IF(COUNT(L60:AR60)>1,STDEV(L60:AR60)/AVERAGE(L60:AR60),"") -> -2.6113485 | Y60: -56000 | Z60: -20000 | AA60: 62000 | AB60: 56000 | AC60: -218000 | AD60: -178000 | AE60: -92000 | AF60: 8000 | AG60: -4000 | AH60: -9000 | AI60: 57000
C61: Total Changes in Operating Capital | D61: =IF(COUNT(L61:AR61)>0,MEDIAN(L61:AR61),"") -> -153500 | E61: =IF(COUNT(L61:AR61)>0,AVERAGE(L61:AR61),"") -> -162526.92 | F61: =IF(COUNT(L61:AR61)>0,MIN(L61:AR61),"") -> -1393000 | G61: =IF(COUNT(L61:AR61)>0,MAX(L61:AR61),"") -> 494000 | H61: =IF(COUNT(L61:AR61)>0,QUARTILE(L61:AR61,1),"") -> -457750 | I61: =IF(COUNT(L61:AR61)>0,QUARTILE(L61:AR61,3),"") -> 147750 | J61: =IF(COUNT(L61:AR61)>1,STDEV(L61:AR61),"") -> 443281.04 | K61: =IF(COUNT(L61:AR61)>1,STDEV(L61:AR61)/AVERAGE(L61:AR61),"") -> -2.7274315 | M61: -373000 | N61: 160000 | O61: -1393000 | P61: 412000 | Q61: -486000 | R61: -604000 | S61: 377000 | T61: -605000 | U61: 346000 | V61: -257000 | W61: -102000 | X61: -538000 | Y61: -52000 | Z61: -190000 | AA61: -502000 | AB61: 323000 | AC61: -182000 | AD61: -173000 | AE61: -145000 | AF61: -962000 | AG61: 195000 | AH61: 494000 | AI61: -162000 | AJ61: 111000 | AQ61: 62000 | AR61: 20300
C62: Total Cash Generated from Operating Activities | D62: =IF(COUNT(L62:AR62)>0,MEDIAN(L62:AR62),"") -> 3869500 | E62: =IF(COUNT(L62:AR62)>0,AVERAGE(L62:AR62),"") -> 4409750 | F62: =IF(COUNT(L62:AR62)>0,MIN(L62:AR62),"") -> 459000 | G62: =IF(COUNT(L62:AR62)>0,MAX(L62:AR62),"") -> 12449000 | H62: =IF(COUNT(L62:AR62)>0,QUARTILE(L62:AR62,1),"") -> 1843250 | I62: =IF(COUNT(L62:AR62)>0,QUARTILE(L62:AR62,3),"") -> 6274750 | J62: =IF(COUNT(L62:AR62)>1,STDEV(L62:AR62),"") -> 3348775.9 | K62: =IF(COUNT(L62:AR62)>1,STDEV(L62:AR62)/AVERAGE(L62:AR62),"") -> 0.75940267 | M62: 12039000 | N62: 12449000 | O62: 10589000 | P62: 7721000 | Q62: 7027000 | R62: 7527000 | S62: 7717000 | T62: 6265000 | U62: 6298000 | V62: 6267000 | W62: 6089000 | X62: 5500000 | Y62: 5102000 | Z62: 3992000 | AA62: 3979000 | AB62: 3760000 | AC62: 4344000 | AD62: 3249000 | AE62: 3593000 | AF62: 2498000 | AG62: 1547000 | AH62: 2650000 | AI62: 2254000 | AJ62: 2338000 | AK62: 1942000 | AL62: 976000 | AM62: 523000 | AN62: 459000 | AO62: 536000 | AP62: 632000 | AQ62: 591900 | AR62: 658100
C63: Dividend Received, CFO Indirect | D63: =IF(COUNT(L63:AR63)>0,MEDIAN(L63:AR63),"") -> 442000 | E63: =IF(COUNT(L63:AR63)>0,AVERAGE(L63:AR63),"") -> 390750 | F63: =IF(COUNT(L63:AR63)>0,MIN(L63:AR63),"") -> 74000 | G63: =IF(COUNT(L63:AR63)>0,MAX(L63:AR63),"") -> 811000 | H63: =IF(COUNT(L63:AR63)>0,QUARTILE(L63:AR63,1),"") -> 145500 | I63: =IF(COUNT(L63:AR63)>0,QUARTILE(L63:AR63,3),"") -> 529750 | J63: =IF(COUNT(L63:AR63)>1,STDEV(L63:AR63),"") -> 244685.37 | K63: =IF(COUNT(L63:AR63)>1,STDEV(L63:AR63)/AVERAGE(L63:AR63),"") -> 0.62619417 | M63: 446000 | N63: 811000 | O63: 712000 | P63: 541000 | Q63: 526000 | R63: 456000 | S63: 438000 | T63: 328000 | U63: 160000 | V63: 102000 | AA63: 95000 | AB63: 74000
C64: Other Operating Cash Flow | D64: =IF(COUNT(L64:AR64)>0,MEDIAN(L64:AR64),"") -> 939100 | E64: =IF(COUNT(L64:AR64)>0,AVERAGE(L64:AR64),"") -> 782512.5 | F64: =IF(COUNT(L64:AR64)>0,MIN(L64:AR64),"") -> 119000 | G64: =IF(COUNT(L64:AR64)>0,MAX(L64:AR64),"") -> 1284000 | H64: =IF(COUNT(L64:AR64)>0,QUARTILE(L64:AR64,1),"") -> 581425 | I64: =IF(COUNT(L64:AR64)>0,QUARTILE(L64:AR64,3),"") -> 1045250 | J64: =IF(COUNT(L64:AR64)>1,STDEV(L64:AR64),"") -> 428280.61 | K64: =IF(COUNT(L64:AR64)>1,STDEV(L64:AR64)/AVERAGE(L64:AR64),"") -> 0.54731472 | AC64: 119000 | AD64: 154000 | AM64: 1040000 | AN64: 1284000 | AO64: 1061000 | AP64: 960000 | AQ64: 918200 | AR64: 723900
C65: Total Net Cash Flow from Continuing Operating Activities, Indirect | D65: =IF(COUNT(L65:AR65)>0,MEDIAN(L65:AR65),"") -> 3913000 | E65: =IF(COUNT(L65:AR65)>0,AVERAGE(L65:AR65),"") -> 4751909.4 | F65: =IF(COUNT(L65:AR65)>0,MIN(L65:AR65),"") -> 976000 | G65: =IF(COUNT(L65:AR65)>0,MAX(L65:AR65),"") -> 13260000 | H65: =IF(COUNT(L65:AR65)>0,QUARTILE(L65:AR65,1),"") -> 1892250 | I65: =IF(COUNT(L65:AR65)>0,QUARTILE(L65:AR65,3),"") -> 6491750 | J65: =IF(COUNT(L65:AR65)>1,STDEV(L65:AR65),"") -> 3354312 | K65: =IF(COUNT(L65:AR65)>1,STDEV(L65:AR65)/AVERAGE(L65:AR65),"") -> 0.7058872 | M65: 12485000 | N65: 13260000 | O65: 11301000 | P65: 8262000 | Q65: 7553000 | R65: 7983000 | S65: 8155000 | T65: 6593000 | U65: 6458000 | V65: 6369000 | W65: 6089000 | X65: 5500000 | Y65: 5102000 | Z65: 3992000 | AA65: 4074000 | AB65: 3834000 | AC65: 4463000 | AD65: 3403000 | AE65: 3593000 | AF65: 2498000 | AG65: 1547000 | AH65: 2650000 | AI65: 2254000 | AJ65: 2338000 | AK65: 1942000 | AL65: 976000 | AM65: 1563000 | AN65: 1743000 | AO65: 1597000 | AP65: 1592000 | AQ65: 1510100 | AR65: 1382000
C66: Total Cash Flow from Operating Activities, Indirect | D66: =IF(COUNT(L66:AR66)>0,MEDIAN(L66:AR66),"") -> 3913000 | E66: =IF(COUNT(L66:AR66)>0,AVERAGE(L66:AR66),"") -> 4751909.4 | F66: =IF(COUNT(L66:AR66)>0,MIN(L66:AR66),"") -> 976000 | G66: =IF(COUNT(L66:AR66)>0,MAX(L66:AR66),"") -> 13260000 | H66: =IF(COUNT(L66:AR66)>0,QUARTILE(L66:AR66,1),"") -> 1892250 | I66: =IF(COUNT(L66:AR66)>0,QUARTILE(L66:AR66,3),"") -> 6491750 | J66: =IF(COUNT(L66:AR66)>1,STDEV(L66:AR66),"") -> 3354312 | K66: =IF(COUNT(L66:AR66)>1,STDEV(L66:AR66)/AVERAGE(L66:AR66),"") -> 0.7058872 | M66: 12485000 | N66: 13260000 | O66: 11301000 | P66: 8262000 | Q66: 7553000 | R66: 7983000 | S66: 8155000 | T66: 6593000 | U66: 6458000 | V66: 6369000 | W66: 6089000 | X66: 5500000 | Y66: 5102000 | Z66: 3992000 | AA66: 4074000 | AB66: 3834000 | AC66: 4463000 | AD66: 3403000 | AE66: 3593000 | AF66: 2498000 | AG66: 1547000 | AH66: 2650000 | AI66: 2254000 | AJ66: 2338000 | AK66: 1942000 | AL66: 976000 | AM66: 1563000 | AN66: 1743000 | AO66: 1597000 | AP66: 1592000 | AQ66: 1510100 | AR66: 1382000
C67: Cash Flow from Investing Activities | D67: =IF(COUNT(L67:AR67)>0,MEDIAN(L67:AR67),"") | E67: =IF(COUNT(L67:AR67)>0,AVERAGE(L67:AR67),"") | F67: =IF(COUNT(L67:AR67)>0,MIN(L67:AR67),"") | G67: =IF(COUNT(L67:AR67)>0,MAX(L67:AR67),"") | H67: =IF(COUNT(L67:AR67)>0,QUARTILE(L67:AR67,1),"") | I67: =IF(COUNT(L67:AR67)>0,QUARTILE(L67:AR67,3),"") | J67: =IF(COUNT(L67:AR67)>1,STDEV(L67:AR67),"") | K67: =IF(COUNT(L67:AR67)>1,STDEV(L67:AR67)/AVERAGE(L67:AR67),"")
C68: Cash Flow from Continuing Investing Activities | D68: =IF(COUNT(L68:AR68)>0,MEDIAN(L68:AR68),"") | E68: =IF(COUNT(L68:AR68)>0,AVERAGE(L68:AR68),"") | F68: =IF(COUNT(L68:AR68)>0,MIN(L68:AR68),"") | G68: =IF(COUNT(L68:AR68)>0,MAX(L68:AR68),"") | H68: =IF(COUNT(L68:AR68)>0,QUARTILE(L68:AR68,1),"") | I68: =IF(COUNT(L68:AR68)>0,QUARTILE(L68:AR68,3),"") | J68: =IF(COUNT(L68:AR68)>1,STDEV(L68:AR68),"") | K68: =IF(COUNT(L68:AR68)>1,STDEV(L68:AR68)/AVERAGE(L68:AR68),"")
C69: Capital Expenditure, Reported | D69: =IF(COUNT(L69:AR69)>0,MEDIAN(L69:AR69),"") -> -4886500 | E69: =IF(COUNT(L69:AR69)>0,AVERAGE(L69:AR69),"") -> -5637166.7 | F69: =IF(COUNT(L69:AR69)>0,MIN(L69:AR69),"") -> -10762000 | G69: =IF(COUNT(L69:AR69)>0,MAX(L69:AR69),"") -> -2274000 | H69: =IF(COUNT(L69:AR69)>0,QUARTILE(L69:AR69,1),"") -> -7975000 | I69: =IF(COUNT(L69:AR69)>0,QUARTILE(L69:AR69,3),"") -> -3228750 | J69: =IF(COUNT(L69:AR69)>1,STDEV(L69:AR69),"") -> 2817139.5 | K69: =IF(COUNT(L69:AR69)>1,STDEV(L69:AR69)/AVERAGE(L69:AR69),"") -> -0.49974387 | M69: -8721000 | N69: -8115000 | O69: -9363000 | P69: -9519000 | Q69: -7555000 | R69: -7514000 | S69: -10762000 | T69: -5692000 | U69: -5208000 | V69: -3957000 | W69: -3511000 | X69: -3142000 | Y69: -2833000 | Z69: -4565000 | AA69: -3489000 | AB69: -2673000 | AC69: -2576000 | AD69: -2274000
C70: Payment for Loan Granted and Repayments Received, Net | D70: =IF(COUNT(L70:AR70)>0,MEDIAN(L70:AR70),"") -> 114000 | E70: =IF(COUNT(L70:AR70)>0,AVERAGE(L70:AR70),"") -> -5750 | F70: =IF(COUNT(L70:AR70)>0,MIN(L70:AR70),"") -> -565000 | G70: =IF(COUNT(L70:AR70)>0,MAX(L70:AR70),"") -> 314000 | H70: =IF(COUNT(L70:AR70)>0,QUARTILE(L70:AR70,1),"") -> -141250 | I70: =IF(COUNT(L70:AR70)>0,QUARTILE(L70:AR70,3),"") -> 249500 | J70: =IF(COUNT(L70:AR70)>1,STDEV(L70:AR70),"") -> 395673.58 | K70: =IF(COUNT(L70:AR70)>1,STDEV(L70:AR70)/AVERAGE(L70:AR70),"") -> -68.812797 | Y70: 228000 | Z70: 314000 | AA70: -565000 | AB70: 0
